Workbook

Sheet Index
C9: Facts and figures Q4 2015
C10: Results and KPIs for the period ending 31 December 2015
C11: (in millions of euro unless indicated otherwise)
C13: Index of sheets
C14: - | E14: P&L & Cash flow
C15: - | E15: Revenues
C16: - | E16: Expenses
C17: - | E17: Profit & Margin
C18: - | E18: Cash flow statement, Capex, Balance sheet & Debt summary
C19: - | E19: FTE & Regulation
C20: - | E20: Growth analysis (Q4, FY, Q1, Q2, Q3)
C21: - | E21: KPN The Netherlands: Consumer Mobile KPIs
C22: - | E22: KPN The Netherlands: Consumer Residential KPIs
C23: - | E23: KPN The Netherlands: Business KPIs
C24: - | E24: KPN The Netherlands: NetCo KPIs
C25: - | E25: iBasis KPIs
... C27: - | E27: Bond overview
C29: For further information please contact
C30: KPN Investor Relations
C31: Phone | F31: +31 70 44 60986
C34: ir@kpn.com
C35: www.kpn.com/ir

Sheet P&L & Cash flow
C2: Consolidated figures | D2: 2015 | E2: Q4 '15 | F2: Q3 '15 | G2: Q2 '15 | H2: Q1 '15 | J2: 2014 | K2: Q4 '14 | L2: Q3 '14 | M2: Q2 '14 | N2: Q1 '14 | P2: y-on-y | S2: =P2 -> y-on-y
C3: Income statement from continuing operations1 | P3: Q4% | S3: FY%
C5: Revenues | D5: =H5+G5+F5+E5 -> 7008 | E5: 1745 | F5: 1764 | G5: 1741 | H5: 1758 | J5: =+N5+M5+L5+K5 -> 7409 | K5: 1933 | L5: 1811 | M5: 1835 | N5: 1830 | P5: =+IFERROR(IF(E5*K5<0,"n.m.",IF(E5/K5-1>100%,">100%",E5/K5-1)),"n.m.") -> -0.097258148 | S5: =+IFERROR(IF(D5*J5<0,"n.m.",IF(D5/J5-1>100%,">100%",D5/J5-1)),"n.m.") -> -0.054123363
C6: Adjusted revenues | D6: =H6+G6+F6+E6 -> 7018 | E6: 1745 | F6: =+'Growth analysis Q3'!G24 -> 1764 | G6: =+'Growth analysis Q2'!G24 -> 1751 | H6: =+'Growth analysis Q1'!G24 -> 1758 | J6: =+N6+M6+L6+K6 -> 7352 | K6: =+'Growth analysis Q4'!L24 -> 1898 | L6: =+'Growth analysis Q3'!L24 -> 1811 | M6: =+'Growth analysis Q2'!L24 -> 1820 | N6: =+'Growth analysis Q1'!L24 -> 1823 | P6: =+IFERROR(IF(E6*K6<0,"n.m.",IF(E6/K6-1>100%,">100%",E6/K6-1)),"n.m.") -> -0.08061117 | S6: =+IFERROR(IF(D6*J6<0,"n.m.",IF(D6/J6-1>100%,">100%",D6/J6-1)),"n.m.") -> -0.045429815
C8: Employee benefits2 | D8: =H8+G8+F8+E8 -> 1107 | E8: 254 | F8: 263 | G8: 285 | H8: 305 | J8: =+N8+M8+L8+K8 -> 731 | K8: 284 | L8: 294 | M8: -151 | N8: 304 | P8: =+IFERROR(IF(E8*K8<0,"n.m.",IF(E8/K8-1>100%,">100%",E8/K8-1)),"n.m.") -> -0.1056338 | S8: =+IFERROR(IF(D8*J8<0,"n.m.",IF(D8/J8-1>100%,">100%",D8/J8-1)),"n.m.") -> 0.51436389
C9: Cost of materials | D9: =H9+G9+F9+E9 -> 680 | E9: 195 | F9: 160 | G9: 162 | H9: 163 | J9: =+N9+M9+L9+K9 -> 683 | K9: 194 | L9: 160 | M9: 164 | N9: 165 | P9: =+IFERROR(IF(E9*K9<0,"n.m.",IF(E9/K9-1>100%,">100%",E9/K9-1)),"n.m.") -> 0.0051546392 | S9: =+IFERROR(IF(D9*J9<0,"n.m.",IF(D9/J9-1>100%,">100%",D9/J9-1)),"n.m.") -> -0.0043923865
C10: Work contracted out and other expenses | D10: =H10+G10+F10+E10 -> 2662 | E10: 669 | F10: 678 | G10: 660 | H10: 655 | J10: =+N10+M10+L10+K10 -> 2852 | K10: 713 | L10: 710 | M10: 703 | N10: 726 | P10: =+IFERROR(IF(E10*K10<0,"n.m.",IF(E10/K10-1>100%,">100%",E10/K10-1)),"n.m.") -> -0.06171108 | S10: =+IFERROR(IF(D10*J10<0,"n.m.",IF(D10/J10-1>100%,">100%",D10/J10-1)),"n.m.") -> -0.066619916
C11: Own work capitalized | D11: =H11+G11+F11+E11 -> -90 | E11: -24 | F11: -22 | G11: -21 | H11: -23 | J11: =+N11+M11+L11+K11 -> -81 | K11: -25 | L11: -17 | M11: -21 | N11: -18 | P11: =+IFERROR(IF(E11*K11<0,"n.m.",IF(E11/K11-1>100%,">100%",E11/K11-1)),"n.m.") -> -0.04 | S11: =+IFERROR(IF(D11*J11<0,"n.m.",IF(D11/J11-1>100%,">100%",D11/J11-1)),"n.m.") -> 0.11111111
C12: Other operating expenses | D12: =H12+G12+F12+E12 -> 325 | E12: 73 | F12: 83 | G12: 87 | H12: 82 | J12: =+N12+M12+L12+K12 -> 358 | K12: 111 | L12: 69 | M12: 110 | N12: 68 | P12: =+IFERROR(IF(E12*K12<0,"n.m.",IF(E12/K12-1>100%,">100%",E12/K12-1)),"n.m.") -> -0.34234234 | S12: =+IFERROR(IF(D12*J12<0,"n.m.",IF(D12/J12-1>100%,">100%",D12/J12-1)),"n.m.") -> -0.092178771
C13: Operating expenses (excl. D&A) | D13: =H13+G13+F13+E13 -> 4684 | E13: =+E8+E9+E10+E11+E12 -> 1167 | F13: =+F8+F9+F10+F11+F12 -> 1162 | G13: =+G8+G9+G10+G11+G12 -> 1173 | H13: =+H8+H9+H10+H11+H12 -> 1182 | J13: =+N13+M13+L13+K13 -> 4543 | K13: =+K8+K9+K10+K11+K12 -> 1277 | L13: =+L8+L9+L10+L11+L12 -> 1216 | M13: =+M8+M9+M10+M11+M12 -> 805 | N13: =+N8+N9+N10+N11+N12 -> 1245 | P13: =+IFERROR(IF(E13*K13<0,"n.m.",IF(E13/K13-1>100%,">100%",E13/K13-1)),"n.m.") -> -0.086139389 | S13: =+IFERROR(IF(D13*J13<0,"n.m.",IF(D13/J13-1>100%,">100%",D13/J13-1)),"n.m.") -> 0.03103676
C15: EBITDA | D15: =H15+G15+F15+E15 -> 2324 | E15: =+E5-E13 -> 578 | F15: =+F5-F13 -> 602 | G15: =+G5-G13 -> 568 | H15: =+H5-H13 -> 576 | J15: =+N15+M15+L15+K15 -> 2866 | K15: =+K5-K13 -> 656 | L15: =+L5-L13 -> 595 | M15: =+M5-M13 -> 1030 | N15: =+N5-N13 -> 585 | P15: =+IFERROR(IF(E15*K15<0,"n.m.",IF(E15/K15-1>100%,">100%",E15/K15-1)),"n.m.") -> -0.11890244 | S15: =+IFERROR(IF(D15*J15<0,"n.m.",IF(D15/J15-1>100%,">100%",D15/J15-1)),"n.m.") -> -0.18911375
C16: Adjusted EBITDA | D16: =H16+G16+F16+E16 -> 2419 | E16: 582 | F16: 640 | G16: 602 | H16: =+'Growth analysis Q1'!G49 -> 595 | J16: =+N16+M16+L16+K16 -> 2417 | K16: =+'Growth analysis Q4'!L49 -> 630 | L16: =+'Growth analysis Q3'!L49 -> 612 | M16: =+'Growth analysis Q2'!L49 -> 593 | N16: =+'Growth analysis Q1'!L49 -> 582 | P16: =+IFERROR(IF(E16*K16<0,"n.m.",IF(E16/K16-1>100%,">100%",E16/K16-1)),"n.m.") -> -0.076190476 | S16: =+IFERROR(IF(D16*J16<0,"n.m.",IF(D16/J16-1>100%,">100%",D16/J16-1)),"n.m.") -> 0.00082747207
C18: Depreciation | D18: =H18+G18+F18+E18 -> 1105 | E18: 282 | F18: 276 | G18: 274 | H18: 273 | J18: =+N18+M18+L18+K18 -> 1129 | K18: 285 | L18: 270 | M18: 292 | N18: 282 | P18: =+IFERROR(IF(E18*K18<0,"n.m.",IF(E18/K18-1>100%,">100%",E18/K18-1)),"n.m.") -> -0.010526316 | S18: =+IFERROR(IF(D18*J18<0,"n.m.",IF(D18/J18-1>100%,">100%",D18/J18-1)),"n.m.") -> -0.02125775
C19: Amortization | D19: =H19+G19+F19+E19 -> 511 | E19: 136 | F19: 122 | G19: 125 | H19: 128 | J19: =+N19+M19+L19+K19 -> 525 | K19: 136 | L19: 132 | M19: 130 | N19: 127 | P19: =+IFERROR(IF(E19*K19<0,"n.m.",IF(E19/K19-1>100%,">100%",E19/K19-1)),"n.m.") -> 0 | S19: =+IFERROR(IF(D19*J19<0,"n.m.",IF(D19/J19-1>100%,">100%",D19/J19-1)),"n.m.") -> -0.026666667
C20: Total operating expenses | D20: =H20+G20+F20+E20 -> 6300 | E20: =E8+E9+E10+E11+E12+E18+E19 -> 1585 | F20: =F8+F9+F10+F11+F12+F18+F19 -> 1560 | G20: =G8+G9+G10+G11+G12+G18+G19 -> 1572 | H20: =H8+H9+H10+H11+H12+H18+H19 -> 1583 | J20: =+N20+M20+L20+K20 -> 6197 | K20: =K8+K9+K10+K11+K12+K18+K19 -> 1698 | L20: =L8+L9+L10+L11+L12+L18+L19 -> 1618 | M20: =M8+M9+M10+M11+M12+M18+M19 -> 1227 | N20: =N8+N9+N10+N11+N12+N18+N19 -> 1654 | P20: =+IFERROR(IF(E20*K20<0,"n.m.",IF(E20/K20-1>100%,">100%",E20/K20-1)),"n.m.") -> -0.066548881 | S20: =+IFERROR(IF(D20*J20<0,"n.m.",IF(D20/J20-1>100%,">100%",D20/J20-1)),"n.m.") -> 0.016620946
C22: Operating profit | D22: =H22+G22+F22+E22 -> 708 | E22: =E5-E20 -> 160 | F22: =F5-F20 -> 204 | G22: =G5-G20 -> 169 | H22: =H5-H20 -> 175 | J22: =+N22+M22+L22+K22 -> 1212 | K22: =K5-K20 -> 235 | L22: =L5-L20 -> 193 | M22: =M5-M20 -> 608 | N22: =N5-N20 -> 176 | P22: =+IFERROR(IF(E22*K22<0,"n.m.",IF(E22/K22-1>100%,">100%",E22/K22-1)),"n.m.") -> -0.31914894 | S22: =+IFERROR(IF(D22*J22<0,"n.m.",IF(D22/J22-1>100%,">100%",D22/J22-1)),"n.m.") -> -0.41584158
C24: Finance costs - net | D24: =H24+G24+F24+E24 -> -105 | E24: 127 | F24: -108 | G24: 19 | H24: -143 | J24: =+N24+M24+L24+K24 -> -901 | K24: -328 | L24: -253 | M24: -162 | N24: -158 | P24: =+IFERROR(IF(E24*K24<0,"n.m.",IF(E24/K24-1>100%,">100%",E24/K24-1)),"n.m.") -> n.m. | S24: =+IFERROR(IF(D24*J24<0,"n.m.",IF(D24/J24-1>100%,">100%",D24/J24-1)),"n.m.") -> -0.88346282
C25: Share of the profit of associates and joint ventures | D25: =H25+G25+F25+E25 -> 2 | E25: 1 | F25: 1 | G25: 0 | H25: 0 | J25: =+N25+M25+L25+K25 -> -5 | K25: -1 | L25: -3 | M25: -1 | N25: 0 | P25: =+IFERROR(IF(E25*K25<0,"n.m.",IF(E25/K25-1>100%,">100%",E25/K25-1)),"n.m.") -> n.m. | S25: =+IFERROR(IF(D25*J25<0,"n.m.",IF(D25/J25-1>100%,">100%",D25/J25-1)),"n.m.") -> n.m.
C27: Profit before income tax | D27: =H27+G27+F27+E27 -> 605 | E27: =E22+E24+E25 -> 288 | F27: =F22+F24+F25 -> 97 | G27: =G22+G24+G25 -> 188 | H27: =H22+H24+H25 -> 32 | J27: =+N27+M27+L27+K27 -> 306 | K27: =K22+K24+K25 -> -94 | L27: =L22+L24+L25 -> -63 | M27: =M22+M24+M25 -> 445 | N27: =N22+N24+N25 -> 18 | P27: =+IFERROR(IF(E27*K27<0,"n.m.",IF(E27/K27-1>100%,">100%",E27/K27-1)),"n.m.") -> n.m. | S27: =+IFERROR(IF(D27*J27<0,"n.m.",IF(D27/J27-1>100%,">100%",D27/J27-1)),"n.m.") -> 0.97712418
C29: Income taxes | D29: =H29+G29+F29+E29 -> -81 | E29: -34 | F29: -10 | G29: -28 | H29: -9 | J29: =+N29+M29+L29+K29 -> -45 | K29: 78 | L29: -12 | M29: -93 | N29: -18 | P29: =+IFERROR(IF(E29*K29<0,"n.m.",IF(E29/K29-1>100%,">100%",E29/K29-1)),"n.m.") -> n.m. | S29: =+IFERROR(IF(D29*J29<0,"n.m.",IF(D29/J29-1>100%,">100%",D29/J29-1)),"n.m.") -> 0.8
C31: Profit for the period | D31: =H31+G31+F31+E31 -> 524 | E31: =E27+E29 -> 254 | F31: =F27+F29 -> 87 | G31: =G27+G29 -> 160 | H31: =H27+H29 -> 23 | J31: =+N31+M31+L31+K31 -> 261 | K31: =K27+K29 -> -16 | L31: =L27+L29 -> -75 | M31: =M27+M29 -> 352 | N31: =N27+N29 -> 0 | P31: =+IFERROR(IF(E31*K31<0,"n.m.",IF(E31/K31-1>100%,">100%",E31/K31-1)),"n.m.") -> n.m. | S31: =+IFERROR(IF(D31*J31<0,"n.m.",IF(D31/J31-1>100%,">100%",D31/J31-1)),"n.m.") -> >100%
C33: Profit for the period from discontinued operations3 | D33: =H33+G33+F33+E33 -> 135 | E33: 102 | F33: 25 | G33: 7 | H33: 1 | J33: =+N33+M33+L33+K33 -> -845 | K33: -126 | L33: -203 | M33: -532 | N33: 16 | P33: =+IFERROR(IF(E33*K33<0,"n.m.",IF(E33/K33-1>100%,">100%",E33/K33-1)),"n.m.") -> n.m. | S33: =+IFERROR(IF(D33*J33<0,"n.m.",IF(D33/J33-1>100%,">100%",D33/J33-1)),"n.m.") -> n.m.
C35: Profit for the period (incl. discontinued operations) | D35: =H35+G35+F35+E35 -> 659 | E35: 356 | F35: =F31+F33 -> 112 | G35: =G31+G33 -> 167 | H35: =H31+H33 -> 24 | J35: =+N35+M35+L35+K35 -> -584 | K35: =K31+K33 -> -142 | L35: =L31+L33 -> -278 | M35: =M31+M33 -> -180 | N35: =N31+N33 -> 16 | P35: =+IFERROR(IF(E35*K35<0,"n.m.",IF(E35/K35-1>100%,">100%",E35/K35-1)),"n.m.") -> n.m. | S35: =+IFERROR(IF(D35*J35<0,"n.m.",IF(D35/J35-1>100%,">100%",D35/J35-1)),"n.m.") -> n.m.
C37: Profit attributable to non-controlling interest (incl. disc. ops.) | D37: =H37+G37+F37+E37 -> 21 | E37: 6 | F37: 6 | G37: 5 | H37: 4 | J37: =+N37+M37+L37+K37 -> 14 | K37: 5 | L37: 3 | M37: 3 | N37: 3 | P37: =+IFERROR(IF(E37*K37<0,"n.m.",IF(E37/K37-1>100%,">100%",E37/K37-1)),"n.m.") -> 0.2 | S37: =+IFERROR(IF(D37*J37<0,"n.m.",IF(D37/J37-1>100%,">100%",D37/J37-1)),"n.m.") -> 0.5
C38: Profit attributable to equity holders (incl. discontinued operations) | D38: =H38+G38+F38+E38 -> 638 | E38: 350 | F38: 106 | G38: =+G35-G37 -> 162 | H38: =+H35-H37 -> 20 | J38: =+N38+M38+L38+K38 -> -598 | K38: =+K35-K37 -> -147 | L38: =+L35-L37 -> -281 | M38: =+M35-M37 -> -183 | N38: =+N35-N37 -> 13 | P38: =+IFERROR(IF(E38*K38<0,"n.m.",IF(E38/K38-1>100%,">100%",E38/K38-1)),"n.m.") -> n.m. | S38: =+IFERROR(IF(D38*J38<0,"n.m.",IF(D38/J38-1>100%,">100%",D38/J38-1)),"n.m.") -> n.m.
C40: Earnings per share (non-diluted)4
C41: From continuing operations (non-diluted) | D41: =H41+G41+F41+E41 -> 0.11 | E41: 0.06 | F41: 0.01 | G41: 0.04 | H41: 0 | J41: =+N41+M41+L41+K41 -> 0.05 | K41: 0 | L41: -0.03 | M41: 0.08 | N41: 0 | P41: =+IFERROR(IF(E41*K41<0,"n.m.",IF(E41/K41-1>100%,">100%",E41/K41-1)),"n.m.") -> n.m. | S41: =+IFERROR(IF(D41*J41<0,"n.m.",IF(D41/J41-1>100%,">100%",D41/J41-1)),"n.m.") -> >100%
C42: From continuing operations (fully-diluted) | D42: =H42+G42+F42+E42 -> 0.11 | E42: 0.06 | F42: 0.01 | G42: 0.04 | H42: 0 | J42: =+N42+M42+L42+K42 -> 0.05 | K42: 0 | L42: -0.03 | M42: 0.08 | N42: 0 | P42: =+IFERROR(IF(E42*K42<0,"n.m.",IF(E42/K42-1>100%,">100%",E42/K42-1)),"n.m.") -> n.m. | S42: =+IFERROR(IF(D42*J42<0,"n.m.",IF(D42/J42-1>100%,">100%",D42/J42-1)),"n.m.") -> >100%
C44: Including discontinued operations (non-diluted) | D44: =H44+G44+F44+E44 -> 0.14 | E44: 0.08 | F44: 0.02 | G44: 0.04 | H44: 0 | J44: =+N44+M44+L44+K44 -> -0.15 | K44: -0.04 | L44: -0.07 | M44: -0.04 | N44: 0 | P44: =+IFERROR(IF(E44*K44<0,"n.m.",IF(E44/K44-1>100%,">100%",E44/K44-1)),"n.m.") -> n.m. | S44: =+IFERROR(IF(D44*J44<0,"n.m.",IF(D44/J44-1>100%,">100%",D44/J44-1)),"n.m.") -> n.m.
C45: Including discontinued operations (fully-diluted) | D45: =H45+G45+F45+E45 -> 0.14 | E45: 0.08 | F45: 0.02 | G45: 0.04 | H45: 0 | J45: =+N45+M45+L45+K45 -> -0.15 | K45: -0.04 | L45: -0.07 | M45: -0.04 | N45: 0 | P45: =+IFERROR(IF(E45*K45<0,"n.m.",IF(E45/K45-1>100%,">100%",E45/K45-1)),"n.m.") -> n.m. | S45: =+IFERROR(IF(D45*J45<0,"n.m.",IF(D45/J45-1>100%,">100%",D45/J45-1)),"n.m.") -> n.m.
C47: Dividend per share | D47: =H47+G47+F47+E47 -> 0.11 | E47: 0.05 | F47: 0 | G47: 0.06 | H47: 0 | J47: =+N47+M47+L47+K47 -> 0.07 | K47: 0.05 | L47: 0.02 | M47: 0 | N47: 0 | P47: =+IFERROR(IF(E47*K47<0,"n.m.",IF(E47/K47-1>100%,">100%",E47/K47-1)),"n.m.") -> 0 | S47: =+IFERROR(IF(D47*J47<0,"n.m.",IF(D47/J47-1>100%,">100%",D47/J47-1)),"n.m.") -> 0.57142857
C48: Of which: interim dividend | D48: =H48+G48+F48+E48 -> 0.06 | E48: 0 | F48: 0 | G48: 0.06 | H48: 0 | J48: =+N48+M48+L48+K48 -> 0.02 | K48: 0 | L48: 0.02 | M48: 0 | N48: 0 | P48: =+IFERROR(IF(E48*K48<0,"n.m.",IF(E48/K48-1>100%,">100%",E48/K48-1)),"n.m.") -> n.m. | S48: =+IFERROR(IF(D48*J48<0,"n.m.",IF(D48/J48-1>100%,">100%",D48/J48-1)),"n.m.") -> >100%
B51: 1 Unless stated otherwise; BASE Company is reported as a discontinued operation, and continues to be included in KPN’s segment reporting until the sale is completed. Until completion of the sale of E-Plus on 1 October 2014, E-Plus is also included in discontinued operations pertaining to Group results; E-Plus is not included in KPN’s segment reporting
B52: 2 Including € 451m and € 26m release of provision related to the pension plan agreements in The Netherlands in Q2 2014 and Q4 2014 respectively
B53: 3 Including impairment of € 336m in Q3 2014 and € 744m in Q2 2014 related to the fair value of the stake in Telefónica Deutschland
B54: 4 Defined as profit after taxes per ordinary share / ADS on a non-diluted basis (in €)
C57: Consolidated figures | D57: 2015 | E57: =+E2 -> Q4 '15 | F57: =+F2 -> Q3 '15 | G57: =+G2 -> Q2 '15 | H57: =+H2 -> Q1 '15 | J57: =+J2 -> 2014 | K57: =+K2 -> Q4 '14 | L57: =+L2 -> Q3 '14 | M57: =+M2 -> Q2 '14 | N57: =+N2 -> Q1 '14 | P57: =+P2 -> y-on-y | S57: =+S2 -> y-on-y
C58: Cash flow & Leverage from continuing operations | P58: =+P3 -> Q4% | S58: =+S3 -> FY%
C60: EBITDA | D60: =+H60+G60+F60+E60 -> 2324 | E60: =+'Profit & Margin'!E22 -> 578 | F60: =+'Profit & Margin'!F22 -> 602 | G60: =+'Profit & Margin'!G22 -> 568 | H60: =+'Profit & Margin'!H22 -> 576 | J60: =+N60+M60+L60+K60 -> 2866 | K60: =+'Profit & Margin'!K22 -> 656 | L60: =+'Profit & Margin'!L22 -> 595 | M60: =+'Profit & Margin'!M22 -> 1030 | N60: =+'Profit & Margin'!N22 -> 585 | P60: =+IFERROR(IF(E60*K60<0,"n.m.",IF(E60/K60-1>100%,">100%",E60/K60-1)),"n.m.") -> -0.11890244 | S60: =+IFERROR(IF(D60*J60<0,"n.m.",IF(D60/J60-1>100%,">100%",D60/J60-1)),"n.m.") -> -0.18911375
C61: Interest received (paid) | D61: =+H61+G61+F61+E61 -> -485 | E61: -71 | F61: -113 | G61: -79 | H61: =+'CF, Capex, BS & Debt sum'!H26 -> -222 | J61: =+N61+M61+L61+K61 -> -704 | K61: =+'CF, Capex, BS & Debt sum'!K26 -> -119 | L61: =+'CF, Capex, BS & Debt sum'!L26 -> -130 | M61: =+'CF, Capex, BS & Debt sum'!M26 -> -123 | N61: =+'CF, Capex, BS & Debt sum'!N26 -> -332 | P61: =+IFERROR(IF(E61*K61<0,"n.m.",IF(E61/K61-1>100%,">100%",E61/K61-1)),"n.m.") -> -0.40336134 | S61: =+IFERROR(IF(D61*J61<0,"n.m.",IF(D61/J61-1>100%,">100%",D61/J61-1)),"n.m.") -> -0.31107955
C62: Taxes received (paid) | D62: =+H62+G62+F62+E62 -> 18 | E62: 31 | F62: -1 | G62: -2 | H62: =+'CF, Capex, BS & Debt sum'!H25 -> -10 | J62: =+N62+M62+L62+K62 -> 38 | K62: =+'CF, Capex, BS & Debt sum'!K25 -> 66 | L62: =+'CF, Capex, BS & Debt sum'!L25 -> -15 | M62: =+'CF, Capex, BS & Debt sum'!M25 -> -15 | N62: =+'CF, Capex, BS & Debt sum'!N25 -> 2 | P62: =+IFERROR(IF(E62*K62<0,"n.m.",IF(E62/K62-1>100%,">100%",E62/K62-1)),"n.m.") -> -0.53030303 | S62: =+IFERROR(IF(D62*J62<0,"n.m.",IF(D62/J62-1>100%,">100%",D62/J62-1)),"n.m.") -> -0.52631579
C63: Change in provisions1 | D63: =+H63+G63+F63+E63 -> -44 | E63: -43 | F63: 9 | G63: -9 | H63: =+'CF, Capex, BS & Debt sum'!H13 -> -1 | J63: =+N63+M63+L63+K63 -> -894 | K63: =+'CF, Capex, BS & Debt sum'!K13 -> -280 | L63: =+'CF, Capex, BS & Debt sum'!L13 -> -7 | M63: =+'CF, Capex, BS & Debt sum'!M13 -> -492 | N63: =+'CF, Capex, BS & Debt sum'!N13 -> -115 | P63: =+IFERROR(IF(E63*K63<0,"n.m.",IF(E63/K63-1>100%,">100%",E63/K63-1)),"n.m.") -> -0.84642857 | S63: =+IFERROR(IF(D63*J63<0,"n.m.",IF(D63/J63-1>100%,">100%",D63/J63-1)),"n.m.") -> -0.950783
C64: Change in working capital1 | D64: =+H64+G64+F64+E64 -> 30 | E64: 81 | F64: 18 | G64: -90 | H64: =+'CF, Capex, BS & Debt sum'!H22 -> 21 | J64: =+N64+M64+L64+K64 -> -224 | K64: =+'CF, Capex, BS & Debt sum'!K22 -> -94 | L64: =+'CF, Capex, BS & Debt sum'!L22 -> 39 | M64: =+'CF, Capex, BS & Debt sum'!M22 -> -51 | N64: =+'CF, Capex, BS & Debt sum'!N22 -> -118 | P64: =+IFERROR(IF(E64*K64<0,"n.m.",IF(E64/K64-1>100%,">100%",E64/K64-1)),"n.m.") -> n.m. | S64: =+IFERROR(IF(D64*J64<0,"n.m.",IF(D64/J64-1>100%,">100%",D64/J64-1)),"n.m.") -> n.m.
C65: Other movements (incl. Telefónica Deutschland dividend) | D65: =+H65+G65+F65+E65 -> 153 | E65: 1 | F65: 3 | G65: 149 | H65: 0 | J65: =+N65+M65+L65+K65 -> 5 | K65: 6 | L65: 2 | M65: -4 | N65: 1 | P65: =+IFERROR(IF(E65*K65<0,"n.m.",IF(E65/K65-1>100%,">100%",E65/K65-1)),"n.m.") -> -0.83333333 | S65: =+IFERROR(IF(D65*J65<0,"n.m.",IF(D65/J65-1>100%,">100%",D65/J65-1)),"n.m.") -> >100%
C66: Net cash flow from continuing operating activities | D66: =+H66+G66+F66+E66 -> 1996 | E66: =+E60+E61+E62+E63+E64+E65 -> 577 | F66: =+F60+F61+F62+F63+F64+F65 -> 518 | G66: =+G60+G61+G62+G63+G64+G65 -> 537 | H66: =+H60+H61+H62+H63+H64+H65 -> 364 | J66: =+N66+M66+L66+K66 -> 1087 | K66: =+K60+K61+K62+K63+K64+K65 -> 235 | L66: =+L60+L61+L62+L63+L64+L65 -> 484 | M66: =+M60+M61+M62+M63+M64+M65 -> 345 | N66: =+N60+N61+N62+N63+N64+N65 -> 23 | P66: =+IFERROR(IF(E66*K66<0,"n.m.",IF(E66/K66-1>100%,">100%",E66/K66-1)),"n.m.") -> >100% | S66: =+IFERROR(IF(D66*J66<0,"n.m.",IF(D66/J66-1>100%,">100%",D66/J66-1)),"n.m.") -> 0.83624655
C68: Capex | D68: =+H68+G68+F68+E68 -> -1300 | E68: -355 | F68: -305 | G68: -306 | H68: =+'CF, Capex, BS & Debt sum'!H69 -> -334 | J68: =+N68+M68+L68+K68 -> -1239 | K68: =+'CF, Capex, BS & Debt sum'!K69 -> -414 | L68: =+'CF, Capex, BS & Debt sum'!L69 -> -251 | M68: =+'CF, Capex, BS & Debt sum'!M69 -> -275 | N68: =+'CF, Capex, BS & Debt sum'!N69 -> -299 | P68: =+IFERROR(IF(E68*K68<0,"n.m.",IF(E68/K68-1>100%,">100%",E68/K68-1)),"n.m.") -> -0.14251208 | S68: =+IFERROR(IF(D68*J68<0,"n.m.",IF(D68/J68-1>100%,">100%",D68/J68-1)),"n.m.") -> 0.049233253
C69: Proceeds from real estate | D69: =+H69+G69+F69+E69 -> 2 | E69: 1 | F69: 0 | G69: 1 | H69: 0 | J69: =+N69+M69+L69+K69 -> 1 | K69: =+'CF, Capex, BS & Debt sum'!K70 -> 0 | L69: =+'CF, Capex, BS & Debt sum'!L70 -> 1 | M69: =+'CF, Capex, BS & Debt sum'!M70 -> 0 | N69: =+'CF, Capex, BS & Debt sum'!N70 -> 0 | P69: =+IFERROR(IF(E69*K69<0,"n.m.",IF(E69/K69-1>100%,">100%",E69/K69-1)),"n.m.") -> n.m. | S69: =+IFERROR(IF(D69*J69<0,"n.m.",IF(D69/J69-1>100%,">100%",D69/J69-1)),"n.m.") -> 1
C70: Free cash flow from continuing operations | D70: =+H70+G70+F70+E70 -> 698 | E70: =+E66+E68+E69 -> 223 | F70: =+F66+F68+F69 -> 213 | G70: =+G66+G68+G69 -> 232 | H70: =+H66+H68+H69 -> 30 | J70: =+N70+M70+L70+K70 -> -151 | K70: =+K66+K68+K69 -> -179 | L70: =+L66+L68+L69 -> 234 | M70: =+M66+M68+M69 -> 70 | N70: =+N66+N68+N69 -> -276 | P70: =+IFERROR(IF(E70*K70<0,"n.m.",IF(E70/K70-1>100%,">100%",E70/K70-1)),"n.m.") -> n.m. | S70: =+IFERROR(IF(D70*J70<0,"n.m.",IF(D70/J70-1>100%,">100%",D70/J70-1)),"n.m.") -> n.m.
C72: Paid coupon perpetual hybrid bonds | D72: =+H72+G72+F72+E72 -> -67 | E72: 0 | F72: -67 | G72: 0 | H72: 0 | J72: =+N72+M72+L72+K72 -> -67 | K72: 0 | L72: -67 | M72: 0 | N72: 0 | P72: =+IFERROR(IF(E72*K72<0,"n.m.",IF(E72/K72-1>100%,">100%",E72/K72-1)),"n.m.") -> n.m. | S72: =+IFERROR(IF(D72*J72<0,"n.m.",IF(D72/J72-1>100%,">100%",D72/J72-1)),"n.m.") -> 0
C74: Leverage (incl. discontinued operations)
C75: Net debt / EBITDA | D75: =E75 -> 2.5 | E75: 2.5 | F75: 2.8 | G75: 2.8 | H75: 2.8 | J75: =K75 -> 2.8 | K75: 2.8 | L75: 2.9 | M75: 2.8 | N75: 2.7
B78: 1 Excluding changes in deferred taxes

Sheet Revenues
C2: Consolidated figures | D2: 2015 | E2: Q4 '15 | F2: =+'P&L & Cash flow'!F2 -> Q3 '15 | G2: =+'P&L & Cash flow'!G2 -> Q2 '15 | H2: =+'P&L & Cash flow'!H2 -> Q1 '15 | J2: 2014 | K2: =+'P&L & Cash flow'!K2 -> Q4 '14 | L2: =+'P&L & Cash flow'!L2 -> Q3 '14 | M2: =+'P&L & Cash flow'!M2 -> Q2 '14 | N2: =+'P&L & Cash flow'!N2 -> Q1 '14 | P2: =+'P&L & Cash flow'!P2 -> y-on-y | S2: =+'P&L & Cash flow'!S2 -> y-on-y
C3: Revenues | P3: =+'P&L & Cash flow'!P3 -> Q4% | S3: =+'P&L & Cash flow'!S3 -> FY%
C5: Consumer Mobile | D5: =+H5+G5+F5+E5 -> 1461 | E5: 367 | F5: 376 | G5: 374 | H5: 344 | J5: =+N5+M5+L5+K5 -> 1407 | K5: 352 | L5: 354 | M5: 354 | N5: 347 | P5: =+IFERROR(IF(E5*K5<0,"n.m.",IF(E5/K5-1>100%,">100%",E5/K5-1)),"n.m.") -> 0.042613636 | S5: =+IFERROR(IF(D5*J5<0,"n.m.",IF(D5/J5-1>100%,">100%",D5/J5-1)),"n.m.") -> 0.038379531
C6: Consumer Residential | D6: =+H6+G6+F6+E6 -> 1938 | E6: 491 | F6: 486 | G6: 478 | H6: 483 | J6: =+N6+M6+L6+K6 -> 1916 | K6: 480 | L6: 477 | M6: 476 | N6: 483 | P6: =+IFERROR(IF(E6*K6<0,"n.m.",IF(E6/K6-1>100%,">100%",E6/K6-1)),"n.m.") -> 0.022916667 | S6: =+IFERROR(IF(D6*J6<0,"n.m.",IF(D6/J6-1>100%,">100%",D6/J6-1)),"n.m.") -> 0.011482255
C7: Business | D7: =+H7+G7+F7+E7 -> 2659 | E7: 672 | F7: 655 | G7: 652 | H7: 680 | J7: =+N7+M7+L7+K7 -> 2920 | K7: 752 | L7: 706 | M7: 732 | N7: 730 | P7: =+IFERROR(IF(E7*K7<0,"n.m.",IF(E7/K7-1>100%,">100%",E7/K7-1)),"n.m.") -> -0.10638298 | S7: =+IFERROR(IF(D7*J7<0,"n.m.",IF(D7/J7-1>100%,">100%",D7/J7-1)),"n.m.") -> -0.089383562
C8: NetCo | D8: =+H8+G8+F8+E8 -> 2186 | E8: 547 | F8: 548 | G8: 544 | H8: 547 | J8: =+N8+M8+L8+K8 -> 2262 | K8: 566 | L8: 557 | M8: 570 | N8: 569 | P8: =+IFERROR(IF(E8*K8<0,"n.m.",IF(E8/K8-1>100%,">100%",E8/K8-1)),"n.m.") -> -0.033568905 | S8: =+IFERROR(IF(D8*J8<0,"n.m.",IF(D8/J8-1>100%,">100%",D8/J8-1)),"n.m.") -> -0.033598585
C9: Other (incl. eliminations) | D9: =+H9+G9+F9+E9 -> -2068 | E9: -524 | F9: -514 | G9: -513 | H9: -517 | J9: =+N9+M9+L9+K9 -> -2050 | K9: -461 | L9: -529 | M9: -529 | N9: -531 | P9: =+IFERROR(IF(E9*K9<0,"n.m.",IF(E9/K9-1>100%,">100%",E9/K9-1)),"n.m.") -> 0.13665944 | S9: =+IFERROR(IF(D9*J9<0,"n.m.",IF(D9/J9-1>100%,">100%",D9/J9-1)),"n.m.") -> 0.0087804878
C10: The Netherlands | D10: =+H10+G10+F10+E10 -> 6176 | E10: =E5+E6+E7+E8+E9 -> 1553 | F10: =F5+F6+F7+F8+F9 -> 1551 | G10: =G5+G6+G7+G8+G9 -> 1535 | H10: =H5+H6+H7+H8+H9 -> 1537 | J10: =+N10+M10+L10+K10 -> 6455 | K10: =K5+K6+K7+K8+K9 -> 1689 | L10: =L5+L6+L7+L8+L9 -> 1565 | M10: =M5+M6+M7+M8+M9 -> 1603 | N10: =N5+N6+N7+N8+N9 -> 1598 | P10: =+IFERROR(IF(E10*K10<0,"n.m.",IF(E10/K10-1>100%,">100%",E10/K10-1)),"n.m.") -> -0.080521018 | S10: =+IFERROR(IF(D10*J10<0,"n.m.",IF(D10/J10-1>100%,">100%",D10/J10-1)),"n.m.") -> -0.043222308
C12: iBasis | D12: =+H12+G12+F12+E12 -> 920 | E12: 218 | F12: 241 | G12: 234 | H12: 227 | J12: =+N12+M12+L12+K12 -> 948 | K12: 248 | L12: 243 | M12: 231 | N12: 226 | P12: =+IFERROR(IF(E12*K12<0,"n.m.",IF(E12/K12-1>100%,">100%",E12/K12-1)),"n.m.") -> -0.12096774 | S12: =+IFERROR(IF(D12*J12<0,"n.m.",IF(D12/J12-1>100%,">100%",D12/J12-1)),"n.m.") -> -0.029535865
C14: Belgium (discontinued operations) | D14: =+H14+G14+F14+E14 -> 748 | E14: 240 | F14: 170 | G14: 169 | H14: 169 | J14: =+N14+M14+L14+K14 -> 711 | K14: 180 | L14: 176 | M14: 178 | N14: 177 | P14: =+IFERROR(IF(E14*K14<0,"n.m.",IF(E14/K14-1>100%,">100%",E14/K14-1)),"n.m.") -> 0.33333333 | S14: =+IFERROR(IF(D14*J14<0,"n.m.",IF(D14/J14-1>100%,">100%",D14/J14-1)),"n.m.") -> 0.052039381
C16: Other activities | D16: =+H16+G16+F16+E16 -> 37 | E16: 3 | F16: 4 | G16: 4 | H16: 26 | J16: =+N16+M16+L16+K16 -> 186 | K16: 34 | L16: 54 | M16: 48 | N16: 50 | P16: =+IFERROR(IF(E16*K16<0,"n.m.",IF(E16/K16-1>100%,">100%",E16/K16-1)),"n.m.") -> -0.91176471 | S16: =+IFERROR(IF(D16*J16<0,"n.m.",IF(D16/J16-1>100%,">100%",D16/J16-1)),"n.m.") -> -0.80107527
C18: Intercompany revenues | D18: =+H18+G18+F18+E18 -> -157 | E18: -36 | F18: -41 | G18: -40 | H18: -40 | J18: =+N18+M18+L18+K18 -> -217 | K18: -46 | L18: -60 | M18: -56 | N18: -55 | P18: =+IFERROR(IF(E18*K18<0,"n.m.",IF(E18/K18-1>100%,">100%",E18/K18-1)),"n.m.") -> -0.2173913 | S18: =+IFERROR(IF(D18*J18<0,"n.m.",IF(D18/J18-1>100%,">100%",D18/J18-1)),"n.m.") -> -0.2764977
C20: Total revenues (incl. discontinued operations) | D20: =+H20+G20+F20+E20 -> 7724 | E20: =+E10+E12+E16+E18+E14 -> 1978 | F20: =+F10+F12+F16+F18+F14 -> 1925 | G20: =+G10+G12+G16+G18+G14 -> 1902 | H20: =+H10+H12+H16+H18+H14 -> 1919 | J20: =+N20+M20+L20+K20 -> 8083 | K20: =+K10+K12+K16+K18+K14 -> 2105 | L20: =+L10+L12+L16+L18+L14 -> 1978 | M20: =+M10+M12+M16+M18+M14 -> 2004 | N20: =+N10+N12+N16+N18+N14 -> 1996 | P20: =+IFERROR(IF(E20*K20<0,"n.m.",IF(E20/K20-1>100%,">100%",E20/K20-1)),"n.m.") -> -0.060332542 | S20: =+IFERROR(IF(D20*J20<0,"n.m.",IF(D20/J20-1>100%,">100%",D20/J20-1)),"n.m.") -> -0.044414203
C22: Of which discontinued operations | D22: =+H22+G22+F22+E22 -> 716 | E22: 233 | F22: 161 | G22: 161 | H22: 161 | J22: =+N22+M22+L22+K22 -> 674 | K22: 172 | L22: 167 | M22: 169 | N22: 166 | P22: =+IFERROR(IF(E22*K22<0,"n.m.",IF(E22/K22-1>100%,">100%",E22/K22-1)),"n.m.") -> 0.35465116 | S22: =+IFERROR(IF(D22*J22<0,"n.m.",IF(D22/J22-1>100%,">100%",D22/J22-1)),"n.m.") -> 0.06231454
C24: Total revenues from continuing operations | D24: =+H24+G24+F24+E24 -> 7008 | E24: =+E20-E22 -> 1745 | F24: =+F20-F22 -> 1764 | G24: =+G20-G22 -> 1741 | H24: =+H20-H22 -> 1758 | J24: =+N24+M24+L24+K24 -> 7409 | K24: =+K20-K22 -> 1933 | L24: =+L20-L22 -> 1811 | M24: =+M20-M22 -> 1835 | N24: =+N20-N22 -> 1830 | P24: =+IFERROR(IF(E24*K24<0,"n.m.",IF(E24/K24-1>100%,">100%",E24/K24-1)),"n.m.") -> -0.097258148 | S24: =+IFERROR(IF(D24*J24<0,"n.m.",IF(D24/J24-1>100%,">100%",D24/J24-1)),"n.m.") -> -0.054123363
C29: Consolidated figures | D29: =+D2 -> 2015 | E29: Q4 '15 | F29: =+F2 -> Q3 '15 | G29: =+G2 -> Q2 '15 | H29: =+H2 -> Q1 '15 | J29: =+J2 -> 2014 | K29: =+K2 -> Q4 '14 | L29: =+L2 -> Q3 '14 | M29: =+M2 -> Q2 '14 | N29: =+N2 -> Q1 '14 | P29: =+P2 -> y-on-y | S29: =+S2 -> y-on-y
C30: Revenues - segment breakdown | P30: =+P3 -> Q4% | R30: =+R3 -> 0 | S30: =+S3 -> FY%
C32: Wireless services | D32: =+H32+G32+F32+E32 -> 1289 | E32: 324 | F32: 336 | G32: 328 | H32: 301 | J32: =+N32+M32+L32+K32 -> 1223 | K32: 309 | L32: 310 | M32: 303 | N32: 301 | P32: =+IFERROR(IF(E32*K32<0,"n.m.",IF(E32/K32-1>100%,">100%",E32/K32-1)),"n.m.") -> 0.048543689 | S32: =+IFERROR(IF(D32*J32<0,"n.m.",IF(D32/J32-1>100%,">100%",D32/J32-1)),"n.m.") -> 0.053965658
C33: Mobile wholesale | D33: =+H33+G33+F33+E33 -> 139 | E33: 34 | F33: 31 | G33: 37 | H33: 37 | J33: =+N33+M33+L33+K33 -> 153 | K33: 34 | L33: 37 | M33: 42 | N33: 40 | P33: =+IFERROR(IF(E33*K33<0,"n.m.",IF(E33/K33-1>100%,">100%",E33/K33-1)),"n.m.") -> 0 | S33: =+IFERROR(IF(D33*J33<0,"n.m.",IF(D33/J33-1>100%,">100%",D33/J33-1)),"n.m.") -> -0.091503268
C34: Other income | D34: =+H34+G34+F34+E34 -> 1 | E34: 1 | F34: 0 | G34: 0 | H34: 0 | J34: =+N34+M34+L34+K34 -> 2 | K34: 0 | L34: 0 | M34: 2 | N34: 0 | P34: =+IFERROR(IF(E34*K34<0,"n.m.",IF(E34/K34-1>100%,">100%",E34/K34-1)),"n.m.") -> n.m. | S34: =+IFERROR(IF(D34*J34<0,"n.m.",IF(D34/J34-1>100%,">100%",D34/J34-1)),"n.m.") -> -0.5
C35: Other revenues (incl. intercompany) | D35: =+H35+G35+F35+E35 -> 32 | E35: 8 | F35: 9 | G35: 9 | H35: 6 | J35: =+N35+M35+L35+K35 -> 29 | K35: 9 | L35: 7 | M35: 7 | N35: 6 | P35: =+IFERROR(IF(E35*K35<0,"n.m.",IF(E35/K35-1>100%,">100%",E35/K35-1)),"n.m.") -> -0.11111111 | S35: =+IFERROR(IF(D35*J35<0,"n.m.",IF(D35/J35-1>100%,">100%",D35/J35-1)),"n.m.") -> 0.10344828
C36: Consumer Mobile | D36: =+H36+G36+F36+E36 -> 1461 | E36: =E32+E33+E35+E34 -> 367 | F36: =F32+F33+F35+F34 -> 376 | G36: =G32+G33+G35+G34 -> 374 | H36: =H32+H33+H35+H34 -> 344 | J36: =+N36+M36+L36+K36 -> 1407 | K36: =K32+K33+K35+K34 -> 352 | L36: =L32+L33+L35+L34 -> 354 | M36: =M32+M33+M35+M34 -> 354 | N36: =N32+N33+N35+N34 -> 347 | P36: =+IFERROR(IF(E36*K36<0,"n.m.",IF(E36/K36-1>100%,">100%",E36/K36-1)),"n.m.") -> 0.042613636 | S36: =+IFERROR(IF(D36*J36<0,"n.m.",IF(D36/J36-1>100%,">100%",D36/J36-1)),"n.m.") -> 0.038379531
J37: =+N37+M37+L37+K37 -> 0
C38: Traditional voice | D38: =+H38+G38+F38+E38 -> 208 | E38: 49 | F38: 51 | G38: 52 | H38: 56 | J38: =+N38+M38+L38+K38 -> 253 | K38: 60 | L38: 62 | M38: 63 | N38: 68 | P38: =+IFERROR(IF(E38*K38<0,"n.m.",IF(E38/K38-1>100%,">100%",E38/K38-1)),"n.m.") -> -0.18333333 | S38: =+IFERROR(IF(D38*J38<0,"n.m.",IF(D38/J38-1>100%,">100%",D38/J38-1)),"n.m.") -> -0.17786561
C39: Copper revenues (incl. broadband, IPTV, VOIP) | D39: =+H39+G39+F39+E39 -> 1097 | E39: 277 | F39: =218+56 -> 274 | G39: =218+55 -> 273 | H39: 273 | J39: =+N39+M39+L39+K39 -> 1070 | K39: 269 | L39: 269 | M39: 264 | N39: 268 | P39: =+IFERROR(IF(E39*K39<0,"n.m.",IF(E39/K39-1>100%,">100%",E39/K39-1)),"n.m.") -> 0.029739777 | S39: =+IFERROR(IF(D39*J39<0,"n.m.",IF(D39/J39-1>100%,">100%",D39/J39-1)),"n.m.") -> 0.025233645
C40: Of which: IPTV copper | D40: =+H40+G40+F40+E40 -> 224 | E40: 59 | F40: 56 | G40: 55 | H40: 54 | J40: =+N40+M40+L40+K40 -> 199 | K40: 52 | L40: 50 | M40: 49 | N40: 48 | P40: =+IFERROR(IF(E40*K40<0,"n.m.",IF(E40/K40-1>100%,">100%",E40/K40-1)),"n.m.") -> 0.13461538 | S40: =+IFERROR(IF(D40*J40<0,"n.m.",IF(D40/J40-1>100%,">100%",D40/J40-1)),"n.m.") -> 0.12562814
C41: FttH revenues (incl. broadband, IPTV, VOIP) | D41: =+H41+G41+F41+E41 -> 448 | E41: 120 | F41: 117 | G41: 107 | H41: 104 | J41: =+N41+M41+L41+K41 -> 360 | K41: 97 | L41: 90 | M41: 88 | N41: 85 | P41: =+IFERROR(IF(E41*K41<0,"n.m.",IF(E41/K41-1>100%,">100%",E41/K41-1)),"n.m.") -> 0.2371134 | S41: =+IFERROR(IF(D41*J41<0,"n.m.",IF(D41/J41-1>100%,">100%",D41/J41-1)),"n.m.") -> 0.24444444
C42: Other income | D42: =+H42+G42+F42+E42 -> 0 | E42: 0 | F42: 0 | G42: 0 | H42: 0 | J42: =+N42+M42+L42+K42 -> 0 | K42: 0 | L42: 0 | M42: 0 | N42: 0 | P42: =+IFERROR(IF(E42*K42<0,"n.m.",IF(E42/K42-1>100%,">100%",E42/K42-1)),"n.m.") -> n.m. | S42: =+IFERROR(IF(D42*J42<0,"n.m.",IF(D42/J42-1>100%,">100%",D42/J42-1)),"n.m.") -> n.m.
C43: Other revenues (incl. intercompany) | D43: =+H43+G43+F43+E43 -> 185 | E43: 45 | F43: 44 | G43: 46 | H43: 50 | J43: =+N43+M43+L43+K43 -> 233 | K43: 54 | L43: 56 | M43: 61 | N43: 62 | P43: =+IFERROR(IF(E43*K43<0,"n.m.",IF(E43/K43-1>100%,">100%",E43/K43-1)),"n.m.") -> -0.16666667 | S43: =+IFERROR(IF(D43*J43<0,"n.m.",IF(D43/J43-1>100%,">100%",D43/J43-1)),"n.m.") -> -0.20600858
C44: Consumer Residential | D44: =+H44+G44+F44+E44 -> 1938 | E44: =E38+E39+E43+E41+E42 -> 491 | F44: =F38+F39+F43+F41+F42 -> 486 | G44: =G38+G39+G43+G41+G42 -> 478 | H44: =H38+H39+H43+H41+H42 -> 483 | J44: =+N44+M44+L44+K44 -> 1916 | K44: =K38+K39+K43+K41+K42 -> 480 | L44: =L38+L39+L43+L41+L42 -> 477 | M44: =M38+M39+M43+M41+M42 -> 476 | N44: =N38+N39+N43+N41+N42 -> 483 | P44: =+IFERROR(IF(E44*K44<0,"n.m.",IF(E44/K44-1>100%,">100%",E44/K44-1)),"n.m.") -> 0.022916667 | S44: =+IFERROR(IF(D44*J44<0,"n.m.",IF(D44/J44-1>100%,">100%",D44/J44-1)),"n.m.") -> 0.011482255
J45: =+N45+M45+L45+K45 -> 0
C46: Voice & Internet wireline | D46: =+H46+G46+F46+E46 -> 586 | E46: 146 | F46: 147 | G46: 136 | H46: 157 | J46: =+N46+M46+L46+K46 -> 689 | K46: 168 | L46: 171 | M46: 170 | N46: 180 | P46: =+IFERROR(IF(E46*K46<0,"n.m.",IF(E46/K46-1>100%,">100%",E46/K46-1)),"n.m.") -> -0.13095238 | S46: =+IFERROR(IF(D46*J46<0,"n.m.",IF(D46/J46-1>100%,">100%",D46/J46-1)),"n.m.") -> -0.14949202
C47: Data network services | D47: =+H47+G47+F47+E47 -> 292 | E47: 69 | F47: 71 | G47: 78 | H47: 74 | J47: =+N47+M47+L47+K47 -> 336 | K47: 78 | L47: 84 | M47: 86 | N47: 88 | P47: =+IFERROR(IF(E47*K47<0,"n.m.",IF(E47/K47-1>100%,">100%",E47/K47-1)),"n.m.") -> -0.11538462 | S47: =+IFERROR(IF(D47*J47<0,"n.m.",IF(D47/J47-1>100%,">100%",D47/J47-1)),"n.m.") -> -0.13095238
C48: Wireless services | D48: =+H48+G48+F48+E48 -> 710 | E48: 175 | F48: 180 | G48: 177 | H48: 178 | J48: =+N48+M48+L48+K48 -> 748 | K48: 186 | L48: 183 | M48: 189 | N48: 190 | P48: =+IFERROR(IF(E48*K48<0,"n.m.",IF(E48/K48-1>100%,">100%",E48/K48-1)),"n.m.") -> -0.059139785 | S48: =+IFERROR(IF(D48*J48<0,"n.m.",IF(D48/J48-1>100%,">100%",D48/J48-1)),"n.m.") -> -0.050802139
C49: IT Solutions | D49: =+H49+G49+F49+E49 -> 488 | E49: 132 | F49: 120 | G49: 118 | H49: 118 | J49: =+N49+M49+L49+K49 -> 525 | K49: 140 | L49: 125 | M49: 134 | N49: 126 | P49: =+IFERROR(IF(E49*K49<0,"n.m.",IF(E49/K49-1>100%,">100%",E49/K49-1)),"n.m.") -> -0.057142857 | S49: =+IFERROR(IF(D49*J49<0,"n.m.",IF(D49/J49-1>100%,">100%",D49/J49-1)),"n.m.") -> -0.07047619
C50: Other income | D50: =+H50+G50+F50+E50 -> 0 | E50: 0 | F50: 0 | G50: 0 | H50: 0 | J50: =+N50+M50+L50+K50 -> 5 | K50: 0 | L50: 0 | M50: 5 | N50: 0 | P50: =+IFERROR(IF(E50*K50<0,"n.m.",IF(E50/K50-1>100%,">100%",E50/K50-1)),"n.m.") -> n.m. | S50: =+IFERROR(IF(D50*J50<0,"n.m.",IF(D50/J50-1>100%,">100%",D50/J50-1)),"n.m.") -> -1
C51: Other revenues (incl. intercompany) | D51: =+H51+G51+F51+E51 -> 583 | E51: 150 | F51: 137 | G51: 143 | H51: 153 | J51: =+N51+M51+L51+K51 -> 617 | K51: 180 | L51: 143 | M51: 148 | N51: 146 | P51: =+IFERROR(IF(E51*K51<0,"n.m.",IF(E51/K51-1>100%,">100%",E51/K51-1)),"n.m.") -> -0.16666667 | S51: =+IFERROR(IF(D51*J51<0,"n.m.",IF(D51/J51-1>100%,">100%",D51/J51-1)),"n.m.") -> -0.055105348
C52: Business | D52: =+H52+G52+F52+E52 -> 2659 | E52: =E46+E47+E48+E51+E49+E50 -> 672 | F52: =F46+F47+F48+F51+F49+F50 -> 655 | G52: =G46+G47+G48+G51+G49+G50 -> 652 | H52: =H46+H47+H48+H51+H49+H50 -> 680 | J52: =+N52+M52+L52+K52 -> 2920 | K52: =K46+K47+K48+K51+K49+K50 -> 752 | L52: =L46+L47+L48+L51+L49+L50 -> 706 | M52: =M46+M47+M48+M51+M49+M50 -> 732 | N52: =N46+N47+N48+N51+N49+N50 -> 730 | P52: =+IFERROR(IF(E52*K52<0,"n.m.",IF(E52/K52-1>100%,">100%",E52/K52-1)),"n.m.") -> -0.10638298 | S52: =+IFERROR(IF(D52*J52<0,"n.m.",IF(D52/J52-1>100%,">100%",D52/J52-1)),"n.m.") -> -0.089383562
C57: Consolidated figures | D57: =+D29 -> 2015 | E57: Q4 '15 | F57: =+F29 -> Q3 '15 | G57: =+G29 -> Q2 '15 | H57: =+H29 -> Q1 '15 | J57: =+J29 -> 2014 | K57: =+K29 -> Q4 '14 | L57: =+L29 -> Q3 '14 | M57: =+M29 -> Q2 '14 | N57: =+N29 -> Q1 '14 | P57: =+P29 -> y-on-y | S57: y-on-y
C58: Adjusted revenues | P58: =+P30 -> Q4% | S58: =+S30 -> FY%
C60: Consumer Mobile | D60: =+H60+G60+F60+E60 -> 1461 | E60: ='Growth analysis Q4'!G5 -> 367 | F60: =+'Growth analysis Q3'!G5 -> 376 | G60: =+'Growth analysis Q2'!G5 -> 374 | H60: =+'Growth analysis Q1'!G5 -> 344 | J60: =+N60+M60+L60+K60 -> 1407 | K60: =+'Growth analysis Q4'!L5 -> 352 | L60: =+'Growth analysis Q3'!L5 -> 354 | M60: =+'Growth analysis Q2'!L5 -> 354 | N60: =+'Growth analysis Q1'!L5 -> 347 | P60: =+IFERROR(IF(E60*K60<0,"n.m.",IF(E60/K60-1>100%,">100%",E60/K60-1)),"n.m.") -> 0.042613636 | S60: =+IFERROR(IF(D60*J60<0,"n.m.",IF(D60/J60-1>100%,">100%",D60/J60-1)),"n.m.") -> 0.038379531
C61: Consumer Residential | D61: =+H61+G61+F61+E61 -> 1938 | E61: ='Growth analysis Q4'!G6 -> 491 | F61: =+'Growth analysis Q3'!G6 -> 486 | G61: =+'Growth analysis Q2'!G6 -> 478 | H61: =+'Growth analysis Q1'!G6 -> 483 | J61: =+N61+M61+L61+K61 -> 1916 | K61: =+'Growth analysis Q4'!L6 -> 480 | L61: =+'Growth analysis Q3'!L6 -> 477 | M61: =+'Growth analysis Q2'!L6 -> 476 | N61: =+'Growth analysis Q1'!L6 -> 483 | P61: =+IFERROR(IF(E61*K61<0,"n.m.",IF(E61/K61-1>100%,">100%",E61/K61-1)),"n.m.") -> 0.022916667 | S61: =+IFERROR(IF(D61*J61<0,"n.m.",IF(D61/J61-1>100%,">100%",D61/J61-1)),"n.m.") -> 0.011482255
C62: Business | D62: =+H62+G62+F62+E62 -> 2669 | E62: ='Growth analysis Q4'!G7 -> 672 | F62: =+'Growth analysis Q3'!G7 -> 655 | G62: =+'Growth analysis Q2'!G7 -> 662 | H62: =+'Growth analysis Q1'!G7 -> 680 | J62: =+N62+M62+L62+K62 -> 2910 | K62: =+'Growth analysis Q4'!L7 -> 747 | L62: =+'Growth analysis Q3'!L7 -> 706 | M62: =+'Growth analysis Q2'!L7 -> 727 | N62: =+'Growth analysis Q1'!L7 -> 730 | P62: =+IFERROR(IF(E62*K62<0,"n.m.",IF(E62/K62-1>100%,">100%",E62/K62-1)),"n.m.") -> -0.10040161 | S62: =+IFERROR(IF(D62*J62<0,"n.m.",IF(D62/J62-1>100%,">100%",D62/J62-1)),"n.m.") -> -0.082817869
C63: NetCo | D63: =+H63+G63+F63+E63 -> 2186 | E63: ='Growth analysis Q4'!G8 -> 547 | F63: =+'Growth analysis Q3'!G8 -> 548 | G63: =+'Growth analysis Q2'!G8 -> 544 | H63: =+'Growth analysis Q1'!G8 -> 547 | J63: =+N63+M63+L63+K63 -> 2245 | K63: =+'Growth analysis Q4'!L8 -> 566 | L63: =+'Growth analysis Q3'!L8 -> 557 | M63: =+'Growth analysis Q2'!L8 -> 560 | N63: =+'Growth analysis Q1'!L8 -> 562 | P63: =+IFERROR(IF(E63*K63<0,"n.m.",IF(E63/K63-1>100%,">100%",E63/K63-1)),"n.m.") -> -0.033568905 | S63: =+IFERROR(IF(D63*J63<0,"n.m.",IF(D63/J63-1>100%,">100%",D63/J63-1)),"n.m.") -> -0.026280624
C64: Other (incl. eliminations) | D64: =+H64+G64+F64+E64 -> -2068 | E64: ='Growth analysis Q4'!G9 -> -524 | F64: =+'Growth analysis Q3'!G9 -> -514 | G64: =+'Growth analysis Q2'!G9 -> -513 | H64: =+'Growth analysis Q1'!G9 -> -517 | J64: =+N64+M64+L64+K64 -> -2080 | K64: =+'Growth analysis Q4'!L9 -> -491 | L64: =+'Growth analysis Q3'!L9 -> -529 | M64: =+'Growth analysis Q2'!L9 -> -529 | N64: =+'Growth analysis Q1'!L9 -> -531 | P64: =+IFERROR(IF(E64*K64<0,"n.m.",IF(E64/K64-1>100%,">100%",E64/K64-1)),"n.m.") -> 0.067209776 | S64: =+IFERROR(IF(D64*J64<0,"n.m.",IF(D64/J64-1>100%,">100%",D64/J64-1)),"n.m.") -> -0.0057692308
C65: The Netherlands | D65: =+H65+G65+F65+E65 -> 6186 | E65: ='Growth analysis Q4'!G10 -> 1553 | F65: =+'Growth analysis Q3'!G10 -> 1551 | G65: =+'Growth analysis Q2'!G10 -> 1545 | H65: =+'Growth analysis Q1'!G10 -> 1537 | J65: =+N65+M65+L65+K65 -> 6398 | K65: =+'Growth analysis Q4'!L10 -> 1654 | L65: =+'Growth analysis Q3'!L10 -> 1565 | M65: =+'Growth analysis Q2'!L10 -> 1588 | N65: =+'Growth analysis Q1'!L10 -> 1591 | P65: =+IFERROR(IF(E65*K65<0,"n.m.",IF(E65/K65-1>100%,">100%",E65/K65-1)),"n.m.") -> -0.061064087 | S65: =+IFERROR(IF(D65*J65<0,"n.m.",IF(D65/J65-1>100%,">100%",D65/J65-1)),"n.m.") -> -0.033135355
C67: iBasis | D67: =+H67+G67+F67+E67 -> 920 | E67: ='Growth analysis Q4'!G12 -> 218 | F67: =+'Growth analysis Q3'!G12 -> 241 | G67: =+'Growth analysis Q2'!G12 -> 234 | H67: =+'Growth analysis Q1'!G12 -> 227 | J67: =+N67+M67+L67+K67 -> 948 | K67: =+'Growth analysis Q4'!L12 -> 248 | L67: =+'Growth analysis Q3'!L12 -> 243 | M67: =+'Growth analysis Q2'!L12 -> 231 | N67: =+'Growth analysis Q1'!L12 -> 226 | P67: =+IFERROR(IF(E67*K67<0,"n.m.",IF(E67/K67-1>100%,">100%",E67/K67-1)),"n.m.") -> -0.12096774 | S67: =+IFERROR(IF(D67*J67<0,"n.m.",IF(D67/J67-1>100%,">100%",D67/J67-1)),"n.m.") -> -0.029535865
C69: Belgium (discontinued operations) | D69: =+H69+G69+F69+E69 -> 682 | E69: ='Growth analysis Q4'!G14 -> 174 | F69: =+'Growth analysis Q3'!G14 -> 170 | G69: =+'Growth analysis Q2'!G14 -> 169 | H69: =+'Growth analysis Q1'!G14 -> 169 | J69: =+N69+M69+L69+K69 -> 709 | K69: =+'Growth analysis Q4'!L14 -> 178 | L69: =+'Growth analysis Q3'!L14 -> 176 | M69: =+'Growth analysis Q2'!L14 -> 178 | N69: =+'Growth analysis Q1'!L14 -> 177 | P69: =+IFERROR(IF(E69*K69<0,"n.m.",IF(E69/K69-1>100%,">100%",E69/K69-1)),"n.m.") -> -0.02247191 | S69: =+IFERROR(IF(D69*J69<0,"n.m.",IF(D69/J69-1>100%,">100%",D69/J69-1)),"n.m.") -> -0.038081805
C71: Other activities | D71: =+H71+G71+F71+E71 -> 37 | E71: ='Growth analysis Q4'!G16 -> 3 | F71: =+'Growth analysis Q3'!G16 -> 4 | G71: =+'Growth analysis Q2'!G16 -> 4 | H71: =+'Growth analysis Q1'!G16 -> 26 | J71: =+N71+M71+L71+K71 -> 186 | K71: =+'Growth analysis Q4'!L16 -> 34 | L71: =+'Growth analysis Q3'!L16 -> 54 | M71: =+'Growth analysis Q2'!L16 -> 48 | N71: =+'Growth analysis Q1'!L16 -> 50 | P71: =+IFERROR(IF(E71*K71<0,"n.m.",IF(E71/K71-1>100%,">100%",E71/K71-1)),"n.m.") -> -0.91176471 | S71: =+IFERROR(IF(D71*J71<0,"n.m.",IF(D71/J71-1>100%,">100%",D71/J71-1)),"n.m.") -> -0.80107527
C73: Intercompany revenues | D73: =+H73+G73+F73+E73 -> -157 | E73: ='Growth analysis Q4'!G18 -> -36 | F73: =+'Growth analysis Q3'!G18 -> -41 | G73: =+'Growth analysis Q2'!G18 -> -40 | H73: =+'Growth analysis Q1'!G18 -> -40 | J73: =+N73+M73+L73+K73 -> -217 | K73: =+'Growth analysis Q4'!L18 -> -46 | L73: =+'Growth analysis Q3'!L18 -> -60 | M73: =+'Growth analysis Q2'!L18 -> -56 | N73: =+'Growth analysis Q1'!L18 -> -55 | P73: =+IFERROR(IF(E73*K73<0,"n.m.",IF(E73/K73-1>100%,">100%",E73/K73-1)),"n.m.") -> -0.2173913 | S73: =+IFERROR(IF(D73*J73<0,"n.m.",IF(D73/J73-1>100%,">100%",D73/J73-1)),"n.m.") -> -0.2764977
C75: Total adjusted revenues (incl. discontinued operations) | D75: =+H75+G75+F75+E75 -> 7668 | E75: ='Growth analysis Q4'!G20 -> 1912 | F75: =+'Growth analysis Q3'!G20 -> 1925 | G75: =+'Growth analysis Q2'!G20 -> 1912 | H75: =+'Growth analysis Q1'!G20 -> 1919 | J75: =+N75+M75+L75+K75 -> 8024 | K75: =+'Growth analysis Q4'!L20 -> 2068 | L75: =+'Growth analysis Q3'!L20 -> 1978 | M75: =+'Growth analysis Q2'!L20 -> 1989 | N75: =+'Growth analysis Q1'!L20 -> 1989 | P75: =+IFERROR(IF(E75*K75<0,"n.m.",IF(E75/K75-1>100%,">100%",E75/K75-1)),"n.m.") -> -0.075435203 | S75: =+IFERROR(IF(D75*J75<0,"n.m.",IF(D75/J75-1>100%,">100%",D75/J75-1)),"n.m.") -> -0.044366899
C77: Of which discontinued operations | D77: =+H77+G77+F77+E77 -> 650 | E77: ='Growth analysis Q4'!G22 -> 167 | F77: =+'Growth analysis Q3'!G22 -> 161 | G77: =+'Growth analysis Q2'!G22 -> 161 | H77: =+'Growth analysis Q1'!G22 -> 161 | J77: =+N77+M77+L77+K77 -> 672 | K77: =+'Growth analysis Q4'!L22 -> 170 | L77: =+'Growth analysis Q3'!L22 -> 167 | M77: =+'Growth analysis Q2'!L22 -> 169 | N77: =+'Growth analysis Q1'!L22 -> 166 | P77: =+IFERROR(IF(E77*K77<0,"n.m.",IF(E77/K77-1>100%,">100%",E77/K77-1)),"n.m.") -> -0.017647059 | S77: =+IFERROR(IF(D77*J77<0,"n.m.",IF(D77/J77-1>100%,">100%",D77/J77-1)),"n.m.") -> -0.032738095
C79: Total adjusted revenues from continuing operations | D79: =+H79+G79+F79+E79 -> 7018 | E79: ='Growth analysis Q4'!G24 -> 1745 | F79: =+'Growth analysis Q3'!G24 -> 1764 | G79: =+'Growth analysis Q2'!G24 -> 1751 | H79: =+'Growth analysis Q1'!G24 -> 1758 | J79: =+N79+M79+L79+K79 -> 7352 | K79: =+'Growth analysis Q4'!L24 -> 1898 | L79: =+'Growth analysis Q3'!L24 -> 1811 | M79: =+'Growth analysis Q2'!L24 -> 1820 | N79: =+'Growth analysis Q1'!L24 -> 1823 | P79: =+IFERROR(IF(E79*K79<0,"n.m.",IF(E79/K79-1>100%,">100%",E79/K79-1)),"n.m.") -> -0.08061117 | S79: =+IFERROR(IF(D79*J79<0,"n.m.",IF(D79/J79-1>100%,">100%",D79/J79-1)),"n.m.") -> -0.045429815
C84: Consolidated figures | D84: =+D29 -> 2015 | E84: Q4 '15 | F84: =+F29 -> Q3 '15 | G84: =+G29 -> Q2 '15 | H84: =+H29 -> Q1 '15 | J84: =+J29 -> 2014 | K84: =+K29 -> Q4 '14 | L84: =+L29 -> Q3 '14 | M84: =+M29 -> Q2 '14 | N84: =+N29 -> Q1 '14 | P84: =+P29 -> y-on-y | S84: y-on-y
C85: External revenues | P85: =+P30 -> Q4% | S85: =+S30 -> FY%
C87: Consumer Mobile | D87: =+H87+G87+F87+E87 -> 1397 | E87: 350 | F87: 361 | G87: 359 | H87: 327 | J87: =+N87+M87+L87+K87 -> 1346 | K87: 337 | L87: 339 | M87: 337 | N87: 333 | P87: =+IFERROR(IF(E87*K87<0,"n.m.",IF(E87/K87-1>100%,">100%",E87/K87-1)),"n.m.") -> 0.038575668 | S87: =+IFERROR(IF(D87*J87<0,"n.m.",IF(D87/J87-1>100%,">100%",D87/J87-1)),"n.m.") -> 0.037890045
C88: Consumer Residential | D88: =+H88+G88+F88+E88 -> 1816 | E88: 461 | F88: 455 | G88: 447 | H88: 453 | J88: =+N88+M88+L88+K88 -> 1800 | K88: 452 | L88: 449 | M88: 446 | N88: 453 | P88: =+IFERROR(IF(E88*K88<0,"n.m.",IF(E88/K88-1>100%,">100%",E88/K88-1)),"n.m.") -> 0.019911504 | S88: =+IFERROR(IF(D88*J88<0,"n.m.",IF(D88/J88-1>100%,">100%",D88/J88-1)),"n.m.") -> 0.0088888889
C89: Business | D89: =+H89+G89+F89+E89 -> 2432 | E89: 611 | F89: 601 | G89: 597 | H89: 623 | J89: =+N89+M89+L89+K89 -> 2695 | K89: 694 | L89: 649 | M89: 672 | N89: 680 | P89: =+IFERROR(IF(E89*K89<0,"n.m.",IF(E89/K89-1>100%,">100%",E89/K89-1)),"n.m.") -> -0.11959654 | S89: =+IFERROR(IF(D89*J89<0,"n.m.",IF(D89/J89-1>100%,">100%",D89/J89-1)),"n.m.") -> -0.097588126
C90: NetCo | D90: =+H90+G90+F90+E90 -> 480 | E90: 118 | F90: 122 | G90: 119 | H90: 121 | J90: =+N90+M90+L90+K90 -> 494 | K90: 123 | L90: 116 | M90: 130 | N90: 125 | P90: =+IFERROR(IF(E90*K90<0,"n.m.",IF(E90/K90-1>100%,">100%",E90/K90-1)),"n.m.") -> -0.040650407 | S90: =+IFERROR(IF(D90*J90<0,"n.m.",IF(D90/J90-1>100%,">100%",D90/J90-1)),"n.m.") -> -0.028340081
C91: Other (incl. eliminations) | D91: =+H91+G91+F91+E91 -> 4 | E91: 1 | F91: 0 | G91: 2 | H91: 1 | J91: =+N91+M91+L91+K91 -> 2 | K91: -1 | L91: 1 | M91: 3 | N91: -1 | P91: =+IFERROR(IF(E91*K91<0,"n.m.",IF(E91/K91-1>100%,">100%",E91/K91-1)),"n.m.") -> n.m. | S91: =+IFERROR(IF(D91*J91<0,"n.m.",IF(D91/J91-1>100%,">100%",D91/J91-1)),"n.m.") -> 1
C92: The Netherlands | D92: =+H92+G92+F92+E92 -> 6129 | E92: =E87+E88+E89+E90+E91 -> 1541 | F92: =F87+F88+F89+F90+F91 -> 1539 | G92: =G87+G88+G89+G90+G91 -> 1524 | H92: =H87+H88+H89+H90+H91 -> 1525 | J92: =+N92+M92+L92+K92 -> 6337 | K92: =K87+K88+K89+K90+K91 -> 1605 | L92: =L87+L88+L89+L90+L91 -> 1554 | M92: =M87+M88+M89+M90+M91 -> 1588 | N92: =N87+N88+N89+N90+N91 -> 1590 | P92: =+IFERROR(IF(E92*K92<0,"n.m.",IF(E92/K92-1>100%,">100%",E92/K92-1)),"n.m.") -> -0.039875389 | S92: =+IFERROR(IF(D92*J92<0,"n.m.",IF(D92/J92-1>100%,">100%",D92/J92-1)),"n.m.") -> -0.032823102
C94: iBasis | D94: =+H94+G94+F94+E94 -> 813 | E94: 195 | F94: 212 | G94: 207 | H94: 199 | J94: =+N94+M94+L94+K94 -> 773 | K94: 213 | L94: 195 | M94: 183 | N94: 182 | P94: =+IFERROR(IF(E94*K94<0,"n.m.",IF(E94/K94-1>100%,">100%",E94/K94-1)),"n.m.") -> -0.084507042 | S94: =+IFERROR(IF(D94*J94<0,"n.m.",IF(D94/J94-1>100%,">100%",D94/J94-1)),"n.m.") -> 0.051746442
C96: Belgium (discontinued operations) | D96: =+H96+G96+F96+E96 -> 677 | E96: 173 | F96: 168 | G96: 167 | H96: 169 | J96: =+N96+M96+L96+K96 -> 701 | K96: 177 | L96: 174 | M96: 176 | N96: 174 | P96: =+IFERROR(IF(E96*K96<0,"n.m.",IF(E96/K96-1>100%,">100%",E96/K96-1)),"n.m.") -> -0.02259887 | S96: =+IFERROR(IF(D96*J96<0,"n.m.",IF(D96/J96-1>100%,">100%",D96/J96-1)),"n.m.") -> -0.034236805
C98: Other activities | D98: =+H98+G98+F98+E98 -> 37 | E98: 2 | F98: 6 | G98: 3 | H98: 26 | J98: =+N98+M98+L98+K98 -> 188 | K98: 33 | L98: 54 | M98: 51 | N98: 50 | P98: =+IFERROR(IF(E98*K98<0,"n.m.",IF(E98/K98-1>100%,">100%",E98/K98-1)),"n.m.") -> -0.93939394 | S98: =+IFERROR(IF(D98*J98<0,"n.m.",IF(D98/J98-1>100%,">100%",D98/J98-1)),"n.m.") -> -0.80319149
C100: Total external revenues (incl. discontinued operations) | D100: =+H100+G100+F100+E100 -> 7656 | E100: =+E92+E94+E98+E96 -> 1911 | F100: =+F92+F94+F98+F96 -> 1925 | G100: =+G92+G94+G98+G96 -> 1901 | H100: =+H92+H94+H98+H96 -> 1919 | J100: =+N100+M100+L100+K100 -> 7999 | K100: =+K92+K94+K98+K96 -> 2028 | L100: =+L92+L94+L98+L96 -> 1977 | M100: =+M92+M94+M98+M96 -> 1998 | N100: =+N92+N94+N98+N96 -> 1996 | P100: =+IFERROR(IF(E100*K100<0,"n.m.",IF(E100/K100-1>100%,">100%",E100/K100-1)),"n.m.") -> -0.057692308 | S100: =+IFERROR(IF(D100*J100<0,"n.m.",IF(D100/J100-1>100%,">100%",D100/J100-1)),"n.m.") -> -0.04288036
C102: Of which discontinued operations | D102: =+H102+G102+F102+E102 -> 650 | E102: 167 | F102: 161 | G102: 161 | H102: 161 | J102: =+N102+M102+L102+K102 -> 671 | K102: 169 | L102: 166 | M102: 170 | N102: 166 | P102: =+IFERROR(IF(E102*K102<0,"n.m.",IF(E102/K102-1>100%,">100%",E102/K102-1)),"n.m.") -> -0.01183432 | S102: =+IFERROR(IF(D102*J102<0,"n.m.",IF(D102/J102-1>100%,">100%",D102/J102-1)),"n.m.") -> -0.031296572
C104: Total external revenues from continuing operations | D104: =+H104+G104+F104+E104 -> 7006 | E104: =+E100-E102 -> 1744 | F104: =+F100-F102 -> 1764 | G104: =+G100-G102 -> 1740 | H104: =+H100-H102 -> 1758 | J104: =+N104+M104+L104+K104 -> 7328 | K104: =+K100-K102 -> 1859 | L104: =+L100-L102 -> 1811 | M104: =+M100-M102 -> 1828 | N104: =+N100-N102 -> 1830 | P104: =+IFERROR(IF(E104*K104<0,"n.m.",IF(E104/K104-1>100%,">100%",E104/K104-1)),"n.m.") -> -0.061861216 | S104: =+IFERROR(IF(D104*J104<0,"n.m.",IF(D104/J104-1>100%,">100%",D104/J104-1)),"n.m.") -> -0.043941048

Sheet Expenses
C2: Consolidated figures | D2: =+Revenues!D2 -> 2015 | E2: Q4 '15 | F2: =+Revenues!F2 -> Q3 '15 | G2: =+Revenues!G2 -> Q2 '15 | H2: =+Revenues!H2 -> Q1 '15 | J2: =+Revenues!J2 -> 2014 | K2: =+Revenues!K2 -> Q4 '14 | L2: =+Revenues!L2 -> Q3 '14 | M2: =+Revenues!M2 -> Q2 '14 | N2: =+Revenues!N2 -> Q1 '14 | P2: y-on-y | S2: =+Revenues!S2 -> y-on-y
C3: Operating expenses excl. D&A | P3: =+Revenues!P3 -> Q4% | S3: =+Revenues!S3 -> FY%
C5: Consumer Mobile | D5: =+H5+G5+F5+E5 -> 1189 | E5: 320 | F5: 291 | G5: 292 | H5: 286 | J5: =+N5+M5+L5+K5 -> 1216 | K5: 313 | L5: 307 | M5: 304 | N5: 292 | P5: =+IFERROR(IF(E5*K5<0,"n.m.",IF(E5/K5-1>100%,">100%",E5/K5-1)),"n.m.") -> 0.022364217 | S5: =+IFERROR(IF(D5*J5<0,"n.m.",IF(D5/J5-1>100%,">100%",D5/J5-1)),"n.m.") -> -0.022203947
C6: Consumer Residential | D6: =+H6+G6+F6+E6 -> 1523 | E6: 392 | F6: 374 | G6: 374 | H6: 383 | J6: =+N6+M6+L6+K6 -> 1512 | K6: 384 | L6: 369 | M6: 373 | N6: 386 | P6: =+IFERROR(IF(E6*K6<0,"n.m.",IF(E6/K6-1>100%,">100%",E6/K6-1)),"n.m.") -> 0.020833333 | S6: =+IFERROR(IF(D6*J6<0,"n.m.",IF(D6/J6-1>100%,">100%",D6/J6-1)),"n.m.") -> 0.0072751323
C7: Business | D7: =+H7+G7+F7+E7 -> 2220 | E7: 560 | F7: 536 | G7: 564 | H7: 560 | J7: =+N7+M7+L7+K7 -> 2330 | K7: 606 | L7: 553 | M7: 590 | N7: 581 | P7: =+IFERROR(IF(E7*K7<0,"n.m.",IF(E7/K7-1>100%,">100%",E7/K7-1)),"n.m.") -> -0.075907591 | S7: =+IFERROR(IF(D7*J7<0,"n.m.",IF(D7/J7-1>100%,">100%",D7/J7-1)),"n.m.") -> -0.0472103
C8: NetCo | D8: =+H8+G8+F8+E8 -> 903 | E8: 219 | F8: 219 | G8: 229 | H8: 236 | J8: =+N8+M8+L8+K8 -> 1021 | K8: 245 | L8: 255 | M8: 256 | N8: 265 | P8: =+IFERROR(IF(E8*K8<0,"n.m.",IF(E8/K8-1>100%,">100%",E8/K8-1)),"n.m.") -> -0.10612245 | S8: =+IFERROR(IF(D8*J8<0,"n.m.",IF(D8/J8-1>100%,">100%",D8/J8-1)),"n.m.") -> -0.11557297
C9: Other (incl. eliminations) | D9: =+H9+G9+F9+E9 -> -2026 | E9: -516 | F9: -491 | G9: -508 | H9: -511 | J9: =+N9+M9+L9+K9 -> -2074 | K9: -515 | L9: -526 | M9: -510 | N9: -523 | P9: =+IFERROR(IF(E9*K9<0,"n.m.",IF(E9/K9-1>100%,">100%",E9/K9-1)),"n.m.") -> 0.0019417476 | S9: =+IFERROR(IF(D9*J9<0,"n.m.",IF(D9/J9-1>100%,">100%",D9/J9-1)),"n.m.") -> -0.023143684
C10: The Netherlands | D10: =+H10+G10+F10+E10 -> 3809 | E10: =E5+E6+E7+E8+E9 -> 975 | F10: =F5+F6+F7+F8+F9 -> 929 | G10: =G5+G6+G7+G8+G9 -> 951 | H10: =H5+H6+H7+H8+H9 -> 954 | J10: =+N10+M10+L10+K10 -> 4005 | K10: =K5+K6+K7+K8+K9 -> 1033 | L10: =L5+L6+L7+L8+L9 -> 958 | M10: =M5+M6+M7+M8+M9 -> 1013 | N10: =N5+N6+N7+N8+N9 -> 1001 | P10: =+IFERROR(IF(E10*K10<0,"n.m.",IF(E10/K10-1>100%,">100%",E10/K10-1)),"n.m.") -> -0.056147144 | S10: =+IFERROR(IF(D10*J10<0,"n.m.",IF(D10/J10-1>100%,">100%",D10/J10-1)),"n.m.") -> -0.048938826
C12: iBasis | D12: =+H12+G12+F12+E12 -> 897 | E12: 212 | F12: 235 | G12: 228 | H12: 222 | J12: =+N12+M12+L12+K12 -> 925 | K12: 242 | L12: 236 | M12: 226 | N12: 221 | P12: =+IFERROR(IF(E12*K12<0,"n.m.",IF(E12/K12-1>100%,">100%",E12/K12-1)),"n.m.") -> -0.12396694 | S12: =+IFERROR(IF(D12*J12<0,"n.m.",IF(D12/J12-1>100%,">100%",D12/J12-1)),"n.m.") -> -0.03027027
C14: Belgium (discontinued operations) | D14: =+H14+G14+F14+E14 -> 486 | E14: 96 | F14: 124 | G14: 123 | H14: 143 | J14: =+N14+M14+L14+K14 -> 562 | K14: 146 | L14: 138 | M14: 142 | N14: 136 | P14: =+IFERROR(IF(E14*K14<0,"n.m.",IF(E14/K14-1>100%,">100%",E14/K14-1)),"n.m.") -> -0.34246575 | S14: =+IFERROR(IF(D14*J14<0,"n.m.",IF(D14/J14-1>100%,">100%",D14/J14-1)),"n.m.") -> -0.13523132
C16: Other activities1 | D16: =+H16+G16+F16+E16 -> 101 | E16: 8 | F16: 29 | G16: 27 | H16: 37 | J16: =+N16+M16+L16+K16 -> -207 | K16: 39 | L16: 73 | M16: -388 | N16: 69 | P16: =+IFERROR(IF(E16*K16<0,"n.m.",IF(E16/K16-1>100%,">100%",E16/K16-1)),"n.m.") -> -0.79487179 | S16: =+IFERROR(IF(D16*J16<0,"n.m.",IF(D16/J16-1>100%,">100%",D16/J16-1)),"n.m.") -> n.m.
C18: Intercompany expenses | D18: =+H18+G18+F18+E18 -> -157 | E18: -36 | F18: -41 | G18: -40 | H18: -40 | J18: =+N18+M18+L18+K18 -> -217 | K18: -46 | L18: -60 | M18: -56 | N18: -55 | P18: =+IFERROR(IF(E18*K18<0,"n.m.",IF(E18/K18-1>100%,">100%",E18/K18-1)),"n.m.") -> -0.2173913 | S18: =+IFERROR(IF(D18*J18<0,"n.m.",IF(D18/J18-1>100%,">100%",D18/J18-1)),"n.m.") -> -0.2764977
C20: Total operating expenses (incl. discontinued operations) | D20: =+H20+G20+F20+E20 -> 5136 | E20: =+E10+E12+E16+E18+E14 -> 1255 | F20: =+F10+F12+F16+F18+F14 -> 1276 | G20: =+G10+G12+G16+G18+G14 -> 1289 | H20: =+H10+H12+H16+H18+H14 -> 1316 | J20: =+N20+M20+L20+K20 -> 5068 | K20: =+K10+K12+K16+K18+K14 -> 1414 | L20: =+L10+L12+L16+L18+L14 -> 1345 | M20: =+M10+M12+M16+M18+M14 -> 937 | N20: =+N10+N12+N16+N18+N14 -> 1372 | P20: =+IFERROR(IF(E20*K20<0,"n.m.",IF(E20/K20-1>100%,">100%",E20/K20-1)),"n.m.") -> -0.11244696 | S20: =+IFERROR(IF(D20*J20<0,"n.m.",IF(D20/J20-1>100%,">100%",D20/J20-1)),"n.m.") -> 0.013417522
C22: Of which discontinued operations | D22: =+H22+G22+F22+E22 -> 452 | E22: 88 | F22: 114 | G22: 116 | H22: 134 | J22: =+N22+M22+L22+K22 -> 525 | K22: 137 | L22: 129 | M22: 132 | N22: 127 | P22: =+IFERROR(IF(E22*K22<0,"n.m.",IF(E22/K22-1>100%,">100%",E22/K22-1)),"n.m.") -> -0.35766423 | S22: =+IFERROR(IF(D22*J22<0,"n.m.",IF(D22/J22-1>100%,">100%",D22/J22-1)),"n.m.") -> -0.13904762
C24: Total operating expenses from continuing operations | D24: =+H24+G24+F24+E24 -> 4684 | E24: =+E20-E22 -> 1167 | F24: =+F20-F22 -> 1162 | G24: =+G20-G22 -> 1173 | H24: =+H20-H22 -> 1182 | J24: =+N24+M24+L24+K24 -> 4543 | K24: =+K20-K22 -> 1277 | L24: =+L20-L22 -> 1216 | M24: =+M20-M22 -> 805 | N24: =+N20-N22 -> 1245 | P24: =+IFERROR(IF(E24*K24<0,"n.m.",IF(E24/K24-1>100%,">100%",E24/K24-1)),"n.m.") -> -0.086139389 | S24: =+IFERROR(IF(D24*J24<0,"n.m.",IF(D24/J24-1>100%,">100%",D24/J24-1)),"n.m.") -> 0.03103676
B27: 1 Including € 451m and € 26m release of provision related to the pension plan agreements in The Netherlands in Q2 2014 and Q4 2014 respectively
C30: Consolidated figures | D30: =+D2 -> 2015 | E30: Q4 '15 | F30: =+F2 -> Q3 '15 | G30: =+G2 -> Q2 '15 | H30: =+H2 -> Q1 '15 | J30: =+J2 -> 2014 | K30: =+K2 -> Q4 '14 | L30: =+L2 -> Q3 '14 | M30: =+M2 -> Q2 '14 | N30: =+N2 -> Q1 '14 | P30: =+P2 -> y-on-y | S30: =+S2 -> y-on-y
C31: Depreciation | P31: =+Expenses!P3 -> Q4% | S31: =+Expenses!S3 -> FY%
C33: Consumer Mobile | D33: =+H33+G33+F33+E33 -> 32 | E33: 4 | F33: 6 | G33: 9 | H33: 13 | J33: =+N33+M33+L33+K33 -> 103 | K33: 20 | L33: 20 | M33: 28 | N33: 35 | P33: =+IFERROR(IF(E33*K33<0,"n.m.",IF(E33/K33-1>100%,">100%",E33/K33-1)),"n.m.") -> -0.8 | S33: =+IFERROR(IF(D33*J33<0,"n.m.",IF(D33/J33-1>100%,">100%",D33/J33-1)),"n.m.") -> -0.68932039
C34: Consumer Residential | D34: =+H34+G34+F34+E34 -> 192 | E34: 47 | F34: 48 | G34: 49 | H34: 48 | J34: =+N34+M34+L34+K34 -> 196 | K34: 48 | L34: 47 | M34: 54 | N34: 47 | P34: =+IFERROR(IF(E34*K34<0,"n.m.",IF(E34/K34-1>100%,">100%",E34/K34-1)),"n.m.") -> -0.020833333 | S34: =+IFERROR(IF(D34*J34<0,"n.m.",IF(D34/J34-1>100%,">100%",D34/J34-1)),"n.m.") -> -0.020408163
C35: Business | D35: =+H35+G35+F35+E35 -> 90 | E35: 23 | F35: 23 | G35: 22 | H35: 22 | J35: =+N35+M35+L35+K35 -> 90 | K35: 24 | L35: 22 | M35: 22 | N35: 22 | P35: =+IFERROR(IF(E35*K35<0,"n.m.",IF(E35/K35-1>100%,">100%",E35/K35-1)),"n.m.") -> -0.041666667 | S35: =+IFERROR(IF(D35*J35<0,"n.m.",IF(D35/J35-1>100%,">100%",D35/J35-1)),"n.m.") -> 0
C36: NetCo | D36: =+H36+G36+F36+E36 -> 765 | E36: 197 | F36: 194 | G36: 190 | H36: 184 | J36: =+N36+M36+L36+K36 -> 714 | K36: 186 | L36: 172 | M36: 183 | N36: 173 | P36: =+IFERROR(IF(E36*K36<0,"n.m.",IF(E36/K36-1>100%,">100%",E36/K36-1)),"n.m.") -> 0.059139785 | S36: =+IFERROR(IF(D36*J36<0,"n.m.",IF(D36/J36-1>100%,">100%",D36/J36-1)),"n.m.") -> 0.071428571
C37: Other (incl. eliminations) | D37: =+H37+G37+F37+E37 -> 9 | E37: 4 | F37: 2 | G37: 2 | H37: 1 | J37: =+N37+M37+L37+K37 -> 9 | K37: 1 | L37: 4 | M37: 3 | N37: 1 | P37: =+IFERROR(IF(E37*K37<0,"n.m.",IF(E37/K37-1>100%,">100%",E37/K37-1)),"n.m.") -> >100% | S37: =+IFERROR(IF(D37*J37<0,"n.m.",IF(D37/J37-1>100%,">100%",D37/J37-1)),"n.m.") -> 0
C38: The Netherlands | D38: =+H38+G38+F38+E38 -> 1088 | E38: =E33+E34+E35+E36+E37 -> 275 | F38: =F33+F34+F35+F36+F37 -> 273 | G38: =G33+G34+G35+G36+G37 -> 272 | H38: =H33+H34+H35+H36+H37 -> 268 | J38: =+N38+M38+L38+K38 -> 1112 | K38: =K33+K34+K35+K36+K37 -> 279 | L38: =L33+L34+L35+L36+L37 -> 265 | M38: =M33+M34+M35+M36+M37 -> 290 | N38: =N33+N34+N35+N36+N37 -> 278 | P38: =+IFERROR(IF(E38*K38<0,"n.m.",IF(E38/K38-1>100%,">100%",E38/K38-1)),"n.m.") -> -0.014336918 | S38: =+IFERROR(IF(D38*J38<0,"n.m.",IF(D38/J38-1>100%,">100%",D38/J38-1)),"n.m.") -> -0.021582734
C40: iBasis | D40: =+H40+G40+F40+E40 -> 9 | E40: 3 | F40: 1 | G40: 3 | H40: 2 | J40: =+N40+M40+L40+K40 -> 7 | K40: 2 | L40: 2 | M40: 1 | N40: 2 | P40: =+IFERROR(IF(E40*K40<0,"n.m.",IF(E40/K40-1>100%,">100%",E40/K40-1)),"n.m.") -> 0.5 | S40: =+IFERROR(IF(D40*J40<0,"n.m.",IF(D40/J40-1>100%,">100%",D40/J40-1)),"n.m.") -> 0.28571429
C42: Belgium (discontinued operations) | D42: =+H42+G42+F42+E42 -> 96 | E42: 24 | F42: 24 | G42: 25 | H42: 23 | J42: =+N42+M42+L42+K42 -> 114 | K42: 38 | L42: 27 | M42: 24 | N42: 25 | P42: =+IFERROR(IF(E42*K42<0,"n.m.",IF(E42/K42-1>100%,">100%",E42/K42-1)),"n.m.") -> -0.36842105 | S42: =+IFERROR(IF(D42*J42<0,"n.m.",IF(D42/J42-1>100%,">100%",D42/J42-1)),"n.m.") -> -0.15789474
C44: Other activities | D44: =+H44+G44+F44+E44 -> 8 | E44: 5 | F44: 2 | G44: -2 | H44: 3 | J44: =+N44+M44+L44+K44 -> 10 | K44: 5 | L44: 0 | M44: 4 | N44: 1 | P44: =+IFERROR(IF(E44*K44<0,"n.m.",IF(E44/K44-1>100%,">100%",E44/K44-1)),"n.m.") -> 0 | S44: =+IFERROR(IF(D44*J44<0,"n.m.",IF(D44/J44-1>100%,">100%",D44/J44-1)),"n.m.") -> -0.2
C46: Total depreciation (incl. discontinued operations) | D46: =+H46+G46+F46+E46 -> 1201 | E46: =+E38+E40+E44+E42 -> 307 | F46: =+F38+F40+F44+F42 -> 300 | G46: =+G38+G40+G44+G42 -> 298 | H46: =+H38+H40+H44+H42 -> 296 | J46: =+N46+M46+L46+K46 -> 1243 | K46: =+K38+K40+K44+K42 -> 324 | L46: =+L38+L40+L44+L42 -> 294 | M46: =+M38+M40+M44+M42 -> 319 | N46: =+N38+N40+N44+N42 -> 306 | P46: =+IFERROR(IF(E46*K46<0,"n.m.",IF(E46/K46-1>100%,">100%",E46/K46-1)),"n.m.") -> -0.052469136 | S46: =+IFERROR(IF(D46*J46<0,"n.m.",IF(D46/J46-1>100%,">100%",D46/J46-1)),"n.m.") -> -0.03378922
C48: Of which discontinued operations | D48: =+H48+G48+F48+E48 -> 96 | E48: 25 | F48: 24 | G48: 24 | H48: 23 | J48: =+N48+M48+L48+K48 -> 114 | K48: 39 | L48: 24 | M48: 27 | N48: 24 | P48: =+IFERROR(IF(E48*K48<0,"n.m.",IF(E48/K48-1>100%,">100%",E48/K48-1)),"n.m.") -> -0.35897436 | S48: =+IFERROR(IF(D48*J48<0,"n.m.",IF(D48/J48-1>100%,">100%",D48/J48-1)),"n.m.") -> -0.15789474
C50: Total depreciation from continuing operations | D50: =+H50+G50+F50+E50 -> 1105 | E50: =+E46-E48 -> 282 | F50: =+F46-F48 -> 276 | G50: =+G46-G48 -> 274 | H50: =+H46-H48 -> 273 | J50: =+N50+M50+L50+K50 -> 1129 | K50: =+K46-K48 -> 285 | L50: =+L46-L48 -> 270 | M50: =+M46-M48 -> 292 | N50: =+N46-N48 -> 282 | P50: =+IFERROR(IF(E50*K50<0,"n.m.",IF(E50/K50-1>100%,">100%",E50/K50-1)),"n.m.") -> -0.010526316 | S50: =+IFERROR(IF(D50*J50<0,"n.m.",IF(D50/J50-1>100%,">100%",D50/J50-1)),"n.m.") -> -0.02125775
C55: Consolidated figures | D55: =+D2 -> 2015 | E55: Q4 '15 | F55: =+F30 -> Q3 '15 | G55: =+G30 -> Q2 '15 | H55: =+H30 -> Q1 '15 | J55: =+J2 -> 2014 | K55: =+K30 -> Q4 '14 | L55: =+L30 -> Q3 '14 | M55: =+M30 -> Q2 '14 | N55: =+N30 -> Q1 '14 | P55: =+P2 -> y-on-y | S55: =+S2 -> y-on-y
C56: Amortization | P56: =+P31 -> Q4% | S56: =+S31 -> FY%
C58: Consumer Mobile | D58: =+H58+G58+F58+E58 -> 62 | E58: 15 | F58: 16 | G58: 13 | H58: 18 | J58: =+N58+M58+L58+K58 -> 63 | K58: 17 | L58: 19 | M58: 14 | N58: 13 | P58: =+IFERROR(IF(E58*K58<0,"n.m.",IF(E58/K58-1>100%,">100%",E58/K58-1)),"n.m.") -> -0.11764706 | S58: =+IFERROR(IF(D58*J58<0,"n.m.",IF(D58/J58-1>100%,">100%",D58/J58-1)),"n.m.") -> -0.015873016
C59: Consumer Residential | D59: =+H59+G59+F59+E59 -> 87 | E59: 19 | F59: 20 | G59: 25 | H59: 23 | J59: =+N59+M59+L59+K59 -> 103 | K59: 28 | L59: 25 | M59: 26 | N59: 24 | P59: =+IFERROR(IF(E59*K59<0,"n.m.",IF(E59/K59-1>100%,">100%",E59/K59-1)),"n.m.") -> -0.32142857 | S59: =+IFERROR(IF(D59*J59<0,"n.m.",IF(D59/J59-1>100%,">100%",D59/J59-1)),"n.m.") -> -0.15533981
C60: Business | D60: =+H60+G60+F60+E60 -> 85 | E60: 21 | F60: 20 | G60: 22 | H60: 22 | J60: =+N60+M60+L60+K60 -> 116 | K60: 27 | L60: 29 | M60: 29 | N60: 31 | P60: =+IFERROR(IF(E60*K60<0,"n.m.",IF(E60/K60-1>100%,">100%",E60/K60-1)),"n.m.") -> -0.22222222 | S60: =+IFERROR(IF(D60*J60<0,"n.m.",IF(D60/J60-1>100%,">100%",D60/J60-1)),"n.m.") -> -0.26724138
C61: NetCo | D61: =+H61+G61+F61+E61 -> 238 | E61: 64 | F61: 57 | G61: 58 | H61: 59 | J61: =+N61+M61+L61+K61 -> 224 | K61: 59 | L61: 55 | M61: 55 | N61: 55 | P61: =+IFERROR(IF(E61*K61<0,"n.m.",IF(E61/K61-1>100%,">100%",E61/K61-1)),"n.m.") -> 0.084745763 | S61: =+IFERROR(IF(D61*J61<0,"n.m.",IF(D61/J61-1>100%,">100%",D61/J61-1)),"n.m.") -> 0.0625
C62: Other (incl. eliminations) | D62: =+H62+G62+F62+E62 -> 36 | E62: 16 | F62: 9 | G62: 6 | H62: 5 | J62: =+N62+M62+L62+K62 -> 12 | K62: 1 | L62: 3 | M62: 5 | N62: 3 | P62: =+IFERROR(IF(E62*K62<0,"n.m.",IF(E62/K62-1>100%,">100%",E62/K62-1)),"n.m.") -> >100% | S62: =+IFERROR(IF(D62*J62<0,"n.m.",IF(D62/J62-1>100%,">100%",D62/J62-1)),"n.m.") -> >100%
C63: The Netherlands | D63: =+H63+G63+F63+E63 -> 508 | E63: =E58+E59+E60+E61+E62 -> 135 | F63: =F58+F59+F60+F61+F62 -> 122 | G63: =G58+G59+G60+G61+G62 -> 124 | H63: =H58+H59+H60+H61+H62 -> 127 | J63: =+N63+M63+L63+K63 -> 518 | K63: =K58+K59+K60+K61+K62 -> 132 | L63: =L58+L59+L60+L61+L62 -> 131 | M63: =M58+M59+M60+M61+M62 -> 129 | N63: =N58+N59+N60+N61+N62 -> 126 | P63: =+IFERROR(IF(E63*K63<0,"n.m.",IF(E63/K63-1>100%,">100%",E63/K63-1)),"n.m.") -> 0.022727273 | S63: =+IFERROR(IF(D63*J63<0,"n.m.",IF(D63/J63-1>100%,">100%",D63/J63-1)),"n.m.") -> -0.019305019
C65: iBasis | D65: =+H65+G65+F65+E65 -> 2 | E65: 0 | F65: 1 | G65: 0 | H65: 1 | J65: =+N65+M65+L65+K65 -> 2 | K65: 0 | L65: 1 | M65: 0 | N65: 1 | P65: =+IFERROR(IF(E65*K65<0,"n.m.",IF(E65/K65-1>100%,">100%",E65/K65-1)),"n.m.") -> n.m. | S65: =+IFERROR(IF(D65*J65<0,"n.m.",IF(D65/J65-1>100%,">100%",D65/J65-1)),"n.m.") -> 0
C67: Belgium (discontinued operations) | D67: =+H67+G67+F67+E67 -> 67 | E67: 21 | F67: 14 | G67: 18 | H67: 14 | J67: =+N67+M67+L67+K67 -> 52 | K67: 13 | L67: 13 | M67: 14 | N67: 12 | P67: =+IFERROR(IF(E67*K67<0,"n.m.",IF(E67/K67-1>100%,">100%",E67/K67-1)),"n.m.") -> 0.61538462 | S67: =+IFERROR(IF(D67*J67<0,"n.m.",IF(D67/J67-1>100%,">100%",D67/J67-1)),"n.m.") -> 0.28846154
C69: Other activities | D69: =+H69+G69+F69+E69 -> 1 | E69: 0 | F69: 0 | G69: 1 | H69: 0 | J69: =+N69+M69+L69+K69 -> 5 | K69: 4 | L69: 1 | M69: 0 | N69: 0 | P69: =+IFERROR(IF(E69*K69<0,"n.m.",IF(E69/K69-1>100%,">100%",E69/K69-1)),"n.m.") -> -1 | S69: =+IFERROR(IF(D69*J69<0,"n.m.",IF(D69/J69-1>100%,">100%",D69/J69-1)),"n.m.") -> -0.8
C71: Total amortization (incl. discontinued operations) | D71: =+H71+G71+F71+E71 -> 578 | E71: =+E65+E63+E69+E67 -> 156 | F71: =+F65+F63+F69+F67 -> 137 | G71: =+G65+G63+G69+G67 -> 143 | H71: =+H65+H63+H69+H67 -> 142 | J71: =+N71+M71+L71+K71 -> 577 | K71: =+K65+K63+K69+K67 -> 149 | L71: =+L65+L63+L69+L67 -> 146 | M71: =+M65+M63+M69+M67 -> 143 | N71: =+N65+N63+N69+N67 -> 139 | P71: =+IFERROR(IF(E71*K71<0,"n.m.",IF(E71/K71-1>100%,">100%",E71/K71-1)),"n.m.") -> 0.046979866 | S71: =+IFERROR(IF(D71*J71<0,"n.m.",IF(D71/J71-1>100%,">100%",D71/J71-1)),"n.m.") -> 0.0017331023
C73: Of which discontinued operations | D73: =+H73+G73+F73+E73 -> 67 | E73: 20 | F73: 15 | G73: 18 | H73: 14 | J73: =+N73+M73+L73+K73 -> 52 | K73: 13 | L73: 14 | M73: 13 | N73: 12 | P73: =+IFERROR(IF(E73*K73<0,"n.m.",IF(E73/K73-1>100%,">100%",E73/K73-1)),"n.m.") -> 0.53846154 | S73: =+IFERROR(IF(D73*J73<0,"n.m.",IF(D73/J73-1>100%,">100%",D73/J73-1)),"n.m.") -> 0.28846154
C75: Total amortization from continuing operations | D75: =+H75+G75+F75+E75 -> 511 | E75: =+E71-E73 -> 136 | F75: =+F71-F73 -> 122 | G75: =+G71-G73 -> 125 | H75: =+H71-H73 -> 128 | J75: =+N75+M75+L75+K75 -> 525 | K75: =+K71-K73 -> 136 | L75: =+L71-L73 -> 132 | M75: =+M71-M73 -> 130 | N75: =+N71-N73 -> 127 | P75: =+IFERROR(IF(E75*K75<0,"n.m.",IF(E75/K75-1>100%,">100%",E75/K75-1)),"n.m.") -> 0 | S75: =+IFERROR(IF(D75*J75<0,"n.m.",IF(D75/J75-1>100%,">100%",D75/J75-1)),"n.m.") -> -0.026666667

Sheet Profit & Margin
C2: Consolidated figures | D2: =+Expenses!D2 -> 2015 | E2: Q4 '15 | F2: =+Revenues!F2 -> Q3 '15 | G2: =+Revenues!G2 -> Q2 '15 | H2: =+Revenues!H2 -> Q1 '15 | J2: =+Expenses!J2 -> 2014 | K2: =+Revenues!K2 -> Q4 '14 | L2: =+Revenues!L2 -> Q3 '14 | M2: =+Revenues!M2 -> Q2 '14 | N2: =+Revenues!N2 -> Q1 '14 | P2: =+Expenses!P2 -> y-on-y | S2: =+Expenses!S2 -> y-on-y
C3: EBITDA | P3: =+Revenues!P3 -> Q4% | S3: =+Revenues!S3 -> FY%
C5: Consumer Mobile | D5: =+H5+G5+F5+E5 -> 272 | E5: =Revenues!E5-Expenses!E5 -> 47 | F5: =+Revenues!F5-Expenses!F5 -> 85 | G5: =+Revenues!G5-Expenses!G5 -> 82 | H5: =+Revenues!H5-Expenses!H5 -> 58 | J5: =+N5+M5+L5+K5 -> 191 | K5: =+Revenues!K5-Expenses!K5 -> 39 | L5: =+Revenues!L5-Expenses!L5 -> 47 | M5: =+Revenues!M5-Expenses!M5 -> 50 | N5: =+Revenues!N5-Expenses!N5 -> 55 | P5: =+IFERROR(IF(E5*K5<0,"n.m.",IF(E5/K5-1>100%,">100%",E5/K5-1)),"n.m.") -> 0.20512821 | S5: =+IFERROR(IF(D5*J5<0,"n.m.",IF(D5/J5-1>100%,">100%",D5/J5-1)),"n.m.") -> 0.42408377
C6: Consumer Residential | D6: =+H6+G6+F6+E6 -> 415 | E6: =Revenues!E6-Expenses!E6 -> 99 | F6: =+Revenues!F6-Expenses!F6 -> 112 | G6: =+Revenues!G6-Expenses!G6 -> 104 | H6: =+Revenues!H6-Expenses!H6 -> 100 | J6: =+N6+M6+L6+K6 -> 404 | K6: =+Revenues!K6-Expenses!K6 -> 96 | L6: =+Revenues!L6-Expenses!L6 -> 108 | M6: =+Revenues!M6-Expenses!M6 -> 103 | N6: =+Revenues!N6-Expenses!N6 -> 97 | P6: =+IFERROR(IF(E6*K6<0,"n.m.",IF(E6/K6-1>100%,">100%",E6/K6-1)),"n.m.") -> 0.03125 | S6: =+IFERROR(IF(D6*J6<0,"n.m.",IF(D6/J6-1>100%,">100%",D6/J6-1)),"n.m.") -> 0.027227723
C7: Business | D7: =+H7+G7+F7+E7 -> 439 | E7: =Revenues!E7-Expenses!E7 -> 112 | F7: =+Revenues!F7-Expenses!F7 -> 119 | G7: =+Revenues!G7-Expenses!G7 -> 88 | H7: =+Revenues!H7-Expenses!H7 -> 120 | J7: =+N7+M7+L7+K7 -> 590 | K7: =+Revenues!K7-Expenses!K7 -> 146 | L7: =+Revenues!L7-Expenses!L7 -> 153 | M7: =+Revenues!M7-Expenses!M7 -> 142 | N7: =+Revenues!N7-Expenses!N7 -> 149 | P7: =+IFERROR(IF(E7*K7<0,"n.m.",IF(E7/K7-1>100%,">100%",E7/K7-1)),"n.m.") -> -0.23287671 | S7: =+IFERROR(IF(D7*J7<0,"n.m.",IF(D7/J7-1>100%,">100%",D7/J7-1)),"n.m.") -> -0.2559322
C8: NetCo | D8: =+H8+G8+F8+E8 -> 1283 | E8: =Revenues!E8-Expenses!E8 -> 328 | F8: =+Revenues!F8-Expenses!F8 -> 329 | G8: =+Revenues!G8-Expenses!G8 -> 315 | H8: =+Revenues!H8-Expenses!H8 -> 311 | J8: =+N8+M8+L8+K8 -> 1241 | K8: =+Revenues!K8-Expenses!K8 -> 321 | L8: =+Revenues!L8-Expenses!L8 -> 302 | M8: =+Revenues!M8-Expenses!M8 -> 314 | N8: =+Revenues!N8-Expenses!N8 -> 304 | P8: =+IFERROR(IF(E8*K8<0,"n.m.",IF(E8/K8-1>100%,">100%",E8/K8-1)),"n.m.") -> 0.021806854 | S8: =+IFERROR(IF(D8*J8<0,"n.m.",IF(D8/J8-1>100%,">100%",D8/J8-1)),"n.m.") -> 0.033843674
C9: Other (incl. eliminations) | D9: =+H9+G9+F9+E9 -> -42 | E9: =Revenues!E9-Expenses!E9 -> -8 | F9: =+Revenues!F9-Expenses!F9 -> -23 | G9: =+Revenues!G9-Expenses!G9 -> -5 | H9: =+Revenues!H9-Expenses!H9 -> -6 | J9: =+N9+M9+L9+K9 -> 24 | K9: =+Revenues!K9-Expenses!K9 -> 54 | L9: =+Revenues!L9-Expenses!L9 -> -3 | M9: =+Revenues!M9-Expenses!M9 -> -19 | N9: =+Revenues!N9-Expenses!N9 -> -8 | P9: =+IFERROR(IF(E9*K9<0,"n.m.",IF(E9/K9-1>100%,">100%",E9/K9-1)),"n.m.") -> n.m. | S9: =+IFERROR(IF(D9*J9<0,"n.m.",IF(D9/J9-1>100%,">100%",D9/J9-1)),"n.m.") -> n.m.
C10: The Netherlands | D10: =+H10+G10+F10+E10 -> 2367 | E10: =Revenues!E10-Expenses!E10 -> 578 | F10: =+Revenues!F10-Expenses!F10 -> 622 | G10: =+Revenues!G10-Expenses!G10 -> 584 | H10: =+Revenues!H10-Expenses!H10 -> 583 | J10: =+N10+M10+L10+K10 -> 2450 | K10: =+Revenues!K10-Expenses!K10 -> 656 | L10: =+Revenues!L10-Expenses!L10 -> 607 | M10: =+Revenues!M10-Expenses!M10 -> 590 | N10: =+Revenues!N10-Expenses!N10 -> 597 | P10: =+IFERROR(IF(E10*K10<0,"n.m.",IF(E10/K10-1>100%,">100%",E10/K10-1)),"n.m.") -> -0.11890244 | S10: =+IFERROR(IF(D10*J10<0,"n.m.",IF(D10/J10-1>100%,">100%",D10/J10-1)),"n.m.") -> -0.033877551
C12: iBasis | D12: =+H12+G12+F12+E12 -> 23 | E12: =Revenues!E12-Expenses!E12 -> 6 | F12: =+Revenues!F12-Expenses!F12 -> 6 | G12: =+Revenues!G12-Expenses!G12 -> 6 | H12: =+Revenues!H12-Expenses!H12 -> 5 | J12: =+N12+M12+L12+K12 -> 23 | K12: =+Revenues!K12-Expenses!K12 -> 6 | L12: =+Revenues!L12-Expenses!L12 -> 7 | M12: =+Revenues!M12-Expenses!M12 -> 5 | N12: =+Revenues!N12-Expenses!N12 -> 5 | P12: =+IFERROR(IF(E12*K12<0,"n.m.",IF(E12/K12-1>100%,">100%",E12/K12-1)),"n.m.") -> 0 | S12: =+IFERROR(IF(D12*J12<0,"n.m.",IF(D12/J12-1>100%,">100%",D12/J12-1)),"n.m.") -> 0
C14: Belgium (discontinued operations) | D14: =+H14+G14+F14+E14 -> 262 | E14: =Revenues!E14-Expenses!E14 -> 144 | F14: =+Revenues!F14-Expenses!F14 -> 46 | G14: =+Revenues!G14-Expenses!G14 -> 46 | H14: =+Revenues!H14-Expenses!H14 -> 26 | J14: =+N14+M14+L14+K14 -> 149 | K14: =+Revenues!K14-Expenses!K14 -> 34 | L14: =+Revenues!L14-Expenses!L14 -> 38 | M14: =+Revenues!M14-Expenses!M14 -> 36 | N14: =+Revenues!N14-Expenses!N14 -> 41 | P14: =+IFERROR(IF(E14*K14<0,"n.m.",IF(E14/K14-1>100%,">100%",E14/K14-1)),"n.m.") -> >100% | S14: =+IFERROR(IF(D14*J14<0,"n.m.",IF(D14/J14-1>100%,">100%",D14/J14-1)),"n.m.") -> 0.75838926
C16: Other activities1 | D16: =+H16+G16+F16+E16 -> -64 | E16: =Revenues!E16-Expenses!E16 -> -5 | F16: =+Revenues!F16-Expenses!F16 -> -25 | G16: =+Revenues!G16-Expenses!G16 -> -23 | H16: =+Revenues!H16-Expenses!H16 -> -11 | J16: =+N16+M16+L16+K16 -> 393 | K16: =+Revenues!K16-Expenses!K16 -> -5 | L16: =+Revenues!L16-Expenses!L16 -> -19 | M16: =+Revenues!M16-Expenses!M16 -> 436 | N16: =+Revenues!N16-Expenses!N16 -> -19 | P16: =+IFERROR(IF(E16*K16<0,"n.m.",IF(E16/K16-1>100%,">100%",E16/K16-1)),"n.m.") -> 0 | S16: =+IFERROR(IF(D16*J16<0,"n.m.",IF(D16/J16-1>100%,">100%",D16/J16-1)),"n.m.") -> n.m.
C18: Total EBITDA (reported; incl. discontinued operations) | D18: =+H18+G18+F18+E18 -> 2588 | E18: =+E10+E12+E16+E14 -> 723 | F18: =+F10+F12+F16+F14 -> 649 | G18: =+G10+G12+G16+G14 -> 613 | H18: =+H10+H12+H16+H14 -> 603 | J18: =+N18+M18+L18+K18 -> 3015 | K18: =+K10+K12+K16+K14 -> 691 | L18: =+L10+L12+L16+L14 -> 633 | M18: =+M10+M12+M16+M14 -> 1067 | N18: =+N10+N12+N16+N14 -> 624 | P18: =+IFERROR(IF(E18*K18<0,"n.m.",IF(E18/K18-1>100%,">100%",E18/K18-1)),"n.m.") -> 0.046309696 | S18: =+IFERROR(IF(D18*J18<0,"n.m.",IF(D18/J18-1>100%,">100%",D18/J18-1)),"n.m.") -> -0.14162521
C20: Of which discontinued operations | D20: =+H20+G20+F20+E20 -> 264 | E20: =Revenues!E22-Expenses!E22 -> 145 | F20: =+Revenues!F22-Expenses!F22 -> 47 | G20: =+Revenues!G22-Expenses!G22 -> 45 | H20: =+Revenues!H22-Expenses!H22 -> 27 | I20: =+Revenues!I22-Expenses!I22 -> 0 | J20: =+N20+M20+L20+K20 -> 149 | K20: =+Revenues!K22-Expenses!K22 -> 35 | L20: =+Revenues!L22-Expenses!L22 -> 38 | M20: =+Revenues!M22-Expenses!M22 -> 37 | N20: =+Revenues!N22-Expenses!N22 -> 39 | P20: =+IFERROR(IF(E20*K20<0,"n.m.",IF(E20/K20-1>100%,">100%",E20/K20-1)),"n.m.") -> >100% | S20: =+IFERROR(IF(D20*J20<0,"n.m.",IF(D20/J20-1>100%,">100%",D20/J20-1)),"n.m.") -> 0.77181208
C22: Total EBITDA (reported) from continuing operations | D22: =+H22+G22+F22+E22 -> 2324 | E22: =+E18-E20 -> 578 | F22: =+F18-F20 -> 602 | G22: =+G18-G20 -> 568 | H22: =+H18-H20 -> 576 | J22: =+N22+M22+L22+K22 -> 2866 | K22: =+K18-K20 -> 656 | L22: =+L18-L20 -> 595 | M22: =+M18-M20 -> 1030 | N22: =+N18-N20 -> 585 | P22: =+IFERROR(IF(E22*K22<0,"n.m.",IF(E22/K22-1>100%,">100%",E22/K22-1)),"n.m.") -> -0.11890244 | S22: =+IFERROR(IF(D22*J22<0,"n.m.",IF(D22/J22-1>100%,">100%",D22/J22-1)),"n.m.") -> -0.18911375
B25: 1 Including € 451m and € 26m release of provision related to the pension plan agreements in The Netherlands in Q2 2014 and Q4 2014 respectively
C28: Consolidated figures | D28: =+D2 -> 2015 | E28: Q4 '15 | F28: =+F2 -> Q3 '15 | G28: =+G2 -> Q2 '15 | H28: =+H2 -> Q1 '15 | J28: =+J2 -> 2014 | K28: =+K2 -> Q4 '14 | L28: =+L2 -> Q3 '14 | M28: =+M2 -> Q2 '14 | N28: =+N2 -> Q1 '14
C29: EBITDA margin
C31: Consumer Mobile | D31: =D5/Revenues!D5 -> 0.18617385 | E31: =E5/Revenues!E5 -> 0.1280654 | F31: =F5/Revenues!F5 -> 0.22606383 | G31: =G5/Revenues!G5 -> 0.21925134 | H31: =H5/Revenues!H5 -> 0.16860465 | J31: =J5/Revenues!J5 -> 0.13574982 | K31: =K5/Revenues!K5 -> 0.11079545 | L31: =L5/Revenues!L5 -> 0.13276836 | M31: =M5/Revenues!M5 -> 0.14124294 | N31: =N5/Revenues!N5 -> 0.15850144
C32: Consumer Residential | D32: =D6/Revenues!D6 -> 0.21413829 | E32: =E6/Revenues!E6 -> 0.20162933 | F32: =F6/Revenues!F6 -> 0.23045267 | G32: =G6/Revenues!G6 -> 0.21757322 | H32: =H6/Revenues!H6 -> 0.20703934 | J32: =J6/Revenues!J6 -> 0.21085595 | K32: =K6/Revenues!K6 -> 0.2 | L32: =L6/Revenues!L6 -> 0.22641509 | M32: =M6/Revenues!M6 -> 0.21638655 | N32: =N6/Revenues!N6 -> 0.20082816
C33: Business | D33: =D7/Revenues!D7 -> 0.16509966 | E33: =E7/Revenues!E7 -> 0.16666667 | F33: =F7/Revenues!F7 -> 0.18167939 | G33: =G7/Revenues!G7 -> 0.13496933 | H33: =H7/Revenues!H7 -> 0.17647059 | J33: =J7/Revenues!J7 -> 0.20205479 | K33: =K7/Revenues!K7 -> 0.19414894 | L33: =L7/Revenues!L7 -> 0.21671388 | M33: =M7/Revenues!M7 -> 0.19398907 | N33: =N7/Revenues!N7 -> 0.20410959
C34: NetCo | D34: =D8/Revenues!D8 -> 0.58691674 | E34: =E8/Revenues!E8 -> 0.59963437 | F34: =F8/Revenues!F8 -> 0.60036496 | G34: =G8/Revenues!G8 -> 0.57904412 | H34: =H8/Revenues!H8 -> 0.56855576 | J34: =J8/Revenues!J8 -> 0.54862953 | K34: =K8/Revenues!K8 -> 0.56713781 | L34: =L8/Revenues!L8 -> 0.54219031 | M34: =M8/Revenues!M8 -> 0.55087719 | N34: =N8/Revenues!N8 -> 0.53427065
C35: Other (incl. eliminations) | D35: =D9/Revenues!D9 -> 0.020309478 | E35: =E9/Revenues!E9 -> 0.015267176 | F35: =F9/Revenues!F9 -> 0.044747082 | G35: =G9/Revenues!G9 -> 0.0097465887 | H35: =H9/Revenues!H9 -> 0.011605416 | J35: =J9/Revenues!J9 -> -0.011707317 | K35: =K9/Revenues!K9 -> -0.11713666 | L35: =L9/Revenues!L9 -> 0.0056710775 | M35: =M9/Revenues!M9 -> 0.035916824 | N35: =N9/Revenues!N9 -> 0.015065913
C36: The Netherlands | D36: =D10/Revenues!D10 -> 0.38325777 | E36: =E10/Revenues!E10 -> 0.37218287 | F36: =F10/Revenues!F10 -> 0.40103159 | G36: =G10/Revenues!G10 -> 0.38045603 | H36: =H10/Revenues!H10 -> 0.37931034 | J36: =J10/Revenues!J10 -> 0.37955074 | K36: =K10/Revenues!K10 -> 0.3883955 | L36: =L10/Revenues!L10 -> 0.38785942 | M36: =M10/Revenues!M10 -> 0.36805989 | N36: =N10/Revenues!N10 -> 0.37359199
C38: iBasis | D38: =D12/Revenues!D12 -> 0.025 | E38: =E12/Revenues!E12 -> 0.027522936 | F38: =F12/Revenues!F12 -> 0.024896266 | G38: =G12/Revenues!G12 -> 0.025641026 | H38: =H12/Revenues!H12 -> 0.022026432 | J38: =J12/Revenues!J12 -> 0.024261603 | K38: =K12/Revenues!K12 -> 0.024193548 | L38: =L12/Revenues!L12 -> 0.028806584 | M38: =M12/Revenues!M12 -> 0.021645022 | N38: =N12/Revenues!N12 -> 0.022123894
C40: Belgium (discontinued operations) | D40: =D14/Revenues!D14 -> 0.35026738 | E40: =E14/Revenues!E14 -> 0.6 | F40: =F14/Revenues!F14 -> 0.27058824 | G40: =G14/Revenues!G14 -> 0.27218935 | H40: =H14/Revenues!H14 -> 0.15384615 | J40: =J14/Revenues!J14 -> 0.20956399 | K40: =K14/Revenues!K14 -> 0.18888889 | L40: =L14/Revenues!L14 -> 0.21590909 | M40: =M14/Revenues!M14 -> 0.20224719 | N40: =N14/Revenues!N14 -> 0.23163842
C42: Other activities1 | D42: =D16/Revenues!D16 -> -1.7297297 | E42: =E16/Revenues!E16 -> -1.6666667 | F42: =F16/Revenues!F16 -> -6.25 | G42: =G16/Revenues!G16 -> -5.75 | H42: =H16/Revenues!H16 -> -0.42307692 | J42: =J16/Revenues!J16 -> 2.1129032 | K42: =K16/Revenues!K16 -> -0.14705882 | L42: =L16/Revenues!L16 -> -0.35185185 | M42: =M16/Revenues!M16 -> 9.0833333 | N42: =N16/Revenues!N16 -> -0.38
C44: Total EBITDA margin (reported; incl. discontinued operations) | D44: =D18/Revenues!D20 -> 0.33505955 | E44: =E18/Revenues!E20 -> 0.36552073 | F44: =F18/Revenues!F20 -> 0.33714286 | G44: =G18/Revenues!G20 -> 0.32229232 | H44: =H18/Revenues!H20 -> 0.31422616 | J44: =J18/Revenues!J20 -> 0.37300507 | K44: =K18/Revenues!K20 -> 0.32826603 | L44: =L18/Revenues!L20 -> 0.32002022 | M44: =M18/Revenues!M20 -> 0.53243513 | N44: =N18/Revenues!N20 -> 0.31262525
C46: EBITDA margin (reported) from discontinued operations | D46: =D20/Revenues!D22 -> 0.36871508 | E46: =E20/Revenues!E22 -> 0.6223176 | F46: =F20/Revenues!F22 -> 0.29192547 | G46: =G20/Revenues!G22 -> 0.27950311 | H46: =H20/Revenues!H22 -> 0.16770186 | J46: =J20/Revenues!J22 -> 0.22106825 | K46: =K20/Revenues!K22 -> 0.20348837 | L46: =L20/Revenues!L22 -> 0.22754491 | M46: =M20/Revenues!M22 -> 0.21893491 | N46: =N20/Revenues!N22 -> 0.23493976
C48: Total EBITDA margin (reported) from continuing operations | D48: =D22/Revenues!D24 -> 0.331621 | E48: =E22/Revenues!E24 -> 0.33123209 | F48: =F22/Revenues!F24 -> 0.34126984 | G48: =G22/Revenues!G24 -> 0.32624928 | H48: =H22/Revenues!H24 -> 0.32764505 | J48: =J22/Revenues!J24 -> 0.38682683 | K48: =K22/Revenues!K24 -> 0.33936886 | L48: =L22/Revenues!L24 -> 0.32854776 | M48: =M22/Revenues!M24 -> 0.5613079 | N48: =N22/Revenues!N24 -> 0.31967213
B51: 1 Including € 451m and € 26m release of provision related to the pension plan agreements in The Netherlands in Q2 2014 and Q4 2014 respectively
C54: Consolidated figures | D54: =+D2 -> 2015 | E54: Q4 '15 | F54: =+F2 -> Q3 '15 | G54: =+G2 -> Q2 '15 | H54: =+H2 -> Q1 '15 | J54: =+J2 -> 2014 | K54: =+K2 -> Q4 '14 | L54: =+L2 -> Q3 '14 | M54: =+M2 -> Q2 '14 | N54: =+N2 -> Q1 '14 | P54: =+P2 -> y-on-y | S54: =+S2 -> y-on-y
C55: Adjusted EBITDA | P55: =+P3 -> Q4% | S55: =+S3 -> FY%
C57: Consumer Mobile | D57: =+H57+G57+F57+E57 -> 282 | E57: =+'Growth analysis Q4'!G32 -> 49 | F57: =+'Growth analysis Q3'!G32 -> 90 | G57: =+'Growth analysis Q2'!G32 -> 82 | H57: =+'Growth analysis Q1'!G32 -> 61 | J57: =+N57+M57+L57+K57 -> 192 | K57: =+'Growth analysis Q4'!L32 -> 39 | L57: =+'Growth analysis Q3'!L32 -> 47 | M57: =+'Growth analysis Q2'!L32 -> 51 | N57: =+'Growth analysis Q1'!L32 -> 55 | P57: =+IFERROR(IF(E57*K57<0,"n.m.",IF(E57/K57-1>100%,">100%",E57/K57-1)),"n.m.") -> 0.25641026 | S57: =+IFERROR(IF(D57*J57<0,"n.m.",IF(D57/J57-1>100%,">100%",D57/J57-1)),"n.m.") -> 0.46875
C58: Consumer Residential | D58: =+H58+G58+F58+E58 -> 419 | E58: =+'Growth analysis Q4'!G33 -> 100 | F58: =+'Growth analysis Q3'!G33 -> 113 | G58: =+'Growth analysis Q2'!G33 -> 105 | H58: =+'Growth analysis Q1'!G33 -> 101 | J58: =+N58+M58+L58+K58 -> 412 | K58: =+'Growth analysis Q4'!L33 -> 97 | L58: =+'Growth analysis Q3'!L33 -> 109 | M58: =+'Growth analysis Q2'!L33 -> 106 | N58: =+'Growth analysis Q1'!L33 -> 100 | P58: =+IFERROR(IF(E58*K58<0,"n.m.",IF(E58/K58-1>100%,">100%",E58/K58-1)),"n.m.") -> 0.030927835 | S58: =+IFERROR(IF(D58*J58<0,"n.m.",IF(D58/J58-1>100%,">100%",D58/J58-1)),"n.m.") -> 0.016990291
C59: Business | D59: =+H59+G59+F59+E59 -> 489 | E59: =+'Growth analysis Q4'!G34 -> 115 | F59: =+'Growth analysis Q3'!G34 -> 124 | G59: =+'Growth analysis Q2'!G34 -> 123 | H59: =+'Growth analysis Q1'!G34 -> 127 | J59: =+N59+M59+L59+K59 -> 606 | K59: =+'Growth analysis Q4'!L34 -> 149 | L59: =+'Growth analysis Q3'!L34 -> 158 | M59: =+'Growth analysis Q2'!L34 -> 153 | N59: =+'Growth analysis Q1'!L34 -> 146 | P59: =+IFERROR(IF(E59*K59<0,"n.m.",IF(E59/K59-1>100%,">100%",E59/K59-1)),"n.m.") -> -0.22818792 | S59: =+IFERROR(IF(D59*J59<0,"n.m.",IF(D59/J59-1>100%,">100%",D59/J59-1)),"n.m.") -> -0.19306931
C60: NetCo | D60: =+H60+G60+F60+E60 -> 1291 | E60: =+'Growth analysis Q4'!G35 -> 331 | F60: =+'Growth analysis Q3'!G35 -> 332 | G60: =+'Growth analysis Q2'!G35 -> 314 | H60: =+'Growth analysis Q1'!G35 -> 314 | J60: =+N60+M60+L60+K60 -> 1228 | K60: =+'Growth analysis Q4'!L35 -> 322 | L60: =+'Growth analysis Q3'!L35 -> 304 | M60: =+'Growth analysis Q2'!L35 -> 305 | N60: =+'Growth analysis Q1'!L35 -> 297 | P60: =+IFERROR(IF(E60*K60<0,"n.m.",IF(E60/K60-1>100%,">100%",E60/K60-1)),"n.m.") -> 0.027950311 | S60: =+IFERROR(IF(D60*J60<0,"n.m.",IF(D60/J60-1>100%,">100%",D60/J60-1)),"n.m.") -> 0.051302932
C61: Other (incl. eliminations) | D61: =+H61+G61+F61+E61 -> -34 | E61: =+'Growth analysis Q4'!G36 -> -8 | F61: =+'Growth analysis Q3'!G36 -> -13 | G61: =+'Growth analysis Q2'!G36 -> -8 | H61: =+'Growth analysis Q1'!G36 -> -5 | J61: =+N61+M61+L61+K61 -> 9 | K61: =+'Growth analysis Q4'!L36 -> 37 | L61: =+'Growth analysis Q3'!L36 -> -4 | M61: =+'Growth analysis Q2'!L36 -> -15 | N61: =+'Growth analysis Q1'!L36 -> -9 | P61: =+IFERROR(IF(E61*K61<0,"n.m.",IF(E61/K61-1>100%,">100%",E61/K61-1)),"n.m.") -> n.m. | S61: =+IFERROR(IF(D61*J61<0,"n.m.",IF(D61/J61-1>100%,">100%",D61/J61-1)),"n.m.") -> n.m.
C62: The Netherlands | D62: =+H62+G62+F62+E62 -> 2447 | E62: =+'Growth analysis Q4'!G37 -> 587 | F62: =+'Growth analysis Q3'!G37 -> 646 | G62: =+'Growth analysis Q2'!G37 -> 616 | H62: =+'Growth analysis Q1'!G37 -> 598 | J62: =+N62+M62+L62+K62 -> 2447 | K62: =+'Growth analysis Q4'!L37 -> 644 | L62: =+'Growth analysis Q3'!L37 -> 614 | M62: =+'Growth analysis Q2'!L37 -> 600 | N62: =+'Growth analysis Q1'!L37 -> 589 | P62: =+IFERROR(IF(E62*K62<0,"n.m.",IF(E62/K62-1>100%,">100%",E62/K62-1)),"n.m.") -> -0.088509317 | S62: =+IFERROR(IF(D62*J62<0,"n.m.",IF(D62/J62-1>100%,">100%",D62/J62-1)),"n.m.") -> 0
C64: iBasis | D64: =+H64+G64+F64+E64 -> 23 | E64: =+'Growth analysis Q4'!G39 -> 6 | F64: =+'Growth analysis Q3'!G39 -> 6 | G64: =+'Growth analysis Q2'!G39 -> 6 | H64: =+'Growth analysis Q1'!G39 -> 5 | J64: =+N64+M64+L64+K64 -> 23 | K64: =+'Growth analysis Q4'!L39 -> 6 | L64: =+'Growth analysis Q3'!L39 -> 7 | M64: =+'Growth analysis Q2'!L39 -> 5 | N64: =+'Growth analysis Q1'!L39 -> 5 | P64: =+IFERROR(IF(E64*K64<0,"n.m.",IF(E64/K64-1>100%,">100%",E64/K64-1)),"n.m.") -> 0 | S64: =+IFERROR(IF(D64*J64<0,"n.m.",IF(D64/J64-1>100%,">100%",D64/J64-1)),"n.m.") -> 0
C66: Belgium (discontinued operations) | D66: =+H66+G66+F66+E66 -> 170 | E66: =+'Growth analysis Q4'!G41 -> 52 | F66: =+'Growth analysis Q3'!G41 -> 46 | G66: =+'Growth analysis Q2'!G41 -> 46 | H66: =+'Growth analysis Q1'!G41 -> 26 | J66: =+N66+M66+L66+K66 -> 156 | K66: =+'Growth analysis Q4'!L41 -> 38 | L66: =+'Growth analysis Q3'!L41 -> 38 | M66: =+'Growth analysis Q2'!L41 -> 39 | N66: =+'Growth analysis Q1'!L41 -> 41 | P66: =+IFERROR(IF(E66*K66<0,"n.m.",IF(E66/K66-1>100%,">100%",E66/K66-1)),"n.m.") -> 0.36842105 | S66: =+IFERROR(IF(D66*J66<0,"n.m.",IF(D66/J66-1>100%,">100%",D66/J66-1)),"n.m.") -> 0.08974359
C68: Other activities | D68: =+H68+G68+F68+E68 -> -49 | E68: =+'Growth analysis Q4'!G43 -> -10 | F68: =+'Growth analysis Q3'!G43 -> -11 | G68: =+'Growth analysis Q2'!G43 -> -21 | H68: =+'Growth analysis Q1'!G43 -> -7 | J68: =+N68+M68+L68+K68 -> -53 | K68: =+'Growth analysis Q4'!L43 -> -19 | L68: =+'Growth analysis Q3'!L43 -> -9 | M68: =+'Growth analysis Q2'!L43 -> -11 | N68: =+'Growth analysis Q1'!L43 -> -14 | P68: =+IFERROR(IF(E68*K68<0,"n.m.",IF(E68/K68-1>100%,">100%",E68/K68-1)),"n.m.") -> -0.47368421 | S68: =+IFERROR(IF(D68*J68<0,"n.m.",IF(D68/J68-1>100%,">100%",D68/J68-1)),"n.m.") -> -0.075471698
C70: Total adjusted EBITDA (incl. discontinued operations) | D70: =+H70+G70+F70+E70 -> 2591 | E70: =+'Growth analysis Q4'!G45 -> 635 | F70: =+'Growth analysis Q3'!G45 -> 687 | G70: =+'Growth analysis Q2'!G45 -> 647 | H70: =+'Growth analysis Q1'!G45 -> 622 | J70: =+N70+M70+L70+K70 -> 2573 | K70: =+'Growth analysis Q4'!L45 -> 669 | L70: =+'Growth analysis Q3'!L45 -> 650 | M70: =+'Growth analysis Q2'!L45 -> 633 | N70: =+'Growth analysis Q1'!L45 -> 621 | P70: =+IFERROR(IF(E70*K70<0,"n.m.",IF(E70/K70-1>100%,">100%",E70/K70-1)),"n.m.") -> -0.050822123 | S70: =+IFERROR(IF(D70*J70<0,"n.m.",IF(D70/J70-1>100%,">100%",D70/J70-1)),"n.m.") -> 0.0069957248
C72: Of which discontinued operations | D72: =+H72+G72+F72+E72 -> 172 | E72: =+'Growth analysis Q4'!G47 -> 53 | F72: =+'Growth analysis Q3'!G47 -> 47 | G72: =+'Growth analysis Q2'!G47 -> 45 | H72: =+'Growth analysis Q1'!G47 -> 27 | J72: =+N72+M72+L72+K72 -> 156 | K72: =+'Growth analysis Q4'!L47 -> 39 | L72: =+'Growth analysis Q3'!L47 -> 38 | M72: =+'Growth analysis Q2'!L47 -> 40 | N72: =+'Growth analysis Q1'!L47 -> 39 | P72: =+IFERROR(IF(E72*K72<0,"n.m.",IF(E72/K72-1>100%,">100%",E72/K72-1)),"n.m.") -> 0.35897436 | S72: =+IFERROR(IF(D72*J72<0,"n.m.",IF(D72/J72-1>100%,">100%",D72/J72-1)),"n.m.") -> 0.1025641
C74: Total adjusted EBITDA from continuing operations | D74: =+H74+G74+F74+E74 -> 2419 | E74: =+'Growth analysis Q4'!G49 -> 582 | F74: =+'Growth analysis Q3'!G49 -> 640 | G74: =+'Growth analysis Q2'!G49 -> 602 | H74: =+'Growth analysis Q1'!G49 -> 595 | J74: =+N74+M74+L74+K74 -> 2417 | K74: =+'Growth analysis Q4'!L49 -> 630 | L74: =+'Growth analysis Q3'!L49 -> 612 | M74: =+'Growth analysis Q2'!L49 -> 593 | N74: =+'Growth analysis Q1'!L49 -> 582 | P74: =+IFERROR(IF(E74*K74<0,"n.m.",IF(E74/K74-1>100%,">100%",E74/K74-1)),"n.m.") -> -0.076190476 | S74: =+IFERROR(IF(D74*J74<0,"n.m.",IF(D74/J74-1>100%,">100%",D74/J74-1)),"n.m.") -> 0.00082747207
C79: Consolidated figures | D79: =+D54 -> 2015 | E79: Q4 '15 | F79: =+F54 -> Q3 '15 | G79: =+G54 -> Q2 '15 | H79: =+H54 -> Q1 '15 | J79: =+J54 -> 2014 | K79: =+K54 -> Q4 '14 | L79: =+L54 -> Q3 '14 | M79: =+M54 -> Q2 '14 | N79: =+N54 -> Q1 '14
C80: Adjusted EBITDA margin
C82: Consumer Mobile | D82: =+'Growth analysis FY'!G57 -> 0.19301848 | E82: =+'Growth analysis Q4'!G57 -> 0.13351499 | F82: =+'Growth analysis Q3'!G57 -> 0.2393617 | G82: =+'Growth analysis Q2'!G57 -> 0.21925134 | H82: =+'Growth analysis Q1'!G57 -> 0.17732558 | J82: =+'Growth analysis FY'!L57 -> 0.13646055 | K82: =+'Growth analysis Q4'!L57 -> 0.11079545 | L82: =+'Growth analysis Q3'!L57 -> 0.13276836 | M82: =+'Growth analysis Q2'!L57 -> 0.1440678 | N82: =+'Growth analysis Q1'!L57 -> 0.15850144
C83: Consumer Residential | D83: =+'Growth analysis FY'!G58 -> 0.21620227 | E83: ='Growth analysis Q4'!G58 -> 0.20366599 | F83: =+'Growth analysis Q3'!G58 -> 0.23251029 | G83: =+'Growth analysis Q2'!G58 -> 0.21966527 | H83: =+'Growth analysis Q1'!G58 -> 0.20910973 | J83: =+'Growth analysis FY'!L58 -> 0.21503132 | K83: =+'Growth analysis Q4'!L58 -> 0.20208333 | L83: =+'Growth analysis Q3'!L58 -> 0.22851153 | M83: =+'Growth analysis Q2'!L58 -> 0.22268908 | N83: =+'Growth analysis Q1'!L58 -> 0.20703934
C84: Business | D84: =+'Growth analysis FY'!G59 -> 0.18321469 | E84: ='Growth analysis Q4'!G59 -> 0.17113095 | F84: =+'Growth analysis Q3'!G59 -> 0.18931298 | G84: =+'Growth analysis Q2'!G59 -> 0.1858006 | H84: =+'Growth analysis Q1'!G59 -> 0.18676471 | J84: =+'Growth analysis FY'!L59 -> 0.20824742 | K84: =+'Growth analysis Q4'!L59 -> 0.19946452 | L84: =+'Growth analysis Q3'!L59 -> 0.22379603 | M84: =+'Growth analysis Q2'!L59 -> 0.21045392 | N84: =+'Growth analysis Q1'!L59 -> 0.2
C85: NetCo | D85: =+'Growth analysis FY'!G60 -> 0.5905764 | E85: ='Growth analysis Q4'!G60 -> 0.60511883 | F85: =+'Growth analysis Q3'!G60 -> 0.60583942 | G85: =+'Growth analysis Q2'!G60 -> 0.57720588 | H85: =+'Growth analysis Q1'!G60 -> 0.57404022 | J85: =+'Growth analysis FY'!L60 -> 0.54699332 | K85: =+'Growth analysis Q4'!L60 -> 0.56890459 | L85: =+'Growth analysis Q3'!L60 -> 0.54578097 | M85: =+'Growth analysis Q2'!L60 -> 0.54464286 | N85: =+'Growth analysis Q1'!L60 -> 0.52846975
C86: Other (incl. eliminations) | D86: =+'Growth analysis FY'!G61 -> 0.016441006 | E86: ='Growth analysis Q4'!G61 -> 0.015267176 | F86: =+'Growth analysis Q3'!G61 -> 0.025291829 | G86: =+'Growth analysis Q2'!G61 -> 0.015594542 | H86: =+'Growth analysis Q1'!G61 -> 0.0096711799 | J86: =+'Growth analysis FY'!L61 -> -0.0043269231 | K86: =+'Growth analysis Q4'!L61 -> -0.075356415 | L86: =+'Growth analysis Q3'!L61 -> 0.0075614367 | M86: =+'Growth analysis Q2'!L61 -> 0.028355388 | N86: =+'Growth analysis Q1'!L61 -> 0.016949153
C87: The Netherlands | D87: =+'Growth analysis FY'!G62 -> 0.39557064 | E87: ='Growth analysis Q4'!G62 -> 0.37797811 | F87: =+'Growth analysis Q3'!G62 -> 0.41650548 | G87: =+'Growth analysis Q2'!G62 -> 0.3987055 | H87: =+'Growth analysis Q1'!G62 -> 0.38906962 | J87: =+'Growth analysis FY'!L62 -> 0.38246327 | K87: =+'Growth analysis Q4'!L62 -> 0.38935913 | L87: =+'Growth analysis Q3'!L62 -> 0.39233227 | M87: =+'Growth analysis Q2'!L62 -> 0.37783375 | N87: =+'Growth analysis Q1'!L62 -> 0.37020742
C89: iBasis | D89: =+'Growth analysis FY'!G64 -> 0.025 | E89: ='Growth analysis Q4'!G64 -> 0.027522936 | F89: =+'Growth analysis Q3'!G64 -> 0.024896266 | G89: =+'Growth analysis Q2'!G64 -> 0.025641026 | H89: =+'Growth analysis Q1'!G64 -> 0.022026432 | J89: =+'Growth analysis FY'!L64 -> 0.024261603 | K89: =+'Growth analysis Q4'!L64 -> 0.024193548 | L89: =+'Growth analysis Q3'!L64 -> 0.028806584 | M89: =+'Growth analysis Q2'!L64 -> 0.021645022 | N89: =+'Growth analysis Q1'!L64 -> 0.022123894
C91: Belgium (discontinued operations) | D91: =+'Growth analysis FY'!G66 -> 0.24926686 | E91: ='Growth analysis Q4'!G66 -> 0.29885057 | F91: =+'Growth analysis Q3'!G66 -> 0.27058824 | G91: =+'Growth analysis Q2'!G66 -> 0.27218935 | H91: =+'Growth analysis Q1'!G66 -> 0.15384615 | J91: =+'Growth analysis FY'!L66 -> 0.22002821 | K91: =+'Growth analysis Q4'!L66 -> 0.21348315 | L91: =+'Growth analysis Q3'!L66 -> 0.21590909 | M91: =+'Growth analysis Q2'!L66 -> 0.21910112 | N91: =+'Growth analysis Q1'!L66 -> 0.23163842
C93: Other activities | D93: =+'Growth analysis FY'!G68 -> -1.3243243 | E93: ='Growth analysis Q4'!G68 -> -3.3333333 | F93: =+'Growth analysis Q3'!G68 -> -2.75 | G93: =+'Growth analysis Q2'!G68 -> -5.25 | H93: =+'Growth analysis Q1'!G68 -> -0.26923077 | J93: =+'Growth analysis FY'!L68 -> -0.28494624 | K93: =+'Growth analysis Q4'!L68 -> -0.55882353 | L93: =+'Growth analysis Q3'!L68 -> -0.16666667 | M93: =+'Growth analysis Q2'!L68 -> -0.22916667 | N93: =+'Growth analysis Q1'!L68 -> -0.28
C95: Total adjusted EBITDA margin (incl. discontinued operations) | D95: =+'Growth analysis FY'!G70 -> 0.33789776 | E95: ='Growth analysis Q4'!G70 -> 0.33211297 | F95: =+'Growth analysis Q3'!G70 -> 0.35688312 | G95: =+'Growth analysis Q2'!G70 -> 0.33838912 | H95: =+'Growth analysis Q1'!G70 -> 0.32412715 | J95: =+'Growth analysis FY'!L70 -> 0.32066301 | K95: =+'Growth analysis Q4'!L70 -> 0.32350097 | L95: =+'Growth analysis Q3'!L70 -> 0.32861476 | M95: =+'Growth analysis Q2'!L70 -> 0.31825038 | N95: =+'Growth analysis Q1'!L70 -> 0.31221719
C97: Adjusted EBITDA margin from discontinued operations | D97: =+'Growth analysis FY'!G72 -> 0.26461538 | E97: ='Growth analysis Q4'!G72 -> 0.31736527 | F97: =+'Growth analysis Q3'!G72 -> 0.29192547 | G97: =+'Growth analysis Q2'!G72 -> 0.27950311 | H97: =+'Growth analysis Q1'!G72 -> 0.16770186 | J97: =+'Growth analysis FY'!L72 -> 0.23214286 | K97: =+'Growth analysis Q4'!L72 -> 0.22941176 | L97: =+'Growth analysis Q3'!L72 -> 0.22754491 | M97: =+'Growth analysis Q2'!L72 -> 0.23668639 | N97: =+'Growth analysis Q1'!L72 -> 0.23493976
C99: Total adjusted EBITDA margin from continuing operations | D99: =+'Growth analysis FY'!G74 -> 0.3446851 | E99: ='Growth analysis Q4'!G74 -> 0.33352436 | F99: =+'Growth analysis Q3'!G74 -> 0.36281179 | G99: =+'Growth analysis Q2'!G74 -> 0.34380354 | H99: =+'Growth analysis Q1'!G74 -> 0.33845279 | J99: =+'Growth analysis FY'!L74 -> 0.32875408 | K99: =+'Growth analysis Q4'!L74 -> 0.33192835 | L99: =+'Growth analysis Q3'!L74 -> 0.33793484 | M99: =+'Growth analysis Q2'!L74 -> 0.32582418 | N99: =+'Growth analysis Q1'!L74 -> 0.31925398
C104: Consolidated figures | D104: =+D54 -> 2015 | E104: Q4 '15 | F104: =+F54 -> Q3 '15 | G104: =+G54 -> Q2 '15 | H104: =+H54 -> Q1 '15 | J104: =+J54 -> 2014 | K104: =+K54 -> Q4 '14 | L104: =+L54 -> Q3 '14 | M104: =+M54 -> Q2 '14 | N104: =+N54 -> Q1 '14 | P104: =+P54 -> y-on-y | S104: =+S54 -> y-on-y
C105: Operating profit | P105: =+P55 -> Q4% | S105: =+S55 -> FY%
C107: Consumer Mobile | D107: =+H107+G107+F107+E107 -> 178 | E107: =+'Profit & Margin'!E5-Expenses!E33-Expenses!E58 -> 28 | F107: =+'Profit & Margin'!F5-Expenses!F33-Expenses!F58 -> 63 | G107: =+'Profit & Margin'!G5-Expenses!G33-Expenses!G58 -> 60 | H107: =+'Profit & Margin'!H5-Expenses!H33-Expenses!H58 -> 27 | J107: =+N107+M107+L107+K107 -> 25 | K107: =+'Profit & Margin'!K5-Expenses!K33-Expenses!K58 -> 2 | L107: =+'Profit & Margin'!L5-Expenses!L33-Expenses!L58 -> 8 | M107: =+'Profit & Margin'!M5-Expenses!M33-Expenses!M58 -> 8 | N107: =+'Profit & Margin'!N5-Expenses!N33-Expenses!N58 -> 7 | P107: =+IFERROR(IF(E107*K107<0,"n.m.",IF(E107/K107-1>100%,">100%",E107/K107-1)),"n.m.") -> >100% | S107: =+IFERROR(IF(D107*J107<0,"n.m.",IF(D107/J107-1>100%,">100%",D107/J107-1)),"n.m.") -> >100%
C108: Consumer Residential | D108: =+H108+G108+F108+E108 -> 136 | E108: =+'Profit & Margin'!E6-Expenses!E34-Expenses!E59 -> 33 | F108: =+'Profit & Margin'!F6-Expenses!F34-Expenses!F59 -> 44 | G108: =+'Profit & Margin'!G6-Expenses!G34-Expenses!G59 -> 30 | H108: =+'Profit & Margin'!H6-Expenses!H34-Expenses!H59 -> 29 | J108: =+N108+M108+L108+K108 -> 105 | K108: =+'Profit & Margin'!K6-Expenses!K34-Expenses!K59 -> 20 | L108: =+'Profit & Margin'!L6-Expenses!L34-Expenses!L59 -> 36 | M108: =+'Profit & Margin'!M6-Expenses!M34-Expenses!M59 -> 23 | N108: =+'Profit & Margin'!N6-Expenses!N34-Expenses!N59 -> 26 | P108: =+IFERROR(IF(E108*K108<0,"n.m.",IF(E108/K108-1>100%,">100%",E108/K108-1)),"n.m.") -> 0.65 | S108: =+IFERROR(IF(D108*J108<0,"n.m.",IF(D108/J108-1>100%,">100%",D108/J108-1)),"n.m.") -> 0.2952381
C109: Business | D109: =+H109+G109+F109+E109 -> 264 | E109: =+'Profit & Margin'!E7-Expenses!E35-Expenses!E60 -> 68 | F109: =+'Profit & Margin'!F7-Expenses!F35-Expenses!F60 -> 76 | G109: =+'Profit & Margin'!G7-Expenses!G35-Expenses!G60 -> 44 | H109: =+'Profit & Margin'!H7-Expenses!H35-Expenses!H60 -> 76 | J109: =+N109+M109+L109+K109 -> 384 | K109: =+'Profit & Margin'!K7-Expenses!K35-Expenses!K60 -> 95 | L109: =+'Profit & Margin'!L7-Expenses!L35-Expenses!L60 -> 102 | M109: =+'Profit & Margin'!M7-Expenses!M35-Expenses!M60 -> 91 | N109: =+'Profit & Margin'!N7-Expenses!N35-Expenses!N60 -> 96 | P109: =+IFERROR(IF(E109*K109<0,"n.m.",IF(E109/K109-1>100%,">100%",E109/K109-1)),"n.m.") -> -0.28421053 | S109: =+IFERROR(IF(D109*J109<0,"n.m.",IF(D109/J109-1>100%,">100%",D109/J109-1)),"n.m.") -> -0.3125
C110: NetCo | D110: =+H110+G110+F110+E110 -> 280 | E110: =+'Profit & Margin'!E8-Expenses!E36-Expenses!E61 -> 67 | F110: =+'Profit & Margin'!F8-Expenses!F36-Expenses!F61 -> 78 | G110: =+'Profit & Margin'!G8-Expenses!G36-Expenses!G61 -> 67 | H110: =+'Profit & Margin'!H8-Expenses!H36-Expenses!H61 -> 68 | J110: =+N110+M110+L110+K110 -> 303 | K110: =+'Profit & Margin'!K8-Expenses!K36-Expenses!K61 -> 76 | L110: =+'Profit & Margin'!L8-Expenses!L36-Expenses!L61 -> 75 | M110: =+'Profit & Margin'!M8-Expenses!M36-Expenses!M61 -> 76 | N110: =+'Profit & Margin'!N8-Expenses!N36-Expenses!N61 -> 76 | P110: =+IFERROR(IF(E110*K110<0,"n.m.",IF(E110/K110-1>100%,">100%",E110/K110-1)),"n.m.") -> -0.11842105 | S110: =+IFERROR(IF(D110*J110<0,"n.m.",IF(D110/J110-1>100%,">100%",D110/J110-1)),"n.m.") -> -0.075907591
C111: Other (incl. eliminations) | D111: =+H111+G111+F111+E111 -> -87 | E111: =+'Profit & Margin'!E9-Expenses!E37-Expenses!E62 -> -28 | F111: =+'Profit & Margin'!F9-Expenses!F37-Expenses!F62 -> -34 | G111: =+'Profit & Margin'!G9-Expenses!G37-Expenses!G62 -> -13 | H111: =+'Profit & Margin'!H9-Expenses!H37-Expenses!H62 -> -12 | J111: =+N111+M111+L111+K111 -> 3 | K111: =+'Profit & Margin'!K9-Expenses!K37-Expenses!K62 -> 52 | L111: =+'Profit & Margin'!L9-Expenses!L37-Expenses!L62 -> -10 | M111: =+'Profit & Margin'!M9-Expenses!M37-Expenses!M62 -> -27 | N111: =+'Profit & Margin'!N9-Expenses!N37-Expenses!N62 -> -12 | P111: =+IFERROR(IF(E111*K111<0,"n.m.",IF(E111/K111-1>100%,">100%",E111/K111-1)),"n.m.") -> n.m. | S111: =+IFERROR(IF(D111*J111<0,"n.m.",IF(D111/J111-1>100%,">100%",D111/J111-1)),"n.m.") -> n.m.
C112: The Netherlands | D112: =+H112+G112+F112+E112 -> 771 | E112: =SUM(E107:E111) -> 168 | F112: =+'Profit & Margin'!F10-Expenses!F38-Expenses!F63 -> 227 | G112: =+'Profit & Margin'!G10-Expenses!G38-Expenses!G63 -> 188 | H112: =+'Profit & Margin'!H10-Expenses!H38-Expenses!H63 -> 188 | J112: =+N112+M112+L112+K112 -> 820 | K112: =+'Profit & Margin'!K10-Expenses!K38-Expenses!K63 -> 245 | L112: =+'Profit & Margin'!L10-Expenses!L38-Expenses!L63 -> 211 | M112: =+'Profit & Margin'!M10-Expenses!M38-Expenses!M63 -> 171 | N112: =+'Profit & Margin'!N10-Expenses!N38-Expenses!N63 -> 193 | P112: =+IFERROR(IF(E112*K112<0,"n.m.",IF(E112/K112-1>100%,">100%",E112/K112-1)),"n.m.") -> -0.31428571 | S112: =+IFERROR(IF(D112*J112<0,"n.m.",IF(D112/J112-1>100%,">100%",D112/J112-1)),"n.m.") -> -0.059756098
C114: iBasis | D114: =+H114+G114+F114+E114 -> 12 | E114: =+'Profit & Margin'!E12-Expenses!E40-Expenses!E65 -> 3 | F114: =+'Profit & Margin'!F12-Expenses!F40-Expenses!F65 -> 4 | G114: =+'Profit & Margin'!G12-Expenses!G40-Expenses!G65 -> 3 | H114: =+'Profit & Margin'!H12-Expenses!H40-Expenses!H65 -> 2 | J114: =+N114+M114+L114+K114 -> 14 | K114: =+'Profit & Margin'!K12-Expenses!K40-Expenses!K65 -> 4 | L114: =+'Profit & Margin'!L12-Expenses!L40-Expenses!L65 -> 4 | M114: =+'Profit & Margin'!M12-Expenses!M40-Expenses!M65 -> 4 | N114: =+'Profit & Margin'!N12-Expenses!N40-Expenses!N65 -> 2 | P114: =+IFERROR(IF(E114*K114<0,"n.m.",IF(E114/K114-1>100%,">100%",E114/K114-1)),"n.m.") -> -0.25 | S114: =+IFERROR(IF(D114*J114<0,"n.m.",IF(D114/J114-1>100%,">100%",D114/J114-1)),"n.m.") -> -0.14285714
C116: Belgium (discontinued operations) | D116: =+H116+G116+F116+E116 -> 99 | E116: =+'Profit & Margin'!E14-Expenses!E42-Expenses!E67 -> 99 | F116: =+'Profit & Margin'!F14-Expenses!F42-Expenses!F67 -> 8 | G116: =+'Profit & Margin'!G14-Expenses!G42-Expenses!G67 -> 3 | H116: =+'Profit & Margin'!H14-Expenses!H42-Expenses!H67 -> -11 | J116: =+N116+M116+L116+K116 -> -17 | K116: =+'Profit & Margin'!K14-Expenses!K42-Expenses!K67 -> -17 | L116: =+'Profit & Margin'!L14-Expenses!L42-Expenses!L67 -> -2 | M116: =+'Profit & Margin'!M14-Expenses!M42-Expenses!M67 -> -2 | N116: =+'Profit & Margin'!N14-Expenses!N42-Expenses!N67 -> 4 | P116: =+IFERROR(IF(E116*K116<0,"n.m.",IF(E116/K116-1>100%,">100%",E116/K116-1)),"n.m.") -> n.m. | S116: =+IFERROR(IF(D116*J116<0,"n.m.",IF(D116/J116-1>100%,">100%",D116/J116-1)),"n.m.") -> n.m.
C118: Other activities1 | D118: =+H118+G118+F118+E118 -> -73 | E118: =+'Profit & Margin'!E16-Expenses!E44-Expenses!E69 -> -10 | F118: =+'Profit & Margin'!F16-Expenses!F44-Expenses!F69 -> -27 | G118: =+'Profit & Margin'!G16-Expenses!G44-Expenses!G69 -> -22 | H118: =+'Profit & Margin'!H16-Expenses!H44-Expenses!H69 -> -14 | J118: =+N118+M118+L118+K118 -> 378 | K118: =+'Profit & Margin'!K16-Expenses!K44-Expenses!K69 -> -14 | L118: =+'Profit & Margin'!L16-Expenses!L44-Expenses!L69 -> -20 | M118: =+'Profit & Margin'!M16-Expenses!M44-Expenses!M69 -> 432 | N118: =+'Profit & Margin'!N16-Expenses!N44-Expenses!N69 -> -20 | P118: =+IFERROR(IF(E118*K118<0,"n.m.",IF(E118/K118-1>100%,">100%",E118/K118-1)),"n.m.") -> -0.28571429 | S118: =+IFERROR(IF(D118*J118<0,"n.m.",IF(D118/J118-1>100%,">100%",D118/J118-1)),"n.m.") -> n.m.
C120: Total operating profit (incl. discontinued operations) | D120: =+H120+G120+F120+E120 -> 809 | E120: =+'Profit & Margin'!E18-Expenses!E46-Expenses!E71 -> 260 | F120: =+'Profit & Margin'!F18-Expenses!F46-Expenses!F71 -> 212 | G120: =+'Profit & Margin'!G18-Expenses!G46-Expenses!G71 -> 172 | H120: =+'Profit & Margin'!H18-Expenses!H46-Expenses!H71 -> 165 | J120: =+N120+M120+L120+K120 -> 1195 | K120: =+'Profit & Margin'!K18-Expenses!K46-Expenses!K71 -> 218 | L120: =+'Profit & Margin'!L18-Expenses!L46-Expenses!L71 -> 193 | M120: =+'Profit & Margin'!M18-Expenses!M46-Expenses!M71 -> 605 | N120: =+'Profit & Margin'!N18-Expenses!N46-Expenses!N71 -> 179 | P120: =+IFERROR(IF(E120*K120<0,"n.m.",IF(E120/K120-1>100%,">100%",E120/K120-1)),"n.m.") -> 0.19266055 | S120: =+IFERROR(IF(D120*J120<0,"n.m.",IF(D120/J120-1>100%,">100%",D120/J120-1)),"n.m.") -> -0.32301255
C122: Of which discontinued operations | D122: =+H122+G122+F122+E122 -> 101 | E122: =+'Profit & Margin'!E20-Expenses!E48-Expenses!E73 -> 100 | F122: =+'Profit & Margin'!F20-Expenses!F48-Expenses!F73 -> 8 | G122: =+'Profit & Margin'!G20-Expenses!G48-Expenses!G73 -> 3 | H122: =+'Profit & Margin'!H20-Expenses!H48-Expenses!H73 -> -10 | J122: =+N122+M122+L122+K122 -> -17 | K122: =+'Profit & Margin'!K20-Expenses!K48-Expenses!K73 -> -17 | L122: =+'Profit & Margin'!L20-Expenses!L48-Expenses!L73 -> 0 | M122: =+'Profit & Margin'!M20-Expenses!M48-Expenses!M73 -> -3 | N122: =+'Profit & Margin'!N20-Expenses!N48-Expenses!N73 -> 3 | P122: =+IFERROR(IF(E122*K122<0,"n.m.",IF(E122/K122-1>100%,">100%",E122/K122-1)),"n.m.") -> n.m. | S122: =+IFERROR(IF(D122*J122<0,"n.m.",IF(D122/J122-1>100%,">100%",D122/J122-1)),"n.m.") -> n.m.
C124: Total operating profit from continuing operations | D124: =+H124+G124+F124+E124 -> 708 | E124: =+E120-E122 -> 160 | F124: =+F120-F122 -> 204 | G124: =+G120-G122 -> 169 | H124: =+H120-H122 -> 175 | J124: =+N124+M124+L124+K124 -> 1212 | K124: =+K120-K122 -> 235 | L124: =+L120-L122 -> 193 | M124: =+M120-M122 -> 608 | N124: =+N120-N122 -> 176 | P124: =+IFERROR(IF(E124*K124<0,"n.m.",IF(E124/K124-1>100%,">100%",E124/K124-1)),"n.m.") -> -0.31914894 | S124: =+IFERROR(IF(D124*J124<0,"n.m.",IF(D124/J124-1>100%,">100%",D124/J124-1)),"n.m.") -> -0.41584158
B127: 1 Including € 451m and € 26m release of provision related to the pension plan agreements in The Netherlands in Q2 2014 and Q4 2014 respectively
C130: Consolidated figures | D130: =+D104 -> 2015 | E130: Q4 '15 | F130: =+F104 -> Q3 '15 | G130: =+G104 -> Q2 '15 | H130: =+H104 -> Q1 '15 | J130: =+J104 -> 2014 | K130: =+K104 -> Q4 '14 | L130: =+L104 -> Q3 '14 | M130: =+M104 -> Q2 '14 | N130: =+N104 -> Q1 '14
C131: Operating profit margin
C133: Consumer Mobile | D133: =D107/Revenues!D5 -> 0.12183436 | E133: =E107/Revenues!E5 -> 0.076294278 | F133: =F107/Revenues!F5 -> 0.16755319 | G133: =G107/Revenues!G5 -> 0.16042781 | H133: =H107/Revenues!H5 -> 0.078488372 | J133: =J107/Revenues!J5 -> 0.017768301 | K133: =K107/Revenues!K5 -> 0.0056818182 | L133: =L107/Revenues!L5 -> 0.02259887 | M133: =M107/Revenues!M5 -> 0.02259887 | N133: =N107/Revenues!N5 -> 0.020172911
C134: Consumer Residential | D134: =D108/Revenues!D6 -> 0.070175439 | E134: =E108/Revenues!E6 -> 0.067209776 | F134: =F108/Revenues!F6 -> 0.090534979 | G134: =G108/Revenues!G6 -> 0.062761506 | H134: =H108/Revenues!H6 -> 0.060041408 | J134: =J108/Revenues!J6 -> 0.05480167 | K134: =K108/Revenues!K6 -> 0.041666667 | L134: =L108/Revenues!L6 -> 0.075471698 | M134: =M108/Revenues!M6 -> 0.048319328 | N134: =N108/Revenues!N6 -> 0.053830228
C135: Business | D135: =D109/Revenues!D7 -> 0.099285446 | E135: =E109/Revenues!E7 -> 0.10119048 | F135: =F109/Revenues!F7 -> 0.11603053 | G135: =G109/Revenues!G7 -> 0.067484663 | H135: =H109/Revenues!H7 -> 0.11176471 | J135: =J109/Revenues!J7 -> 0.13150685 | K135: =K109/Revenues!K7 -> 0.12632979 | L135: =L109/Revenues!L7 -> 0.14447592 | M135: =M109/Revenues!M7 -> 0.12431694 | N135: =N109/Revenues!N7 -> 0.13150685
C136: NetCo | D136: =D110/Revenues!D8 -> 0.12808783 | E136: =E110/Revenues!E8 -> 0.12248629 | F136: =F110/Revenues!F8 -> 0.14233577 | G136: =G110/Revenues!G8 -> 0.12316176 | H136: =H110/Revenues!H8 -> 0.12431444 | J136: =J110/Revenues!J8 -> 0.13395225 | K136: =K110/Revenues!K8 -> 0.13427562 | L136: =L110/Revenues!L8 -> 0.13464991 | M136: =M110/Revenues!M8 -> 0.13333333 | N136: =N110/Revenues!N8 -> 0.13356766
C137: Other (incl. eliminations) | D137: =D111/Revenues!D9 -> 0.042069632 | E137: =E111/Revenues!E9 -> 0.053435115 | F137: =F111/Revenues!F9 -> 0.06614786 | G137: =G111/Revenues!G9 -> 0.025341131 | H137: =H111/Revenues!H9 -> 0.023210832 | J137: =J111/Revenues!J9 -> -0.0014634146 | K137: =K111/Revenues!K9 -> -0.11279826 | L137: =L111/Revenues!L9 -> 0.018903592 | M137: =M111/Revenues!M9 -> 0.051039698 | N137: =N111/Revenues!N9 -> 0.02259887
C138: The Netherlands | D138: =D112/Revenues!D10 -> 0.12483808 | E138: =E112/Revenues!E10 -> 0.10817772 | F138: =F112/Revenues!F10 -> 0.14635719 | G138: =G112/Revenues!G10 -> 0.12247557 | H138: =H112/Revenues!H10 -> 0.1223162 | J138: =J112/Revenues!J10 -> 0.12703331 | K138: =K112/Revenues!K10 -> 0.14505625 | L138: =L112/Revenues!L10 -> 0.13482428 | M138: =M112/Revenues!M10 -> 0.10667498 | N138: =N112/Revenues!N10 -> 0.12077597
C140: iBasis | D140: =D114/Revenues!D12 -> 0.013043478 | E140: =E114/Revenues!E12 -> 0.013761468 | F140: =F114/Revenues!F12 -> 0.01659751 | G140: =G114/Revenues!G12 -> 0.012820513 | H140: =H114/Revenues!H12 -> 0.0088105727 | J140: =J114/Revenues!J12 -> 0.014767932 | K140: =K114/Revenues!K12 -> 0.016129032 | L140: =L114/Revenues!L12 -> 0.016460905 | M140: =M114/Revenues!M12 -> 0.017316017 | N140: =N114/Revenues!N12 -> 0.0088495575
C142: Belgium (discontinued operations) | D142: =D116/Revenues!D14 -> 0.13235294 | E142: =E116/Revenues!E14 -> 0.4125 | F142: =F116/Revenues!F14 -> 0.047058824 | G142: =G116/Revenues!G14 -> 0.017751479 | H142: =H116/Revenues!H14 -> -0.065088757 | J142: =J116/Revenues!J14 -> -0.023909986 | K142: =K116/Revenues!K14 -> -0.094444444 | L142: =L116/Revenues!L14 -> -0.011363636 | M142: =M116/Revenues!M14 -> -0.011235955 | N142: =N116/Revenues!N14 -> 0.02259887
C144: Other activities1 | D144: =D118/Revenues!D16 -> -1.972973 | E144: =E118/Revenues!E16 -> -3.3333333 | F144: =F118/Revenues!F16 -> -6.75 | G144: =G118/Revenues!G16 -> -5.5 | H144: =H118/Revenues!H16 -> -0.53846154 | J144: =J118/Revenues!J16 -> 2.0322581 | K144: =K118/Revenues!K16 -> -0.41176471 | L144: =L118/Revenues!L16 -> -0.37037037 | M144: =M118/Revenues!M16 -> 9 | N144: =N118/Revenues!N16 -> -0.4
C146: Total operating profit margin (incl. discontinued operations) | D146: =D120/Revenues!D20 -> 0.10473848 | E146: =E120/Revenues!E20 -> 0.1314459 | F146: =F120/Revenues!F20 -> 0.11012987 | G146: =G120/Revenues!G20 -> 0.090431125 | H146: =H120/Revenues!H20 -> 0.085982282 | J146: =J120/Revenues!J20 -> 0.14784115 | K146: =K120/Revenues!K20 -> 0.10356295 | L146: =L120/Revenues!L20 -> 0.097573306 | M146: =M120/Revenues!M20 -> 0.30189621 | N146: =N120/Revenues!N20 -> 0.089679359
C148: Operating profit margin from discontinued operations | D148: =D122/Revenues!D22 -> 0.14106145 | E148: =E122/Revenues!E22 -> 0.42918455 | F148: =F122/Revenues!F22 -> 0.049689441 | G148: =G122/Revenues!G22 -> 0.01863354 | H148: =H122/Revenues!H22 -> -0.062111801 | J148: =J122/Revenues!J22 -> -0.025222552 | K148: =K122/Revenues!K22 -> -0.098837209 | L148: =L122/Revenues!L22 -> 0 | M148: =M122/Revenues!M22 -> -0.017751479 | N148: =N122/Revenues!N22 -> 0.018072289
C150: Total operating profit margin from continuing operations | D150: =D124/Revenues!D24 -> 0.1010274 | E150: =E124/Revenues!E24 -> 0.091690544 | F150: =F124/Revenues!F24 -> 0.11564626 | G150: =G124/Revenues!G24 -> 0.097070649 | H150: =H124/Revenues!H24 -> 0.099544937 | J150: =J124/Revenues!J24 -> 0.16358483 | K150: =K124/Revenues!K24 -> 0.12157268 | L150: =L124/Revenues!L24 -> 0.10657096 | M150: =M124/Revenues!M24 -> 0.33133515 | N150: =N124/Revenues!N24 -> 0.096174863
B153: 1 Including € 451m and € 26m release of provision related to the pension plan agreements in The Netherlands in Q2 2014 and Q4 2014 respectively

Sheet CF, Capex, BS & Debt sum
C2: Consolidated figures | D2: =+'Profit & Margin'!D2 -> 2015 | E2: Q4 '15 | F2: =+'Profit & Margin'!F2 -> Q3 '15 | G2: =+'Profit & Margin'!G2 -> Q2 '15 | H2: =+'Profit & Margin'!H2 -> Q1 '15 | J2: =+'Profit & Margin'!J2 -> 2014 | K2: =+'Profit & Margin'!K2 -> Q4 '14 | L2: =+'Profit & Margin'!L2 -> Q3 '14 | M2: =+'Profit & Margin'!M2 -> Q2 '14 | N2: =+'Profit & Margin'!N2 -> Q1 '14 | P2: =+'Profit & Margin'!P2 -> y-on-y | S2: =+'Profit & Margin'!S2 -> y-on-y
C3: Cash flow from continuing operations1 | P3: =+'Profit & Margin'!P3 -> Q4% | S3: =+'Profit & Margin'!S3 -> FY%
C5: Profit before income tax | D5: =+H5+G5+F5+E5 -> 605 | E5: =+'P&L & Cash flow'!E27 -> 288 | F5: =+'P&L & Cash flow'!F27 -> 97 | G5: =+'P&L & Cash flow'!G27 -> 188 | H5: =+'P&L & Cash flow'!H27 -> 32 | J5: =+N5+M5+L5+K5 -> 306 | K5: =+'P&L & Cash flow'!K27 -> -94 | L5: =+'P&L & Cash flow'!L27 -> -63 | M5: =+'P&L & Cash flow'!M27 -> 445 | N5: =+'P&L & Cash flow'!N27 -> 18 | P5: =+IFERROR(IF(E5*K5<0,"n.m.",IF(E5/K5-1>100%,">100%",E5/K5-1)),"n.m.") -> n.m. | S5: =+IFERROR(IF(D5*J5<0,"n.m.",IF(D5/J5-1>100%,">100%",D5/J5-1)),"n.m.") -> 0.97712418
C6: Finance costs- net | D6: =+H6+G6+F6+E6 -> 105 | E6: =-+'P&L & Cash flow'!E24 -> -127 | F6: =-+'P&L & Cash flow'!F24 -> 108 | G6: =-+'P&L & Cash flow'!G24 -> -19 | H6: =-+'P&L & Cash flow'!H24 -> 143 | J6: =+N6+M6+L6+K6 -> 901 | K6: =-+'P&L & Cash flow'!K24 -> 328 | L6: =-+'P&L & Cash flow'!L24 -> 253 | M6: =-+'P&L & Cash flow'!M24 -> 162 | N6: =-+'P&L & Cash flow'!N24 -> 158 | P6: =+IFERROR(IF(E6*K6<0,"n.m.",IF(E6/K6-1>100%,">100%",E6/K6-1)),"n.m.") -> n.m. | S6: =+IFERROR(IF(D6*J6<0,"n.m.",IF(D6/J6-1>100%,">100%",D6/J6-1)),"n.m.") -> -0.88346282
C7: Share of the profit of associates and joint ventures | D7: =+H7+G7+F7+E7 -> -2 | E7: =-+'P&L & Cash flow'!E25 -> -1 | F7: =-+'P&L & Cash flow'!F25 -> -1 | G7: =-+'P&L & Cash flow'!G25 -> 0 | H7: =-+'P&L & Cash flow'!H25 -> 0 | J7: =+N7+M7+L7+K7 -> 5 | K7: =-+'P&L & Cash flow'!K25 -> 1 | L7: =-+'P&L & Cash flow'!L25 -> 3 | M7: =-+'P&L & Cash flow'!M25 -> 1 | N7: =-+'P&L & Cash flow'!N25 -> 0 | P7: =+IFERROR(IF(E7*K7<0,"n.m.",IF(E7/K7-1>100%,">100%",E7/K7-1)),"n.m.") -> n.m. | S7: =+IFERROR(IF(D7*J7<0,"n.m.",IF(D7/J7-1>100%,">100%",D7/J7-1)),"n.m.") -> n.m.
C9: Adjustments for:
C10: Depreciation, amortization and impairments | D10: =+H10+G10+F10+E10 -> 1616 | E10: 418 | F10: 398 | G10: 399 | H10: 401 | J10: =+N10+M10+L10+K10 -> 1654 | K10: 421 | L10: 402 | M10: 422 | N10: 409 | P10: =+IFERROR(IF(E10*K10<0,"n.m.",IF(E10/K10-1>100%,">100%",E10/K10-1)),"n.m.") -> -0.0071258907 | S10: =+IFERROR(IF(D10*J10<0,"n.m.",IF(D10/J10-1>100%,">100%",D10/J10-1)),"n.m.") -> -0.022974607
C11: Share-based compensation | D11: =+H11+G11+F11+E11 -> 8 | E11: 0 | F11: 3 | G11: 3 | H11: 2 | J11: =+N11+M11+L11+K11 -> 6 | K11: 1 | L11: 3 | M11: 1 | N11: 1 | P11: =+IFERROR(IF(E11*K11<0,"n.m.",IF(E11/K11-1>100%,">100%",E11/K11-1)),"n.m.") -> -1 | S11: =+IFERROR(IF(D11*J11<0,"n.m.",IF(D11/J11-1>100%,">100%",D11/J11-1)),"n.m.") -> 0.33333333
C12: Other income | D12: =+H12+G12+F12+E12 -> -2 | E12: 0 | F12: 0 | G12: 0 | H12: -2 | J12: =+N12+M12+L12+K12 -> -2 | K12: 5 | L12: -1 | M12: -6 | N12: 0 | P12: =+IFERROR(IF(E12*K12<0,"n.m.",IF(E12/K12-1>100%,">100%",E12/K12-1)),"n.m.") -> -1 | S12: =+IFERROR(IF(D12*J12<0,"n.m.",IF(D12/J12-1>100%,">100%",D12/J12-1)),"n.m.") -> 0
C13: Change in provisions2 | D13: =+H13+G13+F13+E13 -> -44 | E13: -43 | F13: 9 | G13: -9 | H13: -1 | J13: =+N13+M13+L13+K13 -> -894 | K13: -280 | L13: -7 | M13: -492 | N13: -115 | P13: =+IFERROR(IF(E13*K13<0,"n.m.",IF(E13/K13-1>100%,">100%",E13/K13-1)),"n.m.") -> -0.84642857 | S13: =+IFERROR(IF(D13*J13<0,"n.m.",IF(D13/J13-1>100%,">100%",D13/J13-1)),"n.m.") -> -0.950783
C15: Inventories | D15: =+H15+G15+F15+E15 -> -12 | E15: -15 | F15: 8 | G15: 6 | H15: -11 | J15: =+N15+M15+L15+K15 -> -2 | K15: 10 | L15: -2 | M15: -2 | N15: -8 | P15: =+IFERROR(IF(E15*K15<0,"n.m.",IF(E15/K15-1>100%,">100%",E15/K15-1)),"n.m.") -> n.m. | S15: =+IFERROR(IF(D15*J15<0,"n.m.",IF(D15/J15-1>100%,">100%",D15/J15-1)),"n.m.") -> >100%
C16: Trade receivables | D16: =+H16+G16+F16+E16 -> 63 | E16: 16 | F16: 39 | G16: 11 | H16: -3 | J16: =+N16+M16+L16+K16 -> 216 | K16: 68 | L16: 38 | M16: 3 | N16: 107 | P16: =+IFERROR(IF(E16*K16<0,"n.m.",IF(E16/K16-1>100%,">100%",E16/K16-1)),"n.m.") -> -0.76470588 | S16: =+IFERROR(IF(D16*J16<0,"n.m.",IF(D16/J16-1>100%,">100%",D16/J16-1)),"n.m.") -> -0.70833333
C17: Prepayments and accrued income | D17: =+H17+G17+F17+E17 -> 53 | E17: 58 | F17: -5 | G17: 34 | H17: -34 | J17: =+N17+M17+L17+K17 -> -107 | K17: -9 | L17: 36 | M17: 31 | N17: -165 | P17: =+IFERROR(IF(E17*K17<0,"n.m.",IF(E17/K17-1>100%,">100%",E17/K17-1)),"n.m.") -> n.m. | S17: =+IFERROR(IF(D17*J17<0,"n.m.",IF(D17/J17-1>100%,">100%",D17/J17-1)),"n.m.") -> n.m.
C18: Other current assets | D18: =+H18+G18+F18+E18 -> 18 | E18: 5 | F18: 3 | G18: 4 | H18: 6 | J18: =+N18+M18+L18+K18 -> 18 | K18: 2 | L18: 5 | M18: 5 | N18: 6 | P18: =+IFERROR(IF(E18*K18<0,"n.m.",IF(E18/K18-1>100%,">100%",E18/K18-1)),"n.m.") -> >100% | S18: =+IFERROR(IF(D18*J18<0,"n.m.",IF(D18/J18-1>100%,">100%",D18/J18-1)),"n.m.") -> 0
C19: Trade payables | D19: =+H19+G19+F19+E19 -> 63 | E19: 84 | F19: -36 | G19: -31 | H19: 46 | J19: =+N19+M19+L19+K19 -> -312 | K19: -134 | L19: -38 | M19: -107 | N19: -33 | P19: =+IFERROR(IF(E19*K19<0,"n.m.",IF(E19/K19-1>100%,">100%",E19/K19-1)),"n.m.") -> n.m. | S19: =+IFERROR(IF(D19*J19<0,"n.m.",IF(D19/J19-1>100%,">100%",D19/J19-1)),"n.m.") -> n.m.
C20: Accruals and deferred income | D20: =+H20+G20+F20+E20 -> -145 | E20: -73 | F20: -15 | G20: -89 | H20: 32 | J20: =+N20+M20+L20+K20 -> -64 | K20: -31 | L20: -6 | M20: -19 | N20: -8 | P20: =+IFERROR(IF(E20*K20<0,"n.m.",IF(E20/K20-1>100%,">100%",E20/K20-1)),"n.m.") -> >100% | S20: =+IFERROR(IF(D20*J20<0,"n.m.",IF(D20/J20-1>100%,">100%",D20/J20-1)),"n.m.") -> >100%
C21: Current liabilities (excl. short-term financing) | D21: =+H21+G21+F21+E21 -> -10 | E21: 6 | F21: 24 | G21: -25 | H21: -15 | J21: =+N21+M21+L21+K21 -> 27 | K21: 0 | L21: 6 | M21: 38 | N21: -17 | P21: =+IFERROR(IF(E21*K21<0,"n.m.",IF(E21/K21-1>100%,">100%",E21/K21-1)),"n.m.") -> n.m. | S21: =+IFERROR(IF(D21*J21<0,"n.m.",IF(D21/J21-1>100%,">100%",D21/J21-1)),"n.m.") -> n.m.
C22: Change in working capital2 | D22: =+H22+G22+F22+E22 -> 30 | E22: =+E15+E16+E17+E18+E19+E20+E21 -> 81 | F22: =+F15+F16+F17+F18+F19+F20+F21 -> 18 | G22: =+G15+G16+G17+G18+G19+G20+G21 -> -90 | H22: =+H15+H16+H17+H18+H19+H20+H21 -> 21 | J22: =+N22+M22+L22+K22 -> -224 | K22: =+K15+K16+K17+K18+K19+K20+K21 -> -94 | L22: =+L15+L16+L17+L18+L19+L20+L21 -> 39 | M22: =+M15+M16+M17+M18+M19+M20+M21 -> -51 | N22: =+N15+N16+N17+N18+N19+N20+N21 -> -118 | P22: =+IFERROR(IF(E22*K22<0,"n.m.",IF(E22/K22-1>100%,">100%",E22/K22-1)),"n.m.") -> n.m. | S22: =+IFERROR(IF(D22*J22<0,"n.m.",IF(D22/J22-1>100%,">100%",D22/J22-1)),"n.m.") -> n.m.
C24: Received dividends | D24: =+H24+G24+F24+E24 -> 147 | E24: 1 | F24: 0 | G24: 146 | H24: 0 | J24: =+N24+M24+L24+K24 -> 1 | K24: 0 | L24: 0 | M24: 1 | N24: 0 | P24: =+IFERROR(IF(E24*K24<0,"n.m.",IF(E24/K24-1>100%,">100%",E24/K24-1)),"n.m.") -> n.m. | S24: =+IFERROR(IF(D24*J24<0,"n.m.",IF(D24/J24-1>100%,">100%",D24/J24-1)),"n.m.") -> >100%
C25: Taxes received (paid) | D25: =+H25+G25+F25+E25 -> 18 | E25: 31 | F25: -1 | G25: -2 | H25: -10 | J25: =+N25+M25+L25+K25 -> 38 | K25: 66 | L25: -15 | M25: -15 | N25: 2 | P25: =+IFERROR(IF(E25*K25<0,"n.m.",IF(E25/K25-1>100%,">100%",E25/K25-1)),"n.m.") -> -0.53030303 | S25: =+IFERROR(IF(D25*J25<0,"n.m.",IF(D25/J25-1>100%,">100%",D25/J25-1)),"n.m.") -> -0.52631579
C26: Interest received (paid) | D26: =+H26+G26+F26+E26 -> -485 | E26: -71 | F26: -113 | G26: -79 | H26: -222 | J26: =+N26+M26+L26+K26 -> -704 | K26: -119 | L26: -130 | M26: -123 | N26: -332 | P26: =+IFERROR(IF(E26*K26<0,"n.m.",IF(E26/K26-1>100%,">100%",E26/K26-1)),"n.m.") -> -0.40336134 | S26: =+IFERROR(IF(D26*J26<0,"n.m.",IF(D26/J26-1>100%,">100%",D26/J26-1)),"n.m.") -> -0.31107955
C27: Net cash flow from continuing operating activities | D27: =+H27+G27+F27+E27 -> 1996 | E27: =+E24+E25+E26+E22+E5+E6+E7+E10+E11+E12+E13 -> 577 | F27: =+F24+F25+F26+F22+F5+F6+F7+F10+F11+F12+F13 -> 518 | G27: =+G24+G25+G26+G22+G5+G6+G7+G10+G11+G12+G13 -> 537 | H27: =+H24+H25+H26+H22+H5+H6+H7+H10+H11+H12+H13 -> 364 | J27: =+N27+M27+L27+K27 -> 1087 | K27: =+K24+K25+K26+K22+K5+K6+K7+K10+K11+K12+K13 -> 235 | L27: =+L24+L25+L26+L22+L5+L6+L7+L10+L11+L12+L13 -> 484 | M27: =+M24+M25+M26+M22+M5+M6+M7+M10+M11+M12+M13 -> 345 | N27: =+N24+N25+N26+N22+N5+N6+N7+N10+N11+N12+N13 -> 23 | P27: =+IFERROR(IF(E27*K27<0,"n.m.",IF(E27/K27-1>100%,">100%",E27/K27-1)),"n.m.") -> >100% | S27: =+IFERROR(IF(D27*J27<0,"n.m.",IF(D27/J27-1>100%,">100%",D27/J27-1)),"n.m.") -> 0.83624655
C28: Net cash flow from discontinued operating activities | D28: =+H28+G28+F28+E28 -> 222 | E28: 117 | F28: 51 | G28: 29 | H28: 25 | J28: =+N28+M28+L28+K28 -> 467 | K28: -5 | L28: 346 | M28: 155 | N28: -29 | P28: =+IFERROR(IF(E28*K28<0,"n.m.",IF(E28/K28-1>100%,">100%",E28/K28-1)),"n.m.") -> n.m. | S28: =+IFERROR(IF(D28*J28<0,"n.m.",IF(D28/J28-1>100%,">100%",D28/J28-1)),"n.m.") -> -0.52462527
C30: Disposal of available-for-sale financial assets | D30: =+H30+G30+F30+E30 -> 805 | E30: 805 | F30: 0 | G30: 0 | H30: 0 | J30: =+N30+M30+L30+K30 -> 0 | K30: 0 | L30: 0 | M30: 0 | N30: 0 | P30: =+IFERROR(IF(E30*K30<0,"n.m.",IF(E30/K30-1>100%,">100%",E30/K30-1)),"n.m.") -> n.m. | S30: =+IFERROR(IF(D30*J30<0,"n.m.",IF(D30/J30-1>100%,">100%",D30/J30-1)),"n.m.") -> n.m.
C31: Acquisitions of subsidiaries, associates and joint ventures | D31: =+H31+G31+F31+E31 -> -73 | E31: -5 | F31: -68 | G31: 0 | H31: 0 | J31: =+N31+M31+L31+K31 -> -745 | K31: -736 | L31: -8 | M31: 0 | N31: -1 | P31: =+IFERROR(IF(E31*K31<0,"n.m.",IF(E31/K31-1>100%,">100%",E31/K31-1)),"n.m.") -> -0.99320652 | S31: =+IFERROR(IF(D31*J31<0,"n.m.",IF(D31/J31-1>100%,">100%",D31/J31-1)),"n.m.") -> -0.90201342
C32: Disposal of subsidiaries, associates and joint ventures | D32: =+H32+G32+F32+E32 -> -1 | E32: 0 | F32: 4 | G32: 0 | H32: -5 | J32: =+N32+M32+L32+K32 -> -1 | K32: 9 | L32: -3 | M32: -2 | N32: -5 | P32: =+IFERROR(IF(E32*K32<0,"n.m.",IF(E32/K32-1>100%,">100%",E32/K32-1)),"n.m.") -> -1 | S32: =+IFERROR(IF(D32*J32<0,"n.m.",IF(D32/J32-1>100%,">100%",D32/J32-1)),"n.m.") -> 0
C33: Investments in intangible assets (excl. software) | D33: =+H33+G33+F33+E33 -> -4 | E33: 0 | F33: -4 | G33: 0 | H33: 0 | J33: =+N33+M33+L33+K33 -> -14 | K33: 0 | L33: -14 | M33: 0 | N33: 0 | P33: =+IFERROR(IF(E33*K33<0,"n.m.",IF(E33/K33-1>100%,">100%",E33/K33-1)),"n.m.") -> n.m. | S33: =+IFERROR(IF(D33*J33<0,"n.m.",IF(D33/J33-1>100%,">100%",D33/J33-1)),"n.m.") -> -0.71428571
C34: Disposal of intangibles | D34: =+H34+G34+F34+E34 -> 0 | E34: 0 | F34: 0 | G34: 0 | H34: 0 | J34: =+N34+M34+L34+K34 -> 2 | K34: 0 | L34: 0 | M34: 2 | N34: 0 | P34: =+IFERROR(IF(E34*K34<0,"n.m.",IF(E34/K34-1>100%,">100%",E34/K34-1)),"n.m.") -> n.m. | S34: =+IFERROR(IF(D34*J34<0,"n.m.",IF(D34/J34-1>100%,">100%",D34/J34-1)),"n.m.") -> -1
C35: Investments in property, plant & equipment and software | D35: =+H35+G35+F35+E35 -> -1300 | E35: -355 | F35: -305 | G35: -306 | H35: -334 | J35: =+N35+M35+L35+K35 -> -1239 | K35: -414 | L35: -251 | M35: -275 | N35: -299 | P35: =+IFERROR(IF(E35*K35<0,"n.m.",IF(E35/K35-1>100%,">100%",E35/K35-1)),"n.m.") -> -0.14251208 | S35: =+IFERROR(IF(D35*J35<0,"n.m.",IF(D35/J35-1>100%,">100%",D35/J35-1)),"n.m.") -> 0.049233253
C36: Disposal of property, plant & equipment and software | D36: =+H36+G36+F36+E36 -> 3 | E36: 2 | F36: 0 | G36: 1 | H36: 0 | J36: =+N36+M36+L36+K36 -> 4 | K36: 1 | L36: 1 | M36: 0 | N36: 2 | P36: =+IFERROR(IF(E36*K36<0,"n.m.",IF(E36/K36-1>100%,">100%",E36/K36-1)),"n.m.") -> 1 | S36: =+IFERROR(IF(D36*J36<0,"n.m.",IF(D36/J36-1>100%,">100%",D36/J36-1)),"n.m.") -> -0.25
C37: Changes in other financial non-current assets | D37: =+H37+G37+F37+E37 -> -275 | E37: -325 | F37: -50 | G37: -50 | H37: 150 | J37: =+N37+M37+L37+K37 -> -300 | K37: -300 | L37: 0 | M37: 0 | N37: 0 | P37: =+IFERROR(IF(E37*K37<0,"n.m.",IF(E37/K37-1>100%,">100%",E37/K37-1)),"n.m.") -> 0.083333333 | S37: =+IFERROR(IF(D37*J37<0,"n.m.",IF(D37/J37-1>100%,">100%",D37/J37-1)),"n.m.") -> -0.083333333
C38: Other changes and disposals | D38: =+H38+G38+F38+E38 -> -1 | E38: -1 | F38: -1 | G38: 1 | H38: 0 | J38: =+N38+M38+L38+K38 -> -178 | K38: -24 | L38: -38 | M38: -17 | N38: -99 | P38: =+IFERROR(IF(E38*K38<0,"n.m.",IF(E38/K38-1>100%,">100%",E38/K38-1)),"n.m.") -> -0.95833333 | S38: =+IFERROR(IF(D38*J38<0,"n.m.",IF(D38/J38-1>100%,">100%",D38/J38-1)),"n.m.") -> -0.99438202
C39: Net cash flow from continuing investing activities | D39: =+D30+D31+D32+D33+D34+D35+D36+D38+D37 -> -846 | E39: =+E30+E31+E32+E33+E34+E35+E36+E38+E37 -> 121 | F39: =+F30+F31+F32+F33+F34+F35+F36+F38+F37 -> -424 | G39: =+G30+G31+G32+G33+G34+G35+G36+G38+G37 -> -354 | H39: =+H30+H31+H32+H33+H34+H35+H36+H38+H37 -> -189 | J39: =+J30+J31+J32+J33+J34+J35+J36+J38+J37 -> -2471 | K39: =+K30+K31+K32+K33+K34+K35+K36+K38+K37 -> -1464 | L39: =+L30+L31+L32+L33+L34+L35+L36+L38+L37 -> -313 | M39: =+M30+M31+M32+M33+M34+M35+M36+M38+M37 -> -292 | N39: =+N30+N31+N32+N33+N34+N35+N36+N38+N37 -> -402 | P39: =+IFERROR(IF(E39*K39<0,"n.m.",IF(E39/K39-1>100%,">100%",E39/K39-1)),"n.m.") -> n.m. | S39: =+IFERROR(IF(D39*J39<0,"n.m.",IF(D39/J39-1>100%,">100%",D39/J39-1)),"n.m.") -> -0.65762849
C40: Net cash flow from discontinued investing activities | D40: =+H40+G40+F40+E40 -> -247 | E40: -152 | F40: -20 | G40: -50 | H40: -25 | J40: =+N40+M40+L40+K40 -> 3944 | K40: 4369 | L40: -175 | M40: -126 | N40: -124 | P40: =+IFERROR(IF(E40*K40<0,"n.m.",IF(E40/K40-1>100%,">100%",E40/K40-1)),"n.m.") -> n.m. | S40: =+IFERROR(IF(D40*J40<0,"n.m.",IF(D40/J40-1>100%,">100%",D40/J40-1)),"n.m.") -> n.m.
C42: Share repurchases | D42: =+H42+G42+F42+E42 -> 0 | E42: 0 | F42: 0 | G42: 0 | H42: 0 | J42: =+N42+M42+L42+K42 -> 0 | K42: 0 | L42: 0 | M42: 0 | N42: 0 | P42: =+IFERROR(IF(E42*K42<0,"n.m.",IF(E42/K42-1>100%,">100%",E42/K42-1)),"n.m.") -> n.m. | S42: =+IFERROR(IF(D42*J42<0,"n.m.",IF(D42/J42-1>100%,">100%",D42/J42-1)),"n.m.") -> n.m.
C43: Share repurchases for option plans | D43: =+H43+G43+F43+E43 -> 0 | E43: 0 | F43: 0 | G43: 0 | H43: 0 | J43: =+N43+M43+L43+K43 -> 0 | K43: 0 | L43: 0 | M43: 0 | N43: 0 | P43: =+IFERROR(IF(E43*K43<0,"n.m.",IF(E43/K43-1>100%,">100%",E43/K43-1)),"n.m.") -> n.m. | S43: =+IFERROR(IF(D43*J43<0,"n.m.",IF(D43/J43-1>100%,">100%",D43/J43-1)),"n.m.") -> n.m.
C44: Dividends paid | D44: =+H44+G44+F44+E44 -> -495 | E44: -20 | F44: -253 | G44: -213 | H44: -9 | J44: =+N44+M44+L44+K44 -> -94 | K44: -85 | L44: 0 | M44: -9 | N44: 0 | P44: =+IFERROR(IF(E44*K44<0,"n.m.",IF(E44/K44-1>100%,">100%",E44/K44-1)),"n.m.") -> -0.76470588 | S44: =+IFERROR(IF(D44*J44<0,"n.m.",IF(D44/J44-1>100%,">100%",D44/J44-1)),"n.m.") -> >100%
C45: Paid coupon perpetual hybrid bonds | D45: =+H45+G45+F45+E45 -> -67 | E45: 0 | F45: -67 | G45: 0 | H45: 0 | J45: =+N45+M45+L45+K45 -> -67 | K45: 0 | L45: -67 | M45: 0 | N45: 0 | P45: =+IFERROR(IF(E45*K45<0,"n.m.",IF(E45/K45-1>100%,">100%",E45/K45-1)),"n.m.") -> n.m. | S45: =+IFERROR(IF(D45*J45<0,"n.m.",IF(D45/J45-1>100%,">100%",D45/J45-1)),"n.m.") -> 0
C46: Exercised options | D46: =+H46+G46+F46+E46 -> 0 | E46: 0 | F46: 0 | G46: 0 | H46: 0 | J46: =+N46+M46+L46+K46 -> 0 | K46: 0 | L46: 0 | M46: 0 | N46: 0 | P46: =+IFERROR(IF(E46*K46<0,"n.m.",IF(E46/K46-1>100%,">100%",E46/K46-1)),"n.m.") -> n.m. | S46: =+IFERROR(IF(D46*J46<0,"n.m.",IF(D46/J46-1>100%,">100%",D46/J46-1)),"n.m.") -> n.m.
C47: Issuance of perpetual hybrid bonds | D47: =+H47+G47+F47+E47 -> 0 | E47: 0 | F47: 0 | G47: 0 | H47: 0 | J47: =+N47+M47+L47+K47 -> -1 | K47: 0 | L47: -1 | M47: 0 | N47: 0 | P47: =+IFERROR(IF(E47*K47<0,"n.m.",IF(E47/K47-1>100%,">100%",E47/K47-1)),"n.m.") -> n.m. | S47: =+IFERROR(IF(D47*J47<0,"n.m.",IF(D47/J47-1>100%,">100%",D47/J47-1)),"n.m.") -> -1
C48: Proceeds from borrowings | D48: =+H48+G48+F48+E48 -> 0 | E48: 0 | F48: 0 | G48: 0 | H48: 0 | J48: =+N48+M48+L48+K48 -> 0 | K48: 0 | L48: 0 | M48: 0 | N48: 0 | P48: =+IFERROR(IF(E48*K48<0,"n.m.",IF(E48/K48-1>100%,">100%",E48/K48-1)),"n.m.") -> n.m. | S48: =+IFERROR(IF(D48*J48<0,"n.m.",IF(D48/J48-1>100%,">100%",D48/J48-1)),"n.m.") -> n.m.
C49: Issuance of preference shares B KPN | D49: =+H49+G49+F49+E49 -> 0 | E49: 0 | F49: 0 | G49: 0 | H49: 0 | J49: =+N49+M49+L49+K49 -> -255 | K49: 0 | L49: 0 | M49: 0 | N49: -255 | P49: =+IFERROR(IF(E49*K49<0,"n.m.",IF(E49/K49-1>100%,">100%",E49/K49-1)),"n.m.") -> n.m. | S49: =+IFERROR(IF(D49*J49<0,"n.m.",IF(D49/J49-1>100%,">100%",D49/J49-1)),"n.m.") -> -1
C50: Repayments from borrowings and settlement of derivatives | D50: =+H50+G50+F50+E50 -> -929 | E50: 48 | F50: -9 | G50: -982 | H50: 14 | J50: =+N50+M50+L50+K50 -> -4002 | K50: -2590 | L50: -5 | M50: -653 | N50: -754 | P50: =+IFERROR(IF(E50*K50<0,"n.m.",IF(E50/K50-1>100%,">100%",E50/K50-1)),"n.m.") -> n.m. | S50: =+IFERROR(IF(D50*J50<0,"n.m.",IF(D50/J50-1>100%,">100%",D50/J50-1)),"n.m.") -> -0.76786607
C51: Changes in Share capital and Share premium reserve | D51: =+H51+G51+F51+E51 -> 0 | E51: 0 | F51: 0 | G51: 0 | H51: 0 | J51: =+N51+M51+L51+K51 -> 1 | K51: 0 | L51: 0 | M51: 0 | N51: 1 | P51: =+IFERROR(IF(E51*K51<0,"n.m.",IF(E51/K51-1>100%,">100%",E51/K51-1)),"n.m.") -> n.m. | S51: =+IFERROR(IF(D51*J51<0,"n.m.",IF(D51/J51-1>100%,">100%",D51/J51-1)),"n.m.") -> -1
C52: Other changes in interest-bearing current liabilities | D52: =+H52+G52+F52+E52 -> -5 | E52: 0 | F52: -2 | G52: -1 | H52: -2 | J52: =+N52+M52+L52+K52 -> -35 | K52: -11 | L52: -10 | M52: -12 | N52: -2 | P52: =+IFERROR(IF(E52*K52<0,"n.m.",IF(E52/K52-1>100%,">100%",E52/K52-1)),"n.m.") -> -1 | S52: =+IFERROR(IF(D52*J52<0,"n.m.",IF(D52/J52-1>100%,">100%",D52/J52-1)),"n.m.") -> -0.85714286
C53: Net cash flow from continuing financing activities | D53: =+H53+G53+F53+E53 -> -1496 | E53: =+E42+E43+E44+E46+E47+E48+E50+E51+E52+E45+E49 -> 28 | F53: =+F42+F43+F44+F46+F47+F48+F50+F51+F52+F45+F49 -> -331 | G53: =+G42+G43+G44+G46+G47+G48+G50+G51+G52+G45+G49 -> -1196 | H53: =+H42+H43+H44+H46+H47+H48+H50+H51+H52+H45+H49 -> 3 | J53: =+N53+M53+L53+K53 -> -4453 | K53: =+K42+K43+K44+K46+K47+K48+K50+K51+K52+K45+K49 -> -2686 | L53: =+L42+L43+L44+L46+L47+L48+L50+L51+L52+L45+L49 -> -83 | M53: =+M42+M43+M44+M46+M47+M48+M50+M51+M52+M45+M49 -> -674 | N53: =+N42+N43+N44+N46+N47+N48+N50+N51+N52+N45+N49 -> -1010 | P53: =+IFERROR(IF(E53*K53<0,"n.m.",IF(E53/K53-1>100%,">100%",E53/K53-1)),"n.m.") -> n.m. | S53: =+IFERROR(IF(D53*J53<0,"n.m.",IF(D53/J53-1>100%,">100%",D53/J53-1)),"n.m.") -> -0.66404671
C54: Net cash flow from discontinued financing activities | D54: =+H54+G54+F54+E54 -> 0 | E54: 0 | F54: 0 | G54: 0 | H54: 0 | J54: =+N54+M54+L54+K54 -> -251 | K54: 0 | L54: -93 | M54: -84 | N54: -74 | P54: =+IFERROR(IF(E54*K54<0,"n.m.",IF(E54/K54-1>100%,">100%",E54/K54-1)),"n.m.") -> n.m. | S54: =+IFERROR(IF(D54*J54<0,"n.m.",IF(D54/J54-1>100%,">100%",D54/J54-1)),"n.m.") -> -1
C56: Total net cash flow from continuing operations | D56: =+H56+G56+F56+E56 -> -346 | E56: =+E27+E39+E53 -> 726 | F56: =+F27+F39+F53 -> -237 | G56: =+G27+G39+G53 -> -1013 | H56: =+H27+H39+H53 -> 178 | J56: =+N56+M56+L56+K56 -> -5837 | K56: =+K27+K39+K53 -> -3915 | L56: =+L27+L39+L53 -> 88 | M56: =+M27+M39+M53 -> -621 | N56: =+N27+N39+N53 -> -1389 | P56: =+IFERROR(IF(E56*K56<0,"n.m.",IF(E56/K56-1>100%,">100%",E56/K56-1)),"n.m.") -> n.m. | S56: =+IFERROR(IF(D56*J56<0,"n.m.",IF(D56/J56-1>100%,">100%",D56/J56-1)),"n.m.") -> -0.94072297
C57: Total net cash flow from discontinued operations | D57: =+H57+G57+F57+E57 -> -25 | E57: =E28+E40+E54 -> -35 | F57: =F28+F40+F54 -> 31 | G57: =G28+G40+G54 -> -21 | H57: =H28+H40+H54 -> 0 | J57: =+N57+M57+L57+K57 -> 4160 | K57: =K28+K40+K54 -> 4364 | L57: =L28+L40+L54 -> 78 | M57: =M28+M40+M54 -> -55 | N57: =N28+N40+N54 -> -227 | P57: =+IFERROR(IF(E57*K57<0,"n.m.",IF(E57/K57-1>100%,">100%",E57/K57-1)),"n.m.") -> n.m. | S57: =+IFERROR(IF(D57*J57<0,"n.m.",IF(D57/J57-1>100%,">100%",D57/J57-1)),"n.m.") -> n.m.
C58: Total net cash flow (changes in cash and cash equivalents) | D58: =+H58+G58+F58+E58 -> -371 | E58: =E56+E57 -> 691 | F58: =F56+F57 -> -206 | G58: =G56+G57 -> -1034 | H58: =H56+H57 -> 178 | J58: =+N58+M58+L58+K58 -> -1677 | K58: =+K57+K56 -> 449 | L58: =+L57+L56 -> 166 | M58: =+M57+M56 -> -676 | N58: =+N57+N56 -> -1616 | P58: =+IFERROR(IF(E58*K58<0,"n.m.",IF(E58/K58-1>100%,">100%",E58/K58-1)),"n.m.") -> 0.5389755 | S58: =+IFERROR(IF(D58*J58<0,"n.m.",IF(D58/J58-1>100%,">100%",D58/J58-1)),"n.m.") -> -0.77877162
C60: Net cash at beginning of period | D60: =J63 -> 1945 | E60: =+F63 -> 883 | F60: =+G63 -> 1089 | G60: =+H63 -> 2124 | H60: =J63 -> 1945 | J60: =+N60 -> 3620 | K60: =+L63 -> 1496 | L60: =+M63 -> 1328 | M60: =+N63 -> 2004 | N60: 3620 | P60: =+IFERROR(IF(E60*K60<0,"n.m.",IF(E60/K60-1>100%,">100%",E60/K60-1)),"n.m.") -> -0.40975936 | S60: =+IFERROR(IF(D60*J60<0,"n.m.",IF(D60/J60-1>100%,">100%",D60/J60-1)),"n.m.") -> -0.46270718
C61: Changes in cash | D61: =+H61+G61+F61+E61 -> -371 | E61: =E58 -> 691 | F61: =F58 -> -206 | G61: =+G58 -> -1034 | H61: =+H58 -> 178 | J61: =+N61+M61+L61+K61 -> -1677 | K61: =+K58 -> 449 | L61: =+L58 -> 166 | M61: =+M58 -> -676 | N61: =+N58 -> -1616 | P61: =+IFERROR(IF(E61*K61<0,"n.m.",IF(E61/K61-1>100%,">100%",E61/K61-1)),"n.m.") -> 0.5389755 | S61: =+IFERROR(IF(D61*J61<0,"n.m.",IF(D61/J61-1>100%,">100%",D61/J61-1)),"n.m.") -> -0.77877162
C62: Exchange rate difference | D62: =+H62+G62+F62+E62 -> 1 | E62: 1 | F62: 0 | G62: -1 | H62: 1 | J62: =+N62+M62+L62+K62 -> 2 | K62: 0 | L62: 2 | M62: 0 | N62: 0 | P62: =+IFERROR(IF(E62*K62<0,"n.m.",IF(E62/K62-1>100%,">100%",E62/K62-1)),"n.m.") -> n.m. | S62: =+IFERROR(IF(D62*J62<0,"n.m.",IF(D62/J62-1>100%,">100%",D62/J62-1)),"n.m.") -> -0.5
C63: Net cash at end of period | D63: =D60+D61+D62 -> 1575 | E63: =+E60+E61+E62 -> 1575 | F63: =+F60+F61+F62 -> 883 | G63: =+G60+G61+G62 -> 1089 | H63: =+H60+H61+H62 -> 2124 | J63: =+J60+J61+J62 -> 1945 | K63: =+K60+K61+K62 -> 1945 | L63: =+L60+L61+L62 -> 1496 | M63: =+M60+M61+M62 -> 1328 | N63: =+N60+N61+N62 -> 2004 | P63: =+IFERROR(IF(E63*K63<0,"n.m.",IF(E63/K63-1>100%,">100%",E63/K63-1)),"n.m.") -> -0.19023136 | S63: =+IFERROR(IF(D63*J63<0,"n.m.",IF(D63/J63-1>100%,">100%",D63/J63-1)),"n.m.") -> -0.19023136
C64: Bank overdrafts | D64: =E64 -> 4 | E64: 4 | F64: 24 | G64: 12 | H64: 14 | J64: =+K64 -> 31 | K64: 31 | L64: 4 | M64: 203 | N64: 141 | P64: =+IFERROR(IF(E64*K64<0,"n.m.",IF(E64/K64-1>100%,">100%",E64/K64-1)),"n.m.") -> -0.87096774 | S64: =+IFERROR(IF(D64*J64<0,"n.m.",IF(D64/J64-1>100%,">100%",D64/J64-1)),"n.m.") -> -0.87096774
C65: Cash classified as held for sale | D65: =E65 -> -133 | E65: -133 | F65: -82 | G65: -51 | H65: 0 | J65: =+N65+M65+L65+K65 -> 0 | K65: 0 | L65: 0 | M65: 0 | N65: 0 | P65: =+IFERROR(IF(E65*K65<0,"n.m.",IF(E65/K65-1>100%,">100%",E65/K65-1)),"n.m.") -> n.m. | S65: =+IFERROR(IF(D65*J65<0,"n.m.",IF(D65/J65-1>100%,">100%",D65/J65-1)),"n.m.") -> n.m.
C66: Cash at end of period | D66: =D63+D64+D65 -> 1446 | E66: =+E63+E64+E65 -> 1446 | F66: =+F63+F64+F65 -> 825 | G66: =+G63+G64+G65 -> 1050 | H66: =+H63+H64+H65 -> 2138 | J66: =+J63+J64+J65 -> 1976 | K66: =+K63+K64+K65 -> 1976 | L66: =+L63+L64+L65 -> 1500 | M66: =+M63+M64+M65 -> 1531 | N66: =+N63+N64+N65 -> 2145 | P66: =+IFERROR(IF(E66*K66<0,"n.m.",IF(E66/K66-1>100%,">100%",E66/K66-1)),"n.m.") -> -0.26821862 | S66: =+IFERROR(IF(D66*J66<0,"n.m.",IF(D66/J66-1>100%,">100%",D66/J66-1)),"n.m.") -> -0.26821862
C68: Cash flow from continuing operating activities | D68: =+H68+G68+F68+E68 -> 1996 | E68: =E27 -> 577 | F68: =F27 -> 518 | G68: =G27 -> 537 | H68: =H27 -> 364 | J68: =+N68+M68+L68+K68 -> 1087 | K68: =+K27 -> 235 | L68: =+L27 -> 484 | M68: =+M27 -> 345 | N68: =+N27 -> 23 | P68: =+IFERROR(IF(E68*K68<0,"n.m.",IF(E68/K68-1>100%,">100%",E68/K68-1)),"n.m.") -> >100% | S68: =+IFERROR(IF(D68*J68<0,"n.m.",IF(D68/J68-1>100%,">100%",D68/J68-1)),"n.m.") -> 0.83624655
C69: Capital expenditures from continuing operations | D69: =+H69+G69+F69+E69 -> -1300 | E69: -355 | F69: =-F98 -> -305 | G69: =-G98 -> -306 | H69: =-H98 -> -334 | J69: =+N69+M69+L69+K69 -> -1239 | K69: =-K98 -> -414 | L69: =-L98 -> -251 | M69: =-M98 -> -275 | N69: =-N98 -> -299 | P69: =+IFERROR(IF(E69*K69<0,"n.m.",IF(E69/K69-1>100%,">100%",E69/K69-1)),"n.m.") -> -0.14251208 | S69: =+IFERROR(IF(D69*J69<0,"n.m.",IF(D69/J69-1>100%,">100%",D69/J69-1)),"n.m.") -> 0.049233253
C70: Proceeds from real estate from continuing operations | D70: =+H70+G70+F70+E70 -> 2 | E70: 1 | F70: 0 | G70: 1 | H70: 0 | J70: =+N70+M70+L70+K70 -> 1 | K70: 0 | L70: 1 | M70: 0 | N70: 0 | P70: =+IFERROR(IF(E70*K70<0,"n.m.",IF(E70/K70-1>100%,">100%",E70/K70-1)),"n.m.") -> n.m. | S70: =+IFERROR(IF(D70*J70<0,"n.m.",IF(D70/J70-1>100%,">100%",D70/J70-1)),"n.m.") -> 1
C71: Free cash flow from continuing operations | D71: =+H71+G71+F71+E71 -> 698 | E71: =+E68+E69+E70 -> 223 | F71: =+F68+F69+F70 -> 213 | G71: =+G68+G69+G70 -> 232 | H71: =+H68+H69+H70 -> 30 | J71: =+N71+M71+L71+K71 -> -151 | K71: =+K68+K69+K70 -> -179 | L71: =+L68+L69+L70 -> 234 | M71: =+M68+M69+M70 -> 70 | N71: =+N68+N69+N70 -> -276 | P71: =+IFERROR(IF(E71*K71<0,"n.m.",IF(E71/K71-1>100%,">100%",E71/K71-1)),"n.m.") -> n.m. | S71: =+IFERROR(IF(D71*J71<0,"n.m.",IF(D71/J71-1>100%,">100%",D71/J71-1)),"n.m.") -> n.m.
C73: Cash flow from operating activities (incl. discontinued operations) | D73: =+H73+G73+F73+E73 -> 2218 | E73: =+E27+E28 -> 694 | F73: =+F27+F28 -> 569 | G73: =+G27+G28 -> 566 | H73: =+H27+H28 -> 389 | J73: =+N73+M73+L73+K73 -> 1554 | K73: =+K27+K28 -> 230 | L73: =+L27+L28 -> 830 | M73: =+M27+M28 -> 500 | N73: =+N27+N28 -> -6 | P73: =+IFERROR(IF(E73*K73<0,"n.m.",IF(E73/K73-1>100%,">100%",E73/K73-1)),"n.m.") -> >100% | S73: =+IFERROR(IF(D73*J73<0,"n.m.",IF(D73/J73-1>100%,">100%",D73/J73-1)),"n.m.") -> 0.42728443
C74: Capital expenditures (incl. discontinued operations) | D74: =+H74+G74+F74+E74 -> -1398 | E74: =-E94 -> -385 | F74: =-F94 -> -325 | G74: =-G94 -> -331 | H74: =-H94 -> -357 | J74: =+N74+M74+L74+K74 -> -1724 | K74: =-68+K69 -> -482 | L74: =-172+L69 -> -423 | M74: =-124+M69 -> -399 | N74: =-121+N69 -> -420 | P74: =+IFERROR(IF(E74*K74<0,"n.m.",IF(E74/K74-1>100%,">100%",E74/K74-1)),"n.m.") -> -0.20124481 | S74: =+IFERROR(IF(D74*J74<0,"n.m.",IF(D74/J74-1>100%,">100%",D74/J74-1)),"n.m.") -> -0.18909513
C75: Proceeds from real estate (incl. discontinued operations) | D75: =+H75+G75+F75+E75 -> 2 | E75: 1 | F75: 0 | G75: 1 | H75: 0 | J75: =+N75+M75+L75+K75 -> 1 | K75: 0 | L75: 1 | M75: 0 | N75: 0 | P75: =+IFERROR(IF(E75*K75<0,"n.m.",IF(E75/K75-1>100%,">100%",E75/K75-1)),"n.m.") -> n.m. | S75: =+IFERROR(IF(D75*J75<0,"n.m.",IF(D75/J75-1>100%,">100%",D75/J75-1)),"n.m.") -> 1
C76: Free cash flow (incl. discontinued operations) | D76: =+H76+G76+F76+E76 -> 822 | E76: =+E73+E74+E75 -> 310 | F76: =+F73+F74+F75 -> 244 | G76: =+G73+G74+G75 -> 236 | H76: =+H73+H74+H75 -> 32 | J76: =+N76+M76+L76+K76 -> -169 | K76: =+K73+K74+K75 -> -252 | L76: =+L73+L74+L75 -> 408 | M76: =+M73+M74+M75 -> 101 | N76: =+N73+N74+N75 -> -426 | P76: =+IFERROR(IF(E76*K76<0,"n.m.",IF(E76/K76-1>100%,">100%",E76/K76-1)),"n.m.") -> n.m. | S76: =+IFERROR(IF(D76*J76<0,"n.m.",IF(D76/J76-1>100%,">100%",D76/J76-1)),"n.m.") -> n.m.
B79: 1 Unless stated otherwise
B80: 2 Excluding changes in deferred taxes
C83: Consolidated figures | D83: =+D2 -> 2015 | E83: Q4 '15 | F83: =+F2 -> Q3 '15 | G83: =+G2 -> Q2 '15 | H83: =+H2 -> Q1 '15 | J83: =+J2 -> 2014 | K83: =+K2 -> Q4 '14 | L83: =+L2 -> Q3 '14 | M83: =+M2 -> Q2 '14 | N83: =+N2 -> Q1 '14 | P83: =+P2 -> y-on-y | S83: =+S2 -> y-on-y
C84: Capex | P84: =+P3 -> Q4% | S84: =+S3 -> FY%
C86: The Netherlands | D86: =+H86+G86+F86+E86 -> 1285 | E86: 348 | F86: 301 | G86: 304 | H86: 332 | J86: =+N86+M86+L86+K86 -> 1226 | K86: 410 | L86: 248 | M86: 271 | N86: 297 | P86: =+IFERROR(IF(E86*K86<0,"n.m.",IF(E86/K86-1>100%,">100%",E86/K86-1)),"n.m.") -> -0.15121951 | S86: =+IFERROR(IF(D86*J86<0,"n.m.",IF(D86/J86-1>100%,">100%",D86/J86-1)),"n.m.") -> 0.04812398
C88: iBasis | D88: =+H88+G88+F88+E88 -> 11 | E88: 6 | F88: 3 | G88: 1 | H88: 1 | J88: =+N88+M88+L88+K88 -> 8 | K88: 3 | L88: 2 | M88: 2 | N88: 1 | P88: =+IFERROR(IF(E88*K88<0,"n.m.",IF(E88/K88-1>100%,">100%",E88/K88-1)),"n.m.") -> 1 | S88: =+IFERROR(IF(D88*J88<0,"n.m.",IF(D88/J88-1>100%,">100%",D88/J88-1)),"n.m.") -> 0.375
C90: Belgium (discontinued operations) | D90: =+H90+G90+F90+E90 -> 98 | E90: 30 | F90: 20 | G90: 25 | H90: 23 | J90: =+N90+M90+L90+K90 -> 173 | K90: 69 | L90: 31 | M90: 35 | N90: 38 | P90: =+IFERROR(IF(E90*K90<0,"n.m.",IF(E90/K90-1>100%,">100%",E90/K90-1)),"n.m.") -> -0.56521739 | S90: =+IFERROR(IF(D90*J90<0,"n.m.",IF(D90/J90-1>100%,">100%",D90/J90-1)),"n.m.") -> -0.43352601
C92: Other activities | D92: =+H92+G92+F92+E92 -> 4 | E92: 1 | F92: 1 | G92: 1 | H92: 1 | J92: =+N92+M92+L92+K92 -> 5 | K92: 0 | L92: 2 | M92: 2 | N92: 1 | P92: =+IFERROR(IF(E92*K92<0,"n.m.",IF(E92/K92-1>100%,">100%",E92/K92-1)),"n.m.") -> n.m. | S92: =+IFERROR(IF(D92*J92<0,"n.m.",IF(D92/J92-1>100%,">100%",D92/J92-1)),"n.m.") -> -0.2
C94: Total Capex (incl. discontinued operations) | D94: =+H94+G94+F94+E94 -> 1398 | E94: =+E88+E86+E92+E90 -> 385 | F94: =+F88+F86+F92+F90 -> 325 | G94: =+G88+G86+G92+G90 -> 331 | H94: =+H88+H86+H92+H90 -> 357 | J94: =+N94+M94+L94+K94 -> 1412 | K94: =+K88+K86+K92+K90 -> 482 | L94: =+L88+L86+L92+L90 -> 283 | M94: =+M88+M86+M92+M90 -> 310 | N94: =+N88+N86+N92+N90 -> 337 | P94: =+IFERROR(IF(E94*K94<0,"n.m.",IF(E94/K94-1>100%,">100%",E94/K94-1)),"n.m.") -> -0.20124481 | S94: =+IFERROR(IF(D94*J94<0,"n.m.",IF(D94/J94-1>100%,">100%",D94/J94-1)),"n.m.") -> -0.0099150142
C96: Of which discontinued operations | D96: =+H96+G96+F96+E96 -> 98 | E96: 30 | F96: 20 | G96: 25 | H96: 23 | J96: =+N96+M96+L96+K96 -> 173 | K96: 68 | L96: 32 | M96: 35 | N96: 38 | P96: =+IFERROR(IF(E96*K96<0,"n.m.",IF(E96/K96-1>100%,">100%",E96/K96-1)),"n.m.") -> -0.55882353 | S96: =+IFERROR(IF(D96*J96<0,"n.m.",IF(D96/J96-1>100%,">100%",D96/J96-1)),"n.m.") -> -0.43352601
C98: Total Capex from continuing operations | D98: =+H98+G98+F98+E98 -> 1300 | E98: =+E94-E96 -> 355 | F98: =+F94-F96 -> 305 | G98: =+G94-G96 -> 306 | H98: =+H94-H96 -> 334 | J98: =+N98+M98+L98+K98 -> 1239 | K98: =+K94-K96 -> 414 | L98: =+L94-L96 -> 251 | M98: =+M94-M96 -> 275 | N98: =+N94-N96 -> 299 | P98: =+IFERROR(IF(E98*K98<0,"n.m.",IF(E98/K98-1>100%,">100%",E98/K98-1)),"n.m.") -> -0.14251208 | S98: =+IFERROR(IF(D98*J98<0,"n.m.",IF(D98/J98-1>100%,">100%",D98/J98-1)),"n.m.") -> 0.049233253
C103: Consolidated figures | D103: =+D83 -> 2015 | E103: Q4 '15 | F103: =+F83 -> Q3 '15 | G103: =+G83 -> Q2 '15 | H103: =+H83 -> Q1 '15 | J103: =+J83 -> 2014 | K103: =+K83 -> Q4 '14 | L103: =+L83 -> Q3 '14 | M103: =+M83 -> Q2 '14 | N103: =+N83 -> Q1 '14
C104: Capex / Adjusted revenues
C106: The Netherlands | D106: =+D86/Revenues!D65 -> 0.20772713 | E106: =+E86/+Revenues!E65 -> 0.22408242 | F106: =+F86/+Revenues!F65 -> 0.19406834 | G106: =+G86/+Revenues!G65 -> 0.19676375 | H106: =+H86/+Revenues!H65 -> 0.2160052 | J106: =+J86/Revenues!J65 -> 0.19162238 | K106: =+K86/+Revenues!K65 -> 0.24788392 | L106: =+L86/+Revenues!L65 -> 0.15846645 | M106: =+M86/+Revenues!M65 -> 0.17065491 | N106: =+N86/+Revenues!N65 -> 0.18667505
C108: iBasis | D108: =+D88/Revenues!D67 -> 0.011956522 | E108: =+E88/+Revenues!E67 -> 0.027522936 | F108: =+F88/+Revenues!F67 -> 0.012448133 | G108: =+G88/+Revenues!G67 -> 0.0042735043 | H108: =+H88/+Revenues!H67 -> 0.0044052863 | J108: =+J88/Revenues!J67 -> 0.0084388186 | K108: =+K88/+Revenues!K67 -> 0.012096774 | L108: =+L88/+Revenues!L67 -> 0.0082304527 | M108: =+M88/+Revenues!M67 -> 0.0086580087 | N108: =+N88/+Revenues!N67 -> 0.0044247788
C110: Belgium (discontinued operations) | D110: =+D90/Revenues!D69 -> 0.14369501 | E110: =+E90/+Revenues!E69 -> 0.17241379 | F110: =+F90/+Revenues!F69 -> 0.11764706 | G110: =+G90/+Revenues!G69 -> 0.14792899 | H110: =+H90/+Revenues!H69 -> 0.13609467 | J110: =+J90/Revenues!J69 -> 0.24400564 | K110: =+K90/+Revenues!K69 -> 0.38764045 | L110: =+L90/+Revenues!L69 -> 0.17613636 | M110: =+M90/+Revenues!M69 -> 0.19662921 | N110: =+N90/+Revenues!N69 -> 0.21468927
C112: Other activities | D112: =+D92/Revenues!D71 -> 0.10810811 | E112: =+E92/+Revenues!E71 -> 0.33333333 | F112: =+F92/+Revenues!F71 -> 0.25 | G112: =+G92/+Revenues!G71 -> 0.25 | H112: =+H92/+Revenues!H71 -> 0.038461538 | J112: =+J92/Revenues!J71 -> 0.02688172 | K112: =+K92/+Revenues!K71 -> 0 | L112: =+L92/+Revenues!L71 -> 0.037037037 | M112: =+M92/+Revenues!M71 -> 0.041666667 | N112: =+N92/+Revenues!N71 -> 0.02
C114: Total (incl. discontinued operations) | D114: =+D94/Revenues!D75 -> 0.18231612 | E114: =+E94/+Revenues!E75 -> 0.20135983 | F114: =+F94/+Revenues!F75 -> 0.16883117 | G114: =+G94/+Revenues!G75 -> 0.17311715 | H114: =+H94/+Revenues!H75 -> 0.18603439 | J114: =+J94/Revenues!J75 -> 0.17597208 | K114: =+K94/+Revenues!K75 -> 0.23307544 | L114: =+L94/+Revenues!L75 -> 0.14307381 | M114: =+M94/+Revenues!M75 -> 0.15585721 | N114: =+N94/+Revenues!N75 -> 0.16943188
C116: Discontinued operations | D116: =+D96/Revenues!D77 -> 0.15076923 | E116: =+E96/+Revenues!E77 -> 0.17964072 | F116: =+F96/+Revenues!F77 -> 0.1242236 | G116: =+G96/+Revenues!G77 -> 0.1552795 | H116: =+H96/+Revenues!H77 -> 0.14285714 | J116: =+J96/Revenues!J77 -> 0.25744048 | K116: =+K96/+Revenues!K77 -> 0.4 | L116: =+L96/+Revenues!L77 -> 0.19161677 | M116: =+M96/+Revenues!M77 -> 0.20710059 | N116: =+N96/+Revenues!N77 -> 0.22891566
C118: Total from continuing operations | D118: =+D98/Revenues!D79 -> 0.18523796 | E118: =+E98/+Revenues!E79 -> 0.2034384 | F118: =+F98/+Revenues!F79 -> 0.17290249 | G118: =+G98/+Revenues!G79 -> 0.17475728 | H118: =+H98/+Revenues!H79 -> 0.18998862 | J118: =+J98/Revenues!J79 -> 0.16852557 | K118: =+K98/+Revenues!K79 -> 0.21812434 | L118: =+L98/+Revenues!L79 -> 0.13859746 | M118: =+M98/+Revenues!M79 -> 0.1510989 | N118: =+N98/+Revenues!N79 -> 0.16401536
C123: Consolidated figures | D123: =+D103 -> 2015 | E123: Q4 '15 | F123: =+F103 -> Q3 '15 | G123: =+G103 -> Q2 '15 | H123: =+H103 -> Q1 '15 | J123: =+J103 -> 2014 | K123: =+K103 -> Q4 '14 | L123: =+L103 -> Q3 '14 | M123: =+M103 -> Q2 '14 | N123: =+N103 -> Q1 '14
C124: Balance sheet
C126: Goodwill | D126: =+E126 -> 1428 | E126: 1428 | F126: 1410 | G126: 1351 | H126: 1447 | J126: =+K126 -> 1454 | K126: 1454 | L126: 1177 | M126: 1169 | N126: 1169
C127: Licences | D127: =+E127 -> 1180 | E127: 1180 | F127: 1215 | G127: 1251 | H127: 1523 | J127: =+K127 -> 1564 | K127: 1564 | L127: 1605 | M127: 1647 | N127: 1688
C128: Software1 | D128: =+E128 -> 556 | E128: 556 | F128: 529 | G128: 554 | H128: 644 | J128: =+K128 -> 675 | K128: 675 | L128: 591 | M128: 571 | N128: 580
C129: Other intangibles | D129: =+E129 -> 286 | E129: 286 | F129: 290 | G129: 275 | H129: 289 | J129: =+K129 -> 299 | K129: 299 | L129: 110 | M129: 108 | N129: 121
C130: Property, plant and equipment | D130: =+E130 -> 6001 | E130: 6001 | F130: 6043 | G130: 6064 | H130: 6603 | J130: =+K130 -> 6606 | K130: 6606 | L130: 5096 | M130: 5223 | N130: 5314
C131: Other non-current assets | D131: =+E131 -> 4014 | E131: 4014 | F131: 4950 | G131: 4914 | H131: 5095 | J131: =+K131 -> 4565 | K131: 4565 | L131: 2788 | M131: 2509 | N131: 2334
C132: Current assets | D132: =+E132 -> 3024 | E132: 3024 | F132: 2081 | G132: 2312 | H132: 3506 | J132: =+K132 -> 3385 | K132: 3385 | L132: 2743 | M132: 2866 | N132: 3477
C133: - of which cash and cash equivalents | D133: =+E133 -> 1446 | E133: 1446 | F133: 825 | G133: 1050 | H133: 2138 | J133: =+K133 -> 1976 | K133: 1976 | L133: 1500 | M133: 1531 | N133: 2145
C134: Non-current assets and disposal groups classified as held for sale | D134: =+E134 -> 1308 | E134: 1308 | F134: 1262 | G134: 1214 | H134: 0 | J134: =+K134 -> 8 | K134: 8 | L134: 8476 | M134: 8729 | N134: 9547
C135: Total assets | D135: =+E135 -> 17797 | E135: =E126+E127+E128+E129+E130+E131+E132+E134 -> 17797 | F135: =F126+F127+F128+F129+F130+F131+F132+F134 -> 17780 | G135: =G126+G127+G128+G129+G130+G131+G132+G134 -> 17935 | H135: =H126+H127+H128+H129+H130+H131+H132+H134 -> 19107 | J135: =+K135 -> 18556 | K135: =K126+K127+K128+K129+K130+K131+K132+K134 -> 18556 | L135: =L126+L127+L128+L129+L130+L131+L132+L134 -> 22586 | M135: =M126+M127+M128+M129+M130+M131+M132+M134 -> 22822 | N135: =N126+N127+N128+N129+N130+N131+N132+N134 -> 24230
J136: =+K136 -> 0
C137: Group equity2 | D137: =+E137 -> 5051 | E137: 5051 | F137: 5062 | G137: 5117 | H137: 5158 | J137: =+K137 -> 4630 | K137: 4630 | L137: 4729 | M137: 5012 | N137: 5294
C138: Non-current liabilities | D138: =+E138 -> 9338 | E138: 9338 | F138: 9186 | G138: 9277 | H138: 9396 | J138: =+K138 -> 10156 | K138: 10156 | L138: 12575 | M138: 12433 | N138: 13724
...

Sheet FTE & Regulation
C2: Consolidated figures | D2: =+'CF, Capex, BS & Debt sum'!D2 -> 2015 | E2: Q4 '15 | F2: =+'CF, Capex, BS & Debt sum'!F2 -> Q3 '15 | G2: =+'CF, Capex, BS & Debt sum'!G2 -> Q2 '15 | H2: =+'CF, Capex, BS & Debt sum'!H2 -> Q1 '15 | J2: =+'CF, Capex, BS & Debt sum'!J2 -> 2014 | K2: =+'CF, Capex, BS & Debt sum'!K2 -> Q4 '14 | L2: =+'CF, Capex, BS & Debt sum'!L2 -> Q3 '14 | M2: =+'CF, Capex, BS & Debt sum'!M2 -> Q2 '14 | N2: =+'CF, Capex, BS & Debt sum'!N2 -> Q1 '14 | P2: =+'CF, Capex, BS & Debt sum'!P2 -> y-on-y | S2: =+'CF, Capex, BS & Debt sum'!S2 -> y-on-y
C3: FTE own personnel | P3: =+'CF, Capex, BS & Debt sum'!P3 -> Q4% | S3: =+'CF, Capex, BS & Debt sum'!S3 -> FY%
C5: KPN Group (incl. discontinued operations) | D5: =E5 -> 14855 | E5: =+E6+E7 -> 14855 | F5: =+F6+F7 -> 15009 | G5: =+G6+G7 -> 15082 | H5: =+H6+H7 -> 15256 | J5: =K5 -> 18470 | K5: =K6+K7 -> 18470 | L5: =L6+L7 -> 18255 | M5: =M6+M7 -> 18466 | N5: =N6+N7 -> 18778 | P5: =+IFERROR(IF(E5*K5<0,"n.m.",IF(E5/K5-1>100%,">100%",E5/K5-1)),"n.m.") -> -0.19572279 | S5: =+IFERROR(IF(D5*J5<0,"n.m.",IF(D5/J5-1>100%,">100%",D5/J5-1)),"n.m.") -> -0.19572279
C6: - KPN domestic | D6: =E6 -> 13772 | E6: 13772 | F6: 13924 | G6: 13941 | H6: 14109 | J6: =K6 -> 14346 | K6: 14346 | L6: 14329 | M6: 14435 | N6: 14566 | P6: =+IFERROR(IF(E6*K6<0,"n.m.",IF(E6/K6-1>100%,">100%",E6/K6-1)),"n.m.") -> -0.040011153 | S6: =+IFERROR(IF(D6*J6<0,"n.m.",IF(D6/J6-1>100%,">100%",D6/J6-1)),"n.m.") -> -0.040011153
C7: - KPN abroad (incl. discontinued operations) | D7: =E7 -> 1083 | E7: 1083 | F7: 1085 | G7: 1141 | H7: 1147 | J7: =K7 -> 4124 | K7: 4124 | L7: 3926 | M7: 4031 | N7: 4212 | P7: =+IFERROR(IF(E7*K7<0,"n.m.",IF(E7/K7-1>100%,">100%",E7/K7-1)),"n.m.") -> -0.73739088 | S7: =+IFERROR(IF(D7*J7<0,"n.m.",IF(D7/J7-1>100%,">100%",D7/J7-1)),"n.m.") -> -0.73739088
C9: Of which discontinued operations | D9: =E9 -> 778 | E9: 778 | F9: 780 | G9: 799 | H9: 792 | J9: =K9 -> 808 | K9: 808 | L9: 800 | M9: 878 | N9: 879 | P9: =+IFERROR(IF(E9*K9<0,"n.m.",IF(E9/K9-1>100%,">100%",E9/K9-1)),"n.m.") -> -0.037128713 | S9: =+IFERROR(IF(D9*J9<0,"n.m.",IF(D9/J9-1>100%,">100%",D9/J9-1)),"n.m.") -> -0.037128713
C14: Consolidated figures | D14: =+D2 -> 2015 | E14: Q4 '15 | F14: =+F2 -> Q3 '15 | G14: =+G2 -> Q2 '15 | H14: =+H2 -> Q1 '15 | J14: =+J2 -> 2014 | K14: =+K2 -> Q4 '14 | L14: =+L2 -> Q3 '14 | M14: =+M2 -> Q2 '14 | N14: =+N2 -> Q1 '14
C15: Regulatory impact: Revenues1
C17: Consumer Mobile | D17: =+H17+G17+F17+E17 -> -9 | E17: =+E65+E113 -> 0 | F17: =+F65+F113 -> 0 | G17: =+G65+G113 -> -6 | H17: =+H65+H113 -> -3 | J17: =+N17+M17+L17+K17 -> -20 | K17: =+K65+K113 -> -4 | L17: =+L65+L113 -> -5 | M17: =+M65+M113 -> -6 | N17: =+N65+N113 -> -5
C18: - of which: Mobile Wholesale | D18: =+H18+G18+F18+E18 -> -1 | E18: =+E66+E114 -> 0 | F18: =+F66+F114 -> 0 | G18: =+G66+G114 -> 0 | H18: =+H66+H114 -> -1 | J18: =+N18+M18+L18+K18 -> -3 | K18: =+K66+K114 -> 0 | L18: =+L66+L114 -> 0 | M18: =+M66+M114 -> -2 | N18: =+N66+N114 -> -1
C19: Business | D19: =+H19+G19+F19+E19 -> -10 | E19: =+E67+E115 -> 0 | F19: =+F67+F115 -> 0 | G19: =+G67+G115 -> -6 | H19: =+H67+H115 -> -4 | J19: =+N19+M19+L19+K19 -> -17 | K19: =+K67+K115 -> -2 | L19: =+L67+L115 -> -6 | M19: =+M67+M115 -> -5 | N19: =+N67+N115 -> -4
C20: NetCo | D20: =+H20+G20+F20+E20 -> 0 | E20: =+E68+E116 -> 0 | F20: =+F68+F116 -> 0 | G20: =+G68+G116 -> 0 | H20: =+H68+H116 -> 0 | J20: =+N20+M20+L20+K20 -> -5 | K20: =+K68+K116 -> 0 | L20: =+L68+L116 -> -1 | M20: =+M68+M116 -> -2 | N20: =+N68+N116 -> -2
C21: Intercompany | D21: =+H21+G21+F21+E21 -> 0 | E21: =+E69+E117 -> 0 | F21: =+F69+F117 -> 0 | G21: =+G69+G117 -> 0 | H21: =+H69+H117 -> 0 | J21: =+N21+M21+L21+K21 -> 0 | K21: =+K69+K117 -> 0 | L21: 0 | M21: 0 | N21: 0
C22: The Netherlands | D22: =+H22+G22+F22+E22 -> -19 | E22: =+E70+E118 -> 0 | F22: =+F70+F118 -> 0 | G22: =+G70+G118 -> -12 | H22: =+H70+H118 -> -7 | J22: =+N22+M22+L22+K22 -> -42 | K22: =+K70+K118 -> -6 | L22: =+L70+L118 -> -12 | M22: =+M70+M118 -> -13 | N22: =+N70+N118 -> -11
C24: Belgium (discontinued operations) | D24: =+H24+G24+F24+E24 -> -10 | E24: =+E72+E120 -> 0 | F24: =+F72+F120 -> 0 | G24: =+G72+G120 -> -6 | H24: =+H72+H120 -> -4 | J24: =+N24+M24+L24+K24 -> -15 | K24: =+K72+K120 -> -4 | L24: =+L72+L120 -> -5 | M24: =+M72+M120 -> -3 | N24: =+N72+N120 -> -3
C26: Other activities | D26: =+H26+G26+F26+E26 -> 0 | E26: =+E74+E122 -> 0 | F26: =+F74+F122 -> 0 | G26: =+G74+G122 -> 0 | H26: =+H74+H122 -> 0 | J26: =+N26+M26+L26+K26 -> 0 | K26: =+K74+K122 -> 0 | L26: =+L74+L122 -> 0 | M26: =+M74+M122 -> 0 | N26: =+N74+N122 -> 0
C28: KPN Group (incl. discontinued operations) | D28: =+H28+G28+F28+E28 -> -29 | E28: =+E76+E124 -> 0 | F28: =+F76+F124 -> 0 | G28: =+G76+G124 -> -18 | H28: =+H76+H124 -> -11 | J28: =+N28+M28+L28+K28 -> -57 | K28: =+K76+K124 -> -10 | L28: =+L76+L124 -> -17 | M28: =+M76+M124 -> -16 | N28: =+N76+N124 -> -14
C30: Of which discontinued operations | D30: =+H30+G30+F30+E30 -> -10 | E30: =+E78+E126 -> 0 | F30: =+F78+F126 -> 0 | G30: =+G78+G126 -> -6 | H30: =+H78+H126 -> -4 | J30: =+N30+M30+L30+K30 -> -15 | K30: =+K78+K126 -> -4 | L30: =+L78+L126 -> -5 | M30: =+M78+M126 -> -3 | N30: =+N78+N126 -> -3
C32: KPN Group from continuing operations | D32: =+H32+G32+F32+E32 -> -19 | E32: =+E80+E128 -> 0 | F32: =+F80+F128 -> 0 | G32: =+G80+G128 -> -12 | H32: =+H80+H128 -> -7 | J32: =+N32+M32+L32+K32 -> -42 | K32: =+K80+K128 -> -6 | L32: =+L80+L128 -> -12 | M32: =+M80+M128 -> -13 | N32: =+N80+N128 -> -11
B35: 1 To calculate y-on-y regulatory impact for Q4 2015, the Q4 2014 volumes and the delta between Q4 2014 and Q4 2015 tariffs are applied
C38: Consolidated figures | D38: =+D14 -> 2015 | E38: Q4 '15 | F38: =+F14 -> Q3 '15 | G38: =+G14 -> Q2 '15 | H38: =+H14 -> Q1 '15 | J38: =+J14 -> 2014 | K38: =+K14 -> Q4 '14 | L38: =+L14 -> Q3 '14 | M38: =+M14 -> Q2 '14 | N38: =+N14 -> Q1 '14
C39: Regulatory impact: EBITDA1
C41: Consumer Mobile | D41: =+H41+G41+F41+E41 -> -4 | E41: =+E89+E137 -> 0 | F41: =+F89+F137 -> 0 | G41: =+G89+G137 -> -3 | H41: =+H89+H137 -> -1 | J41: =+N41+M41+L41+K41 -> -6 | K41: =+K89+K137 -> -2 | L41: =+L89+L137 -> 0 | M41: =+M89+M137 -> -3 | N41: =+N89+N137 -> -1
C42: - of which: Mobile Wholesale | D42: =+H42+G42+F42+E42 -> 0 | E42: =+E90+E138 -> 0 | F42: =+F90+F138 -> 0 | G42: =+G90+G138 -> 0 | H42: =+H90+H138 -> 0 | J42: =+N42+M42+L42+K42 -> -1 | K42: =+K90+K138 -> 0 | L42: =+L90+L138 -> 0 | M42: =+M90+M138 -> -1 | N42: =+N90+N138 -> 0
C43: Business | D43: =+H43+G43+F43+E43 -> -8 | E43: =+E91+E139 -> 0 | F43: =+F91+F139 -> 0 | G43: =+G91+G139 -> -5 | H43: =+H91+H139 -> -3 | J43: =+N43+M43+L43+K43 -> -12 | K43: =+K91+K139 -> -2 | L43: =+L91+L139 -> -4 | M43: =+M91+M139 -> -3 | N43: =+N91+N139 -> -3
C44: NetCo | D44: =+H44+G44+F44+E44 -> 0 | E44: =+E92+E140 -> 0 | F44: =+F92+F140 -> 0 | G44: =+G92+G140 -> 0 | H44: =+H92+H140 -> 0 | J44: =+N44+M44+L44+K44 -> 0 | K44: =+K92+K140 -> 0 | L44: =+L92+L140 -> 0 | M44: =+M92+M140 -> 0 | N44: =+N92+N140 -> 0
C45: Intercompany | D45: =+H45+G45+F45+E45 -> 0 | E45: =+E93+E141 -> 0 | F45: =+F93+F141 -> 0 | G45: =+G93+G141 -> 0 | H45: =+H93+H141 -> 0 | J45: =+N45+M45+L45+K45 -> 0 | K45: =+K93+K141 -> 0 | L45: =+L93+L141 -> 0 | M45: =+M93+M141 -> 0 | N45: =+N93+N141 -> 0
C46: The Netherlands | D46: =+H46+G46+F46+E46 -> -12 | E46: =+E94+E142 -> 0 | F46: =+F94+F142 -> 0 | G46: =+G94+G142 -> -8 | H46: =+H94+H142 -> -4 | J46: =+N46+M46+L46+K46 -> -18 | K46: =+K94+K142 -> -4 | L46: =+L94+L142 -> -4 | M46: =+M94+M142 -> -6 | N46: =+N94+N142 -> -4
C48: Belgium (discontinued operations) | D48: =+H48+G48+F48+E48 -> -8 | E48: =+E96+E144 -> 0 | F48: =+F96+F144 -> 0 | G48: =+G96+G144 -> -5 | H48: =+H96+H144 -> -3 | J48: =+N48+M48+L48+K48 -> -12 | K48: =+K96+K144 -> -4 | L48: =+L96+L144 -> -4 | M48: =+M96+M144 -> -2 | N48: =+N96+N144 -> -2
C50: Other activities | D50: =+H50+G50+F50+E50 -> 0 | E50: =+E98+E146 -> 0 | F50: =+F98+F146 -> 0 | G50: =+G98+G146 -> 0 | H50: =+H98+H146 -> 0 | J50: =+N50+M50+L50+K50 -> -1 | K50: =+K98+K146 -> 0 | L50: =+L98+L146 -> -1 | M50: =+M98+M146 -> 0 | N50: =+N98+N146 -> 0
C52: KPN Group (incl. discontinued operations) | D52: =+H52+G52+F52+E52 -> -20 | E52: =+E100+E148 -> 0 | F52: =+F100+F148 -> 0 | G52: =+G100+G148 -> -13 | H52: =+H100+H148 -> -7 | J52: =+N52+M52+L52+K52 -> -31 | K52: =+K100+K148 -> -8 | L52: =+L100+L148 -> -9 | M52: =+M100+M148 -> -8 | N52: =+N100+N148 -> -6
C54: Of which discontinued operations | D54: =+H54+G54+F54+E54 -> -8 | E54: =+E102+E150 -> 0 | F54: =+F102+F150 -> 0 | G54: =+G102+G150 -> -5 | H54: =+H102+H150 -> -3 | J54: =+N54+M54+L54+K54 -> -12 | K54: =+K102+K150 -> -4 | L54: =+L102+L150 -> -4 | M54: =+M102+M150 -> -2 | N54: =+N102+N150 -> -2
C56: KPN Group from continuing operations | D56: =+H56+G56+F56+E56 -> -12 | E56: =+E104+E152 -> 0 | F56: =+F104+F152 -> 0 | G56: =+G104+G152 -> -8 | H56: =+H104+H152 -> -4 | J56: =+N56+M56+L56+K56 -> -19 | K56: =+K104+K152 -> -4 | L56: =+L104+L152 -> -5 | M56: =+M104+M152 -> -6 | N56: =+N104+N152 -> -4
B59: 1 To calculate y-on-y regulatory impact for Q4 2015, the Q4 2014 volumes and the delta between Q4 2014 and Q4 2015 tariffs are applied
C62: Consolidated figures | D62: =+D2 -> 2015 | E62: Q4 '15 | F62: =+F2 -> Q3 '15 | G62: =+G2 -> Q2 '15 | H62: =+H2 -> Q1 '15 | J62: =+J2 -> 2014 | K62: =+K2 -> Q4 '14 | L62: =+L2 -> Q3 '14 | M62: =+M2 -> Q2 '14 | N62: =+N2 -> Q1 '14
C63: MTA impact: Revenues1
C65: Consumer Mobile | D65: =+H65+G65+F65+E65 -> 0 | E65: 0 | F65: 0 | G65: 0 | H65: 0 | J65: =+N65+M65+L65+K65 -> -10 | K65: 0 | L65: -2 | M65: -4 | N65: -4
C66: - of which: Mobile Wholesale | D66: =+H66+G66+F66+E66 -> 0 | E66: 0 | F66: 0 | G66: 0 | H66: 0 | J66: =+N66+M66+L66+K66 -> -2 | K66: 0 | L66: 0 | M66: -1 | N66: -1
C67: Business | D67: =+H67+G67+F67+E67 -> 0 | E67: 0 | F67: 0 | G67: 0 | H67: 0 | J67: =+N67+M67+L67+K67 -> -5 | K67: 0 | L67: -1 | M67: -2 | N67: -2
C68: NetCo | D68: =+H68+G68+F68+E68 -> 0 | E68: 0 | F68: 0 | G68: 0 | H68: 0 | J68: =+N68+M68+L68+K68 -> -5 | K68: 0 | L68: -1 | M68: -2 | N68: -2
C69: Intercompany | D69: =+H69+G69+F69+E69 -> 0 | E69: 0 | F69: 0 | G69: 0 | H69: 0 | J69: =+N69+M69+L69+K69 -> 0 | K69: 0 | L69: 0 | M69: 0 | N69: 0
C70: The Netherlands | D70: =+H70+G70+F70+E70 -> 0 | E70: =E65+E67+E68+E69 -> 0 | F70: =F65+F67+F68+F69 -> 0 | G70: =G65+G67+G68+G69 -> 0 | H70: =H65+H67+H68+H69 -> 0 | J70: =+N70+M70+L70+K70 -> -20 | K70: =K65+K67+K68+K69 -> 0 | L70: =L65+L67+L68+L69 -> -4 | M70: =M65+M67+M68+M69 -> -8 | N70: =N65+N67+N68+N69 -> -8
C72: Belgium (discontinued operations) | D72: =+H72+G72+F72+E72 -> 0 | E72: 0 | F72: 0 | G72: 0 | H72: 0 | J72: =+N72+M72+L72+K72 -> 0 | K72: 0 | L72: 0 | M72: 0 | N72: 0
C74: Other activities | D74: =+H74+G74+F74+E74 -> 0 | E74: 0 | F74: 0 | G74: 0 | H74: 0 | J74: =+N74+M74+L74+K74 -> 0 | K74: 0 | L74: 0 | M74: 0 | N74: 0
C76: KPN Group (incl. discontinued operations) | D76: =+H76+G76+F76+E76 -> 0 | E76: =+E70+E72+E74 -> 0 | F76: =+F70+F72+F74 -> 0 | G76: =+G70+G72+G74 -> 0 | H76: =+H70+H72+H74 -> 0 | J76: =+N76+M76+L76+K76 -> -20 | K76: =+K70+K72+K74 -> 0 | L76: =+L70+L72+L74 -> -4 | M76: =+M70+M72+M74 -> -8 | N76: =+N70+N72+N74 -> -8
C78: Of which discontinued operations | D78: =+H78+G78+F78+E78 -> 0 | E78: 0 | F78: 0 | G78: 0 | H78: 0 | J78: =+N78+M78+L78+K78 -> 0 | K78: 0 | L78: 0 | M78: 0 | N78: 0
C80: KPN Group from continuing operations | D80: =+H80+G80+F80+E80 -> 0 | E80: =+E76-E78 -> 0 | F80: =+F76-F78 -> 0 | G80: =+G76-G78 -> 0 | H80: =+H76-H78 -> 0 | J80: =+N80+M80+L80+K80 -> -20 | K80: =+K76-K78 -> 0 | L80: =+L76-L78 -> -4 | M80: =+M76-M78 -> -8 | N80: =+N76-N78 -> -8
B83: 1 To calculate y-on-y regulatory impact for Q4 2015, the Q4 2014 volumes and the delta between Q4 2014 and Q4 2015 tariffs are applied
C86: Consolidated figures | D86: =+D62 -> 2015 | E86: Q4 '15 | F86: =+F62 -> Q3 '15 | G86: =+G62 -> Q2 '15 | H86: =+H62 -> Q1 '15 | J86: =+J62 -> 2014 | K86: =+K62 -> Q4 '14 | L86: =+L62 -> Q3 '14 | M86: =+M62 -> Q2 '14 | N86: =+N62 -> Q1 '14
C87: MTA impact: EBITDA1
C89: Consumer Mobile | D89: =+H89+G89+F89+E89 -> 0 | E89: 0 | F89: 0 | G89: 0 | H89: 0 | J89: =+N89+M89+L89+K89 -> -4 | K89: 0 | L89: -1 | M89: -2 | N89: -1
C90: - of which: Mobile Wholesale | D90: =+H90+G90+F90+E90 -> 0 | E90: 0 | F90: 0 | G90: 0 | H90: 0 | J90: =+N90+M90+L90+K90 -> -1 | K90: 0 | L90: 0 | M90: -1 | N90: 0
C91: Business | D91: =+H91+G91+F91+E91 -> 0 | E91: 0 | F91: 0 | G91: 0 | H91: 0 | J91: =+N91+M91+L91+K91 -> -2 | K91: 0 | L91: 0 | M91: -1 | N91: -1
C92: NetCo | D92: =+H92+G92+F92+E92 -> 0 | E92: 0 | F92: 0 | G92: 0 | H92: 0 | J92: =+N92+M92+L92+K92 -> 0 | K92: 0 | L92: 0 | M92: 0 | N92: 0
C93: Intercompany | D93: =+H93+G93+F93+E93 -> 0 | E93: 0 | F93: 0 | G93: 0 | H93: 0 | J93: =+N93+M93+L93+K93 -> 0 | K93: 0 | L93: 0 | M93: 0 | N93: 0
C94: The Netherlands | D94: =+H94+G94+F94+E94 -> 0 | E94: =E89+E91+E92+E93 -> 0 | F94: =F89+F91+F92+F93 -> 0 | G94: =G89+G91+G92+G93 -> 0 | H94: =H89+H91+H92+H93 -> 0 | J94: =+N94+M94+L94+K94 -> -6 | K94: =K89+K91+K92+K93 -> 0 | L94: =L89+L91+L92+L93 -> -1 | M94: =M89+M91+M92+M93 -> -3 | N94: =N89+N91+N92+N93 -> -2
C96: Belgium (discontinued operations) | D96: =+H96+G96+F96+E96 -> 0 | E96: 0 | F96: 0 | G96: 0 | H96: 0 | J96: =+N96+M96+L96+K96 -> 0 | K96: 0 | L96: 0 | M96: 0 | N96: 0
C98: Other activities | D98: =+H98+G98+F98+E98 -> 0 | E98: 0 | F98: 0 | G98: 0 | H98: 0 | J98: =+N98+M98+L98+K98 -> 0 | K98: 0 | L98: 0 | M98: 0 | N98: 0
C100: KPN Group (incl. discontinued operations) | D100: =+H100+G100+F100+E100 -> 0 | E100: =+E94+E96+E98 -> 0 | F100: =+F94+F96+F98 -> 0 | G100: =+G94+G96+G98 -> 0 | H100: =+H94+H96+H98 -> 0 | J100: =+N100+M100+L100+K100 -> -6 | K100: =+K94+K96+K98 -> 0 | L100: =+L94+L96+L98 -> -1 | M100: =+M94+M96+M98 -> -3 | N100: =+N94+N96+N98 -> -2
C102: Of which discontinued operations | D102: =+H102+G102+F102+E102 -> 0 | E102: 0 | F102: 0 | G102: 0 | H102: 0 | J102: =+N102+M102+L102+K102 -> 0 | K102: 0 | L102: 0 | M102: 0 | N102: 0
C104: KPN Group from continuing operations | D104: =+H104+G104+F104+E104 -> 0 | E104: =+E100-E102 -> 0 | F104: =+F100-F102 -> 0 | G104: =+G100-G102 -> 0 | H104: =+H100-H102 -> 0 | J104: =+N104+M104+L104+K104 -> -6 | K104: =+K100-K102 -> 0 | L104: =+L100-L102 -> -1 | M104: =+M100-M102 -> -3 | N104: =+N100-N102 -> -2
B107: 1 To calculate y-on-y regulatory impact for Q4 2015, the Q4 2014 volumes and the delta between Q4 2014 and Q4 2015 tariffs are applied
C110: Consolidated figures | D110: =+D86 -> 2015 | E110: Q4 '15 | F110: =+F86 -> Q3 '15 | G110: =+G86 -> Q2 '15 | H110: =+H86 -> Q1 '15 | J110: =+J86 -> 2014 | K110: =+K86 -> Q4 '14 | L110: =+L86 -> Q3 '14 | M110: =+M86 -> Q2 '14 | N110: =+N86 -> Q1 '14
C111: Roaming impact: Revenues1
C113: Consumer Mobile | D113: =+H113+G113+F113+E113 -> -9 | E113: 0 | F113: 0 | G113: -6 | H113: -3 | J113: =+N113+M113+L113+K113 -> -10 | K113: -4 | L113: -3 | M113: -2 | N113: -1
C114: - of which: Mobile Wholesale | D114: =+H114+G114+F114+E114 -> -1 | E114: 0 | F114: 0 | G114: 0 | H114: -1 | J114: =+N114+M114+L114+K114 -> -1 | K114: 0 | L114: 0 | M114: -1 | N114: 0
C115: Business | D115: =+H115+G115+F115+E115 -> -10 | E115: 0 | F115: 0 | G115: -6 | H115: -4 | J115: =+N115+M115+L115+K115 -> -12 | K115: -2 | L115: -5 | M115: -3 | N115: -2
C116: NetCo | D116: =+H116+G116+F116+E116 -> 0 | E116: 0 | F116: 0 | G116: 0 | H116: 0 | J116: =+N116+M116+L116+K116 -> 0 | K116: 0 | L116: 0 | M116: 0 | N116: 0
C117: Intercompany | D117: =+H117+G117+F117+E117 -> 0 | E117: 0 | F117: 0 | G117: 0 | H117: 0 | J117: =+N117+M117+L117+K117 -> 0 | K117: 0 | L117: 0 | M117: 0 | N117: 0
C118: The Netherlands | D118: =+H118+G118+F118+E118 -> -19 | E118: =E113+E115+E116+E117 -> 0 | F118: =F113+F115+F116+F117 -> 0 | G118: =G113+G115+G116+G117 -> -12 | H118: =H113+H115+H116+H117 -> -7 | J118: =+N118+M118+L118+K118 -> -22 | K118: =K113+K115+K116+K117 -> -6 | L118: =L113+L115+L116+L117 -> -8 | M118: =M113+M115+M116+M117 -> -5 | N118: =N113+N115+N116+N117 -> -3
C120: Belgium (discontinued operations) | D120: =+H120+G120+F120+E120 -> -10 | E120: 0 | F120: 0 | G120: -6 | H120: -4 | J120: =+N120+M120+L120+K120 -> -15 | K120: -4 | L120: -5 | M120: -3 | N120: -3
C122: Other activities | D122: =+H122+G122+F122+E122 -> 0 | E122: 0 | F122: 0 | G122: 0 | H122: 0 | J122: =+N122+M122+L122+K122 -> 0 | K122: 0 | L122: 0 | M122: 0 | N122: 0
C124: KPN Group (incl. discontinued operations) | D124: =+H124+G124+F124+E124 -> -29 | E124: =+E118+E120+E122 -> 0 | F124: =+F118+F120+F122 -> 0 | G124: =+G118+G120+G122 -> -18 | H124: =+H118+H120+H122 -> -11 | J124: =+N124+M124+L124+K124 -> -37 | K124: =+K118+K120+K122 -> -10 | L124: =+L118+L120+L122 -> -13 | M124: =+M118+M120+M122 -> -8 | N124: =+N118+N120+N122 -> -6
C126: Of which discontinued operations | D126: =+H126+G126+F126+E126 -> -10 | E126: 0 | F126: 0 | G126: -6 | H126: -4 | J126: =+N126+M126+L126+K126 -> -15 | K126: -4 | L126: -5 | M126: -3 | N126: -3
C128: KPN Group from continuing operations | D128: =+H128+G128+F128+E128 -> -19 | E128: =+E124-E126 -> 0 | F128: =+F124-F126 -> 0 | G128: =+G124-G126 -> -12 | H128: =+H124-H126 -> -7 | J128: =+N128+M128+L128+K128 -> -22 | K128: =+K124-K126 -> -6 | L128: =+L124-L126 -> -8 | M128: =+M124-M126 -> -5 | N128: =+N124-N126 -> -3
B131: 1 To calculate y-on-y regulatory impact for Q4 2015, the Q4 2014 volumes and the delta between Q4 2014 and Q4 2015 tariffs are applied
C134: Consolidated figures | D134: =+D110 -> 2015 | E134: Q4 '15 | F134: =+F110 -> Q3 '15 | G134: =+G110 -> Q2 '15 | H134: =+H110 -> Q1 '15 | J134: =+J110 -> 2014 | K134: =+K110 -> Q4 '14 | L134: =+L110 -> Q3 '14 | M134: =+M110 -> Q2 '14 | N134: =+N110 -> Q1 '14
C135: Roaming impact: EBITDA1
C137: Consumer Mobile | D137: =+H137+G137+F137+E137 -> -4 | E137: 0 | F137: 0 | G137: -3 | H137: -1 | J137: =+N137+M137+L137+K137 -> -2 | K137: -2 | L137: 1 | M137: -1 | N137: 0
C138: - of which: Mobile Wholesale | D138: =+H138+G138+F138+E138 -> 0 | E138: 0 | F138: 0 | G138: 0 | H138: 0 | J138: =+N138+M138+L138+K138 -> 0 | K138: 0 | L138: 0 | M138: 0 | N138: 0
C139: Business | D139: =+H139+G139+F139+E139 -> -8 | E139: 0 | F139: 0 | G139: -5 | H139: -3 | J139: =+N139+M139+L139+K139 -> -10 | K139: -2 | L139: -4 | M139: -2 | N139: -2
C140: NetCo | D140: =+H140+G140+F140+E140 -> 0 | E140: 0 | F140: 0 | G140: 0 | H140: 0 | J140: =+N140+M140+L140+K140 -> 0 | K140: 0 | L140: 0 | M140: 0 | N140: 0
C141: Intercompany | D141: =+H141+G141+F141+E141 -> 0 | E141: 0 | F141: 0 | G141: 0 | H141: 0 | J141: =+N141+M141+L141+K141 -> 0 | K141: 0 | L141: 0 | M141: 0 | N141: 0
C142: The Netherlands | D142: =+H142+G142+F142+E142 -> -12 | E142: =E137+E139+E140+E141 -> 0 | F142: =F137+F139+F140+F141 -> 0 | G142: =G137+G139+G140+G141 -> -8 | H142: =H137+H139+H140+H141 -> -4 | J142: =+N142+M142+L142+K142 -> -12 | K142: =K137+K139+K140+K141 -> -4 | L142: =L137+L139+L140+L141 -> -3 | M142: =M137+M139+M140+M141 -> -3 | N142: =N137+N139+N140+N141 -> -2
C144: Belgium (discontinued operations) | D144: =+H144+G144+F144+E144 -> -8 | E144: 0 | F144: 0 | G144: -5 | H144: -3 | J144: =+N144+M144+L144+K144 -> -12 | K144: -4 | L144: -4 | M144: -2 | N144: -2
C146: Other activities | D146: =+H146+G146+F146+E146 -> 0 | E146: 0 | F146: 0 | G146: 0 | H146: 0 | J146: =+N146+M146+L146+K146 -> -1 | K146: 0 | L146: -1 | M146: 0 | N146: 0
C148: KPN Group (incl. discontinued operations) | D148: =+H148+G148+F148+E148 -> -20 | E148: =+E142+E144+E146 -> 0 | F148: =+F142+F144+F146 -> 0 | G148: =+G142+G144+G146 -> -13 | H148: =+H142+H144+H146 -> -7 | J148: =+N148+M148+L148+K148 -> -25 | K148: =+K142+K144+K146 -> -8 | L148: =+L142+L144+L146 -> -8 | M148: =+M142+M144+M146 -> -5 | N148: =+N142+N144+N146 -> -4
C150: Of which discontinued operations | D150: =+H150+G150+F150+E150 -> -8 | E150: 0 | F150: 0 | G150: -5 | H150: -3 | J150: =+N150+M150+L150+K150 -> -12 | K150: -4 | L150: -4 | M150: -2 | N150: -2
C152: KPN Group from continuing operations | D152: =+H152+G152+F152+E152 -> -12 | E152: =+E148-E150 -> 0 | F152: =+F148-F150 -> 0 | G152: =+G148-G150 -> -8 | H152: =+H148-H150 -> -4 | J152: =+N152+M152+L152+K152 -> -13 | K152: =+K148-K150 -> -4 | L152: =+L148-L150 -> -4 | M152: =+M148-M150 -> -3 | N152: =+N148-N150 -> -2
B155: 1 To calculate y-on-y regulatory impact for Q4 2015, the Q4 2014 volumes and the delta between Q4 2014 and Q4 2015 tariffs are applied

Sheet Growth analysis Q4
C2: Consolidated figures | D2: Q4 2015 | E2: Incidentals | G2: =+D2 -> Q4 2015 | I2: Q4 2014 | J2: =+E2 -> Incidentals | L2: =+I2 -> Q4 2014 | N2: Δ y-on-y | O2: Δ y-on-y
C3: Growth analysis - Revenues | D3: Reported | G3: Adjusted | I3: Reported | L3: Adjusted | N3: Reported | O3: Adjusted
C5: Consumer Mobile | D5: =+Revenues!E5 -> 367 | E5: 0 | G5: =D5-E5 -> 367 | I5: =+Revenues!K5 -> 352 | J5: 0 | L5: =+I5-J5 -> 352 | N5: =+IFERROR(IF(D5*I5<0,"n.m.",IF(D5/I5-1>100%,">100%",D5/I5-1)),"n.m.") -> 0.042613636 | O5: =+IFERROR(IF(G5*L5<0,"n.m.",IF(G5/L5-1>100%,">100%",G5/L5-1)),"n.m.") -> 0.042613636
C6: Consumer Residential | D6: =+Revenues!E6 -> 491 | E6: 0 | G6: =D6-E6 -> 491 | I6: =+Revenues!K6 -> 480 | J6: 0 | L6: =+I6-J6 -> 480 | N6: =+IFERROR(IF(D6*I6<0,"n.m.",IF(D6/I6-1>100%,">100%",D6/I6-1)),"n.m.") -> 0.022916667 | O6: =+IFERROR(IF(G6*L6<0,"n.m.",IF(G6/L6-1>100%,">100%",G6/L6-1)),"n.m.") -> 0.022916667
C7: Business | D7: =+Revenues!E7 -> 672 | E7: 0 | G7: =D7-E7 -> 672 | I7: =+Revenues!K7 -> 752 | J7: 5 | L7: =+I7-J7 -> 747 | N7: =+IFERROR(IF(D7*I7<0,"n.m.",IF(D7/I7-1>100%,">100%",D7/I7-1)),"n.m.") -> -0.10638298 | O7: =+IFERROR(IF(G7*L7<0,"n.m.",IF(G7/L7-1>100%,">100%",G7/L7-1)),"n.m.") -> -0.10040161
C8: NetCo | D8: =+Revenues!E8 -> 547 | E8: 0 | G8: =D8-E8 -> 547 | I8: =+Revenues!K8 -> 566 | J8: 0 | L8: =+I8-J8 -> 566 | N8: =+IFERROR(IF(D8*I8<0,"n.m.",IF(D8/I8-1>100%,">100%",D8/I8-1)),"n.m.") -> -0.033568905 | O8: =+IFERROR(IF(G8*L8<0,"n.m.",IF(G8/L8-1>100%,">100%",G8/L8-1)),"n.m.") -> -0.033568905
C9: Other (incl. eliminations) | D9: =+Revenues!E9 -> -524 | E9: 0 | G9: =D9-E9 -> -524 | I9: =+Revenues!K9 -> -461 | J9: 30 | L9: =+I9-J9 -> -491 | N9: =+IFERROR(IF(D9*I9<0,"n.m.",IF(D9/I9-1>100%,">100%",D9/I9-1)),"n.m.") -> 0.13665944 | O9: =+IFERROR(IF(G9*L9<0,"n.m.",IF(G9/L9-1>100%,">100%",G9/L9-1)),"n.m.") -> 0.067209776
C10: The Netherlands | D10: =+Revenues!E10 -> 1553 | E10: =SUM(E5:E9) -> 0 | G10: =D10-E10 -> 1553 | I10: =+Revenues!K10 -> 1689 | J10: =J5+J6+J7+J8+J9 -> 35 | L10: =+I10-J10 -> 1654 | N10: =+IFERROR(IF(D10*I10<0,"n.m.",IF(D10/I10-1>100%,">100%",D10/I10-1)),"n.m.") -> -0.080521018 | O10: =+IFERROR(IF(G10*L10<0,"n.m.",IF(G10/L10-1>100%,">100%",G10/L10-1)),"n.m.") -> -0.061064087
C12: iBasis | D12: =+Revenues!E12 -> 218 | E12: 0 | G12: =D12-E12 -> 218 | I12: =+Revenues!K12 -> 248 | J12: 0 | L12: =+I12-J12 -> 248 | N12: =+IFERROR(IF(D12*I12<0,"n.m.",IF(D12/I12-1>100%,">100%",D12/I12-1)),"n.m.") -> -0.12096774 | O12: =+IFERROR(IF(G12*L12<0,"n.m.",IF(G12/L12-1>100%,">100%",G12/L12-1)),"n.m.") -> -0.12096774
C14: Belgium (discontinued operations) | D14: =+Revenues!E14 -> 240 | E14: 66 | G14: =D14-E14 -> 174 | I14: =+Revenues!K14 -> 180 | J14: 2 | L14: =+I14-J14 -> 178 | N14: =+IFERROR(IF(D14*I14<0,"n.m.",IF(D14/I14-1>100%,">100%",D14/I14-1)),"n.m.") -> 0.33333333 | O14: =+IFERROR(IF(G14*L14<0,"n.m.",IF(G14/L14-1>100%,">100%",G14/L14-1)),"n.m.") -> -0.02247191
C16: Other activities | D16: =+Revenues!E16 -> 3 | E16: 0 | G16: =D16-E16 -> 3 | I16: =+Revenues!K16 -> 34 | J16: 0 | L16: =+I16-J16 -> 34 | N16: =+IFERROR(IF(D16*I16<0,"n.m.",IF(D16/I16-1>100%,">100%",D16/I16-1)),"n.m.") -> -0.91176471 | O16: =+IFERROR(IF(G16*L16<0,"n.m.",IF(G16/L16-1>100%,">100%",G16/L16-1)),"n.m.") -> -0.91176471
C18: Intercompany revenues | D18: =+Revenues!E18 -> -36 | E18: 0 | G18: =D18-E18 -> -36 | I18: =+Revenues!K18 -> -46 | J18: 0 | L18: =+I18-J18 -> -46 | N18: =+IFERROR(IF(D18*I18<0,"n.m.",IF(D18/I18-1>100%,">100%",D18/I18-1)),"n.m.") -> -0.2173913 | O18: =+IFERROR(IF(G18*L18<0,"n.m.",IF(G18/L18-1>100%,">100%",G18/L18-1)),"n.m.") -> -0.2173913
C20: Total revenues (incl. discontinued operations) | D20: =+Revenues!E20 -> 1978 | E20: =SUM(E10,E14) -> 66 | G20: =D20-E20 -> 1912 | I20: =+Revenues!K20 -> 2105 | J20: =+J12+J10+J16+J18+J14 -> 37 | L20: =+I20-J20 -> 2068 | N20: =+IFERROR(IF(D20*I20<0,"n.m.",IF(D20/I20-1>100%,">100%",D20/I20-1)),"n.m.") -> -0.060332542 | O20: =+IFERROR(IF(G20*L20<0,"n.m.",IF(G20/L20-1>100%,">100%",G20/L20-1)),"n.m.") -> -0.075435203
C22: Of which discontinued operations | D22: =+Revenues!E22 -> 233 | E22: 66 | G22: =D22-E22 -> 167 | I22: =+Revenues!K22 -> 172 | J22: 2 | L22: =+I22-J22 -> 170 | N22: =+IFERROR(IF(D22*I22<0,"n.m.",IF(D22/I22-1>100%,">100%",D22/I22-1)),"n.m.") -> 0.35465116 | O22: =+IFERROR(IF(G22*L22<0,"n.m.",IF(G22/L22-1>100%,">100%",G22/L22-1)),"n.m.") -> -0.017647059
C24: Total revenues from continuing operations | D24: =+Revenues!E24 -> 1745 | E24: =E20-E22 -> 0 | G24: =D24-E24 -> 1745 | I24: =+Revenues!K24 -> 1933 | J24: =+J20-J22 -> 35 | L24: =+I24-J24 -> 1898 | N24: =+IFERROR(IF(D24*I24<0,"n.m.",IF(D24/I24-1>100%,">100%",D24/I24-1)),"n.m.") -> -0.097258148 | O24: =+IFERROR(IF(G24*L24<0,"n.m.",IF(G24/L24-1>100%,">100%",G24/L24-1)),"n.m.") -> -0.08061117
C29: Consolidated figures | D29: =+D2 -> Q4 2015 | E29: =+E2 -> Incidentals | F29: Restructuring | G29: =+G2 -> Q4 2015 | I29: =+I2 -> Q4 2014 | J29: =+J2 -> Incidentals | K29: Restructuring | L29: =+L2 -> Q4 2014 | N29: Δ y-on-y | O29: Δ y-on-y
C30: Growth analysis - EBITDA | D30: Reported | G30: Adjusted | I30: Reported | L30: Adjusted | N30: Reported | O30: Adjusted
C32: Consumer Mobile | D32: ='Profit & Margin'!E5 -> 47 | E32: 0 | F32: -2 | G32: =D32-E32-F32 -> 49 | I32: =+'Profit & Margin'!K5 -> 39 | J32: 0 | K32: 0 | L32: =+I32-J32-K32 -> 39 | N32: =+IFERROR(IF(D32*I32<0,"n.m.",IF(D32/I32-1>100%,">100%",D32/I32-1)),"n.m.") -> 0.20512821 | O32: =+IFERROR(IF(G32*L32<0,"n.m.",IF(G32/L32-1>100%,">100%",G32/L32-1)),"n.m.") -> 0.25641026
C33: Consumer Residential | D33: ='Profit & Margin'!E6 -> 99 | E33: 0 | F33: -1 | G33: =D33-E33-F33 -> 100 | I33: =+'Profit & Margin'!K6 -> 96 | J33: 0 | K33: -1 | L33: =+I33-J33-K33 -> 97 | N33: =+IFERROR(IF(D33*I33<0,"n.m.",IF(D33/I33-1>100%,">100%",D33/I33-1)),"n.m.") -> 0.03125 | O33: =+IFERROR(IF(G33*L33<0,"n.m.",IF(G33/L33-1>100%,">100%",G33/L33-1)),"n.m.") -> 0.030927835
C34: Business | D34: ='Profit & Margin'!E7 -> 112 | E34: -1 | F34: -2 | G34: =D34-E34-F34 -> 115 | I34: =+'Profit & Margin'!K7 -> 146 | J34: 5 | K34: -8 | L34: =+I34-J34-K34 -> 149 | N34: =+IFERROR(IF(D34*I34<0,"n.m.",IF(D34/I34-1>100%,">100%",D34/I34-1)),"n.m.") -> -0.23287671 | O34: =+IFERROR(IF(G34*L34<0,"n.m.",IF(G34/L34-1>100%,">100%",G34/L34-1)),"n.m.") -> -0.22818792
C35: NetCo | D35: ='Profit & Margin'!E8 -> 328 | E35: 0 | F35: -3 | G35: =D35-E35-F35 -> 331 | I35: =+'Profit & Margin'!K8 -> 321 | J35: 0 | K35: -1 | L35: =+I35-J35-K35 -> 322 | N35: =+IFERROR(IF(D35*I35<0,"n.m.",IF(D35/I35-1>100%,">100%",D35/I35-1)),"n.m.") -> 0.021806854 | O35: =+IFERROR(IF(G35*L35<0,"n.m.",IF(G35/L35-1>100%,">100%",G35/L35-1)),"n.m.") -> 0.027950311
C36: Other (incl. eliminations) | D36: ='Profit & Margin'!E9 -> -8 | E36: 0 | F36: 0 | G36: =D36-E36-F36 -> -8 | I36: =+'Profit & Margin'!K9 -> 54 | J36: 30 | K36: -13 | L36: =+I36-J36-K36 -> 37 | N36: =+IFERROR(IF(D36*I36<0,"n.m.",IF(D36/I36-1>100%,">100%",D36/I36-1)),"n.m.") -> n.m. | O36: =+IFERROR(IF(G36*L36<0,"n.m.",IF(G36/L36-1>100%,">100%",G36/L36-1)),"n.m.") -> n.m.
C37: The Netherlands | D37: ='Profit & Margin'!E10 -> 578 | E37: =SUM(E32:E36) -> -1 | F37: =SUM(F32:F36) -> -8 | G37: =D37-E37-F37 -> 587 | I37: =+'Profit & Margin'!K10 -> 656 | J37: =J32+J33+J34+J35+J36 -> 35 | K37: =K32+K33+K34+K35+K36 -> -23 | L37: =+I37-J37-K37 -> 644 | N37: =+IFERROR(IF(D37*I37<0,"n.m.",IF(D37/I37-1>100%,">100%",D37/I37-1)),"n.m.") -> -0.11890244 | O37: =+IFERROR(IF(G37*L37<0,"n.m.",IF(G37/L37-1>100%,">100%",G37/L37-1)),"n.m.") -> -0.088509317
C39: iBasis | D39: ='Profit & Margin'!E12 -> 6 | E39: 0 | F39: 0 | G39: =D39-E39-F39 -> 6 | I39: =+'Profit & Margin'!K12 -> 6 | J39: 0 | K39: 0 | L39: =+I39-J39-K39 -> 6 | N39: =+IFERROR(IF(D39*I39<0,"n.m.",IF(D39/I39-1>100%,">100%",D39/I39-1)),"n.m.") -> 0 | O39: =+IFERROR(IF(G39*L39<0,"n.m.",IF(G39/L39-1>100%,">100%",G39/L39-1)),"n.m.") -> 0
C41: Belgium (discontinued operations) | D41: ='Profit & Margin'!E14 -> 144 | E41: 93 | F41: -1 | G41: =D41-E41-F41 -> 52 | I41: =+'Profit & Margin'!K14 -> 34 | J41: -3 | K41: -1 | L41: =+I41-J41-K41 -> 38 | N41: =+IFERROR(IF(D41*I41<0,"n.m.",IF(D41/I41-1>100%,">100%",D41/I41-1)),"n.m.") -> >100% | O41: =+IFERROR(IF(G41*L41<0,"n.m.",IF(G41/L41-1>100%,">100%",G41/L41-1)),"n.m.") -> 0.36842105
C43: Other activities | D43: ='Profit & Margin'!E16 -> -5 | E43: 11 | F43: -6 | G43: =D43-E43-F43 -> -10 | I43: =+'Profit & Margin'!K16 -> -5 | J43: 21 | K43: -7 | L43: =+I43-J43-K43 -> -19 | N43: =+IFERROR(IF(D43*I43<0,"n.m.",IF(D43/I43-1>100%,">100%",D43/I43-1)),"n.m.") -> 0 | O43: =+IFERROR(IF(G43*L43<0,"n.m.",IF(G43/L43-1>100%,">100%",G43/L43-1)),"n.m.") -> -0.47368421
C45: Total EBITDA (incl. discontinued operations) | D45: ='Profit & Margin'!E18 -> 723 | E45: =E37+E41+E43 -> 103 | F45: =F37+F41+F43 -> -15 | G45: =D45-E45-F45 -> 635 | I45: =+'Profit & Margin'!K18 -> 691 | J45: =+J39+J37+J43+J41 -> 53 | K45: =+K39+K37+K43+K41 -> -31 | L45: =+I45-J45-K45 -> 669 | N45: =+IFERROR(IF(D45*I45<0,"n.m.",IF(D45/I45-1>100%,">100%",D45/I45-1)),"n.m.") -> 0.046309696 | O45: =+IFERROR(IF(G45*L45<0,"n.m.",IF(G45/L45-1>100%,">100%",G45/L45-1)),"n.m.") -> -0.050822123
C47: Of which discontinued operations | D47: ='Profit & Margin'!E20 -> 145 | E47: 93 | F47: -1 | G47: =D47-E47-F47 -> 53 | I47: =+'Profit & Margin'!K20 -> 35 | J47: -3 | K47: -1 | L47: =+I47-J47-K47 -> 39 | N47: =+IFERROR(IF(D47*I47<0,"n.m.",IF(D47/I47-1>100%,">100%",D47/I47-1)),"n.m.") -> >100% | O47: =+IFERROR(IF(G47*L47<0,"n.m.",IF(G47/L47-1>100%,">100%",G47/L47-1)),"n.m.") -> 0.35897436
C49: Total EBITDA from continuing operations | D49: ='Profit & Margin'!E22 -> 578 | E49: =E45-E47 -> 10 | F49: =F45-F47 -> -14 | G49: =D49-E49-F49 -> 582 | I49: =+'Profit & Margin'!K22 -> 656 | J49: =+J45-J47 -> 56 | K49: =+K45-K47 -> -30 | L49: =+I49-J49-K49 -> 630 | N49: =+IFERROR(IF(D49*I49<0,"n.m.",IF(D49/I49-1>100%,">100%",D49/I49-1)),"n.m.") -> -0.11890244 | O49: =+IFERROR(IF(G49*L49<0,"n.m.",IF(G49/L49-1>100%,">100%",G49/L49-1)),"n.m.") -> -0.076190476
C54: Consolidated figures | D54: =+D29 -> Q4 2015 | G54: =+G29 -> Q4 2015 | I54: =+I29 -> Q4 2014 | L54: =+L29 -> Q4 2014
C55: Growth analysis - EBITDA margin | D55: Reported | G55: Adjusted | I55: Reported | L55: Adjusted
C57: Consumer Mobile | D57: =D32/D5 -> 0.1280654 | G57: =G32/G5 -> 0.13351499 | I57: =I32/I5 -> 0.11079545 | L57: =L32/L5 -> 0.11079545
C58: Consumer Residential | D58: =D33/D6 -> 0.20162933 | G58: =G33/G6 -> 0.20366599 | I58: =I33/I6 -> 0.2 | L58: =L33/L6 -> 0.20208333
C59: Business | D59: =D34/D7 -> 0.16666667 | G59: =G34/G7 -> 0.17113095 | I59: =I34/I7 -> 0.19414894 | L59: =L34/L7 -> 0.19946452
C60: NetCo | D60: =D35/D8 -> 0.59963437 | G60: =G35/G8 -> 0.60511883 | I60: =I35/I8 -> 0.56713781 | L60: =L35/L8 -> 0.56890459
C61: Other (incl. eliminations) | D61: =D36/D9 -> 0.015267176 | G61: =G36/G9 -> 0.015267176 | I61: =I36/I9 -> -0.11713666 | L61: =L36/L9 -> -0.075356415
C62: The Netherlands | D62: =D37/D10 -> 0.37218287 | G62: =G37/G10 -> 0.37797811 | I62: =I37/I10 -> 0.3883955 | L62: =L37/L10 -> 0.38935913
C64: iBasis | D64: =D39/D12 -> 0.027522936 | G64: =G39/G12 -> 0.027522936 | I64: =I39/I12 -> 0.024193548 | L64: =L39/L12 -> 0.024193548
C66: Belgium (discontinued operations) | D66: =D41/D14 -> 0.6 | G66: =G41/G14 -> 0.29885057 | I66: =I41/I14 -> 0.18888889 | L66: =L41/L14 -> 0.21348315
C68: Other activities | D68: =D43/D16 -> -1.6666667 | G68: =G43/G16 -> -3.3333333 | I68: =I43/I16 -> -0.14705882 | L68: =L43/L16 -> -0.55882353
C70: Total EBITDA margin (incl. discontinued operations) | D70: =D45/D20 -> 0.36552073 | G70: =G45/G20 -> 0.33211297 | I70: =I45/I20 -> 0.32826603 | L70: =L45/L20 -> 0.32350097
C72: EBITDA margin (reported) from discontinued operations | D72: =D47/D22 -> 0.6223176 | G72: =G47/G22 -> 0.31736527 | I72: =I47/I22 -> 0.20348837 | L72: =L47/L22 -> 0.22941176
C74: Total EBITDA margin from continuing operations | D74: =D49/D24 -> 0.33123209 | G74: =G49/G24 -> 0.33352436 | I74: =I49/I24 -> 0.33936886 | L74: =L49/L24 -> 0.33192835

Sheet Growth analysis FY
C2: Consolidated figures | D2: 2015 | E2: =+J2 -> Incidentals | G2: =+D2 -> 2015 | I2: 2014 | J2: =+'Growth analysis Q3'!E2 -> Incidentals | L2: 2014 | N2: Δ y-on-y | O2: Δ y-on-y
C3: Growth analysis - Revenues | D3: Reported | G3: Adjusted | I3: Reported | L3: Adjusted | N3: Reported | O3: Adjusted
C5: Consumer Mobile | D5: =+Revenues!D5 -> 1461 | E5: ='Growth analysis Q4'!E5+'Growth analysis Q3'!E5+'Growth analysis Q2'!E5+'Growth analysis Q1'!E5 -> 0 | G5: =+D5-E5 -> 1461 | I5: =+Revenues!J5 -> 1407 | J5: ='Growth analysis Q4'!J5+'Growth analysis Q3'!J5+'Growth analysis Q2'!J5+'Growth analysis Q1'!J5 -> 0 | L5: =+I5-J5 -> 1407 | N5: =+IFERROR(IF(D5*I5<0,"n.m.",IF(D5/I5-1>100%,">100%",D5/I5-1)),"n.m.") -> 0.038379531 | O5: =+IFERROR(IF(G5*L5<0,"n.m.",IF(G5/L5-1>100%,">100%",G5/L5-1)),"n.m.") -> 0.038379531
C6: Consumer Residential | D6: =+Revenues!D6 -> 1938 | E6: ='Growth analysis Q4'!E6+'Growth analysis Q3'!E6+'Growth analysis Q2'!E6+'Growth analysis Q1'!E6 -> 0 | G6: =+D6-E6 -> 1938 | I6: =+Revenues!J6 -> 1916 | J6: ='Growth analysis Q4'!J6+'Growth analysis Q3'!J6+'Growth analysis Q2'!J6+'Growth analysis Q1'!J6 -> 0 | L6: =+I6-J6 -> 1916 | N6: =+IFERROR(IF(D6*I6<0,"n.m.",IF(D6/I6-1>100%,">100%",D6/I6-1)),"n.m.") -> 0.011482255 | O6: =+IFERROR(IF(G6*L6<0,"n.m.",IF(G6/L6-1>100%,">100%",G6/L6-1)),"n.m.") -> 0.011482255
C7: Business | D7: =+Revenues!D7 -> 2659 | E7: ='Growth analysis Q4'!E7+'Growth analysis Q3'!E7+'Growth analysis Q2'!E7+'Growth analysis Q1'!E7 -> -10 | G7: =+D7-E7 -> 2669 | I7: =+Revenues!J7 -> 2920 | J7: ='Growth analysis Q4'!J7+'Growth analysis Q3'!J7+'Growth analysis Q2'!J7+'Growth analysis Q1'!J7 -> 10 | L7: =+I7-J7 -> 2910 | N7: =+IFERROR(IF(D7*I7<0,"n.m.",IF(D7/I7-1>100%,">100%",D7/I7-1)),"n.m.") -> -0.089383562 | O7: =+IFERROR(IF(G7*L7<0,"n.m.",IF(G7/L7-1>100%,">100%",G7/L7-1)),"n.m.") -> -0.082817869
C8: NetCo | D8: =+Revenues!D8 -> 2186 | E8: ='Growth analysis Q4'!E8+'Growth analysis Q3'!E8+'Growth analysis Q2'!E8+'Growth analysis Q1'!E8 -> 0 | G8: =+D8-E8 -> 2186 | I8: =+Revenues!J8 -> 2262 | J8: ='Growth analysis Q4'!J8+'Growth analysis Q3'!J8+'Growth analysis Q2'!J8+'Growth analysis Q1'!J8 -> 17 | L8: =+I8-J8 -> 2245 | N8: =+IFERROR(IF(D8*I8<0,"n.m.",IF(D8/I8-1>100%,">100%",D8/I8-1)),"n.m.") -> -0.033598585 | O8: =+IFERROR(IF(G8*L8<0,"n.m.",IF(G8/L8-1>100%,">100%",G8/L8-1)),"n.m.") -> -0.026280624
C9: Other (incl. eliminations) | D9: =+Revenues!D9 -> -2068 | E9: ='Growth analysis Q4'!E9+'Growth analysis Q3'!E9+'Growth analysis Q2'!E9+'Growth analysis Q1'!E9 -> 0 | G9: =+D9-E9 -> -2068 | I9: =+Revenues!J9 -> -2050 | J9: ='Growth analysis Q4'!J9+'Growth analysis Q3'!J9+'Growth analysis Q2'!J9+'Growth analysis Q1'!J9 -> 30 | L9: =+I9-J9 -> -2080 | N9: =+IFERROR(IF(D9*I9<0,"n.m.",IF(D9/I9-1>100%,">100%",D9/I9-1)),"n.m.") -> 0.0087804878 | O9: =+IFERROR(IF(G9*L9<0,"n.m.",IF(G9/L9-1>100%,">100%",G9/L9-1)),"n.m.") -> -0.0057692308
C10: The Netherlands | D10: =+Revenues!D10 -> 6176 | E10: ='Growth analysis Q4'!E10+'Growth analysis Q3'!E10+'Growth analysis Q2'!E10+'Growth analysis Q1'!E10 -> -10 | G10: =+D10-E10 -> 6186 | I10: =+Revenues!J10 -> 6455 | J10: ='Growth analysis Q4'!J10+'Growth analysis Q3'!J10+'Growth analysis Q2'!J10+'Growth analysis Q1'!J10 -> 57 | L10: =+I10-J10 -> 6398 | N10: =+IFERROR(IF(D10*I10<0,"n.m.",IF(D10/I10-1>100%,">100%",D10/I10-1)),"n.m.") -> -0.043222308 | O10: =+IFERROR(IF(G10*L10<0,"n.m.",IF(G10/L10-1>100%,">100%",G10/L10-1)),"n.m.") -> -0.033135355
C12: iBasis | D12: =+Revenues!D12 -> 920 | E12: ='Growth analysis Q4'!E12+'Growth analysis Q3'!E12+'Growth analysis Q2'!E12+'Growth analysis Q1'!E12 -> 0 | G12: =+D12-E12 -> 920 | I12: =+Revenues!J12 -> 948 | J12: ='Growth analysis Q4'!J12+'Growth analysis Q3'!J12+'Growth analysis Q2'!J12+'Growth analysis Q1'!J12 -> 0 | L12: =+I12-J12 -> 948 | N12: =+IFERROR(IF(D12*I12<0,"n.m.",IF(D12/I12-1>100%,">100%",D12/I12-1)),"n.m.") -> -0.029535865 | O12: =+IFERROR(IF(G12*L12<0,"n.m.",IF(G12/L12-1>100%,">100%",G12/L12-1)),"n.m.") -> -0.029535865
C14: Belgium (discontinued operations) | D14: =+Revenues!D14 -> 748 | E14: ='Growth analysis Q4'!E14+'Growth analysis Q3'!E14+'Growth analysis Q2'!E14+'Growth analysis Q1'!E14 -> 66 | G14: =+D14-E14 -> 682 | I14: =+Revenues!J14 -> 711 | J14: ='Growth analysis Q4'!J14+'Growth analysis Q3'!J14+'Growth analysis Q2'!J14+'Growth analysis Q1'!J14 -> 2 | L14: =+I14-J14 -> 709 | N14: =+IFERROR(IF(D14*I14<0,"n.m.",IF(D14/I14-1>100%,">100%",D14/I14-1)),"n.m.") -> 0.052039381 | O14: =+IFERROR(IF(G14*L14<0,"n.m.",IF(G14/L14-1>100%,">100%",G14/L14-1)),"n.m.") -> -0.038081805
C16: Other activities | D16: =+Revenues!D16 -> 37 | E16: ='Growth analysis Q4'!E16+'Growth analysis Q3'!E16+'Growth analysis Q2'!E16+'Growth analysis Q1'!E16 -> 0 | G16: =+D16-E16 -> 37 | I16: =+Revenues!J16 -> 186 | J16: ='Growth analysis Q4'!J16+'Growth analysis Q3'!J16+'Growth analysis Q2'!J16+'Growth analysis Q1'!J16 -> 0 | L16: =+I16-J16 -> 186 | N16: =+IFERROR(IF(D16*I16<0,"n.m.",IF(D16/I16-1>100%,">100%",D16/I16-1)),"n.m.") -> -0.80107527 | O16: =+IFERROR(IF(G16*L16<0,"n.m.",IF(G16/L16-1>100%,">100%",G16/L16-1)),"n.m.") -> -0.80107527
C18: Intercompany revenues | D18: =+Revenues!D18 -> -157 | E18: ='Growth analysis Q4'!E18+'Growth analysis Q3'!E18+'Growth analysis Q2'!E18+'Growth analysis Q1'!E18 -> 0 | G18: =+D18-E18 -> -157 | I18: =+Revenues!J18 -> -217 | J18: ='Growth analysis Q4'!J18+'Growth analysis Q3'!J18+'Growth analysis Q2'!J18+'Growth analysis Q1'!J18 -> 0 | L18: =+I18-J18 -> -217 | N18: =+IFERROR(IF(D18*I18<0,"n.m.",IF(D18/I18-1>100%,">100%",D18/I18-1)),"n.m.") -> -0.2764977 | O18: =+IFERROR(IF(G18*L18<0,"n.m.",IF(G18/L18-1>100%,">100%",G18/L18-1)),"n.m.") -> -0.2764977
C20: Total revenues (incl. discontinued operations) | D20: =+Revenues!D20 -> 7724 | E20: ='Growth analysis Q4'!E20+'Growth analysis Q3'!E20+'Growth analysis Q2'!E20+'Growth analysis Q1'!E20 -> 56 | G20: =+D20-E20 -> 7668 | I20: =+Revenues!J20 -> 8083 | J20: ='Growth analysis Q4'!J20+'Growth analysis Q3'!J20+'Growth analysis Q2'!J20+'Growth analysis Q1'!J20 -> 59 | L20: =+I20-J20 -> 8024 | N20: =+IFERROR(IF(D20*I20<0,"n.m.",IF(D20/I20-1>100%,">100%",D20/I20-1)),"n.m.") -> -0.044414203 | O20: =+IFERROR(IF(G20*L20<0,"n.m.",IF(G20/L20-1>100%,">100%",G20/L20-1)),"n.m.") -> -0.044366899
C22: Of which discontinued operations | D22: =+Revenues!D22 -> 716 | E22: ='Growth analysis Q4'!E22+'Growth analysis Q3'!E22+'Growth analysis Q2'!E22+'Growth analysis Q1'!E22 -> 66 | G22: =+D22-E22 -> 650 | I22: =+Revenues!J22 -> 674 | J22: ='Growth analysis Q4'!J22+'Growth analysis Q3'!J22+'Growth analysis Q2'!J22+'Growth analysis Q1'!J22 -> 2 | L22: =+I22-J22 -> 672 | N22: =+IFERROR(IF(D22*I22<0,"n.m.",IF(D22/I22-1>100%,">100%",D22/I22-1)),"n.m.") -> 0.06231454 | O22: =+IFERROR(IF(G22*L22<0,"n.m.",IF(G22/L22-1>100%,">100%",G22/L22-1)),"n.m.") -> -0.032738095
C24: Total revenues from continuing operations | D24: =+Revenues!D24 -> 7008 | E24: ='Growth analysis Q4'!E24+'Growth analysis Q3'!E24+'Growth analysis Q2'!E24+'Growth analysis Q1'!E24 -> -10 | G24: =+D24-E24 -> 7018 | I24: =+Revenues!J24 -> 7409 | J24: ='Growth analysis Q4'!J24+'Growth analysis Q3'!J24+'Growth analysis Q2'!J24+'Growth analysis Q1'!J24 -> 57 | L24: =+I24-J24 -> 7352 | N24: =+IFERROR(IF(D24*I24<0,"n.m.",IF(D24/I24-1>100%,">100%",D24/I24-1)),"n.m.") -> -0.054123363 | O24: =+IFERROR(IF(G24*L24<0,"n.m.",IF(G24/L24-1>100%,">100%",G24/L24-1)),"n.m.") -> -0.045429815
C29: Consolidated figures | D29: =+D2 -> 2015 | E29: =+'Growth analysis Q3'!E2 -> Incidentals | F29: Restructuring | G29: =+G2 -> 2015 | I29: =+I2 -> 2014 | J29: =+J2 -> Incidentals | K29: Restructuring | L29: =+L2 -> 2014 | N29: Δ y-on-y | O29: Δ y-on-y
C30: Growth analysis - EBITDA | D30: Reported | G30: Adjusted | I30: Reported | L30: Adjusted | N30: Reported | O30: Adjusted
C32: Consumer Mobile | D32: =+'Profit & Margin'!D5 -> 272 | E32: ='Growth analysis Q4'!E32+'Growth analysis Q3'!E32+'Growth analysis Q1'!E32+'Growth analysis Q2'!E32 -> 0 | F32: =+'Growth analysis Q4'!F32+'Growth analysis Q3'!F32+'Growth analysis Q1'!F32+'Growth analysis Q2'!F32 -> -10 | G32: =+D32-E32-F32 -> 282 | I32: =+'Profit & Margin'!J5 -> 191 | J32: =+'Growth analysis Q4'!J32+'Growth analysis Q3'!J32+'Growth analysis Q2'!J32+'Growth analysis Q1'!J32 -> 0 | K32: =+'Growth analysis Q4'!K32+'Growth analysis Q3'!K32+'Growth analysis Q2'!K32+'Growth analysis Q1'!K32 -> -1 | L32: =+I32-J32-K32 -> 192 | N32: =+IFERROR(IF(D32*I32<0,"n.m.",IF(D32/I32-1>100%,">100%",D32/I32-1)),"n.m.") -> 0.42408377 | O32: =+IFERROR(IF(G32*L32<0,"n.m.",IF(G32/L32-1>100%,">100%",G32/L32-1)),"n.m.") -> 0.46875
C33: Consumer Residential | D33: =+'Profit & Margin'!D6 -> 415 | E33: ='Growth analysis Q4'!E33+'Growth analysis Q3'!E33+'Growth analysis Q1'!E33+'Growth analysis Q2'!E33 -> 0 | F33: =+'Growth analysis Q4'!F33+'Growth analysis Q3'!F33+'Growth analysis Q1'!F33+'Growth analysis Q2'!F33 -> -4 | G33: =+D33-E33-F33 -> 419 | I33: =+'Profit & Margin'!J6 -> 404 | J33: =+'Growth analysis Q4'!J33+'Growth analysis Q3'!J33+'Growth analysis Q2'!J33+'Growth analysis Q1'!J33 -> 0 | K33: =+'Growth analysis Q4'!K33+'Growth analysis Q3'!K33+'Growth analysis Q2'!K33+'Growth analysis Q1'!K33 -> -8 | L33: =+I33-J33-K33 -> 412 | N33: =+IFERROR(IF(D33*I33<0,"n.m.",IF(D33/I33-1>100%,">100%",D33/I33-1)),"n.m.") -> 0.027227723 | O33: =+IFERROR(IF(G33*L33<0,"n.m.",IF(G33/L33-1>100%,">100%",G33/L33-1)),"n.m.") -> 0.016990291
C34: Business | D34: =+'Profit & Margin'!D7 -> 439 | E34: ='Growth analysis Q4'!E34+'Growth analysis Q3'!E34+'Growth analysis Q1'!E34+'Growth analysis Q2'!E34 -> -11 | F34: =+'Growth analysis Q4'!F34+'Growth analysis Q3'!F34+'Growth analysis Q1'!F34+'Growth analysis Q2'!F34 -> -39 | G34: =+D34-E34-F34 -> 489 | I34: =+'Profit & Margin'!J7 -> 590 | J34: =+'Growth analysis Q4'!J34+'Growth analysis Q3'!J34+'Growth analysis Q2'!J34+'Growth analysis Q1'!J34 -> 10 | K34: =+'Growth analysis Q4'!K34+'Growth analysis Q3'!K34+'Growth analysis Q2'!K34+'Growth analysis Q1'!K34 -> -26 | L34: =+I34-J34-K34 -> 606 | N34: =+IFERROR(IF(D34*I34<0,"n.m.",IF(D34/I34-1>100%,">100%",D34/I34-1)),"n.m.") -> -0.2559322 | O34: =+IFERROR(IF(G34*L34<0,"n.m.",IF(G34/L34-1>100%,">100%",G34/L34-1)),"n.m.") -> -0.19306931
C35: NetCo | D35: =+'Profit & Margin'!D8 -> 1283 | E35: ='Growth analysis Q4'!E35+'Growth analysis Q3'!E35+'Growth analysis Q1'!E35+'Growth analysis Q2'!E35 -> 6 | F35: =+'Growth analysis Q4'!F35+'Growth analysis Q3'!F35+'Growth analysis Q1'!F35+'Growth analysis Q2'!F35 -> -14 | G35: =+D35-E35-F35 -> 1291 | I35: =+'Profit & Margin'!J8 -> 1241 | J35: =+'Growth analysis Q4'!J35+'Growth analysis Q3'!J35+'Growth analysis Q2'!J35+'Growth analysis Q1'!J35 -> 17 | K35: =+'Growth analysis Q4'!K35+'Growth analysis Q3'!K35+'Growth analysis Q2'!K35+'Growth analysis Q1'!K35 -> -4 | L35: =+I35-J35-K35 -> 1228 | N35: =+IFERROR(IF(D35*I35<0,"n.m.",IF(D35/I35-1>100%,">100%",D35/I35-1)),"n.m.") -> 0.033843674 | O35: =+IFERROR(IF(G35*L35<0,"n.m.",IF(G35/L35-1>100%,">100%",G35/L35-1)),"n.m.") -> 0.051302932
C36: Other (incl. eliminations) | D36: =+'Profit & Margin'!D9 -> -42 | E36: ='Growth analysis Q4'!E36+'Growth analysis Q3'!E36+'Growth analysis Q1'!E36+'Growth analysis Q2'!E36 -> 0 | F36: =+'Growth analysis Q4'!F36+'Growth analysis Q3'!F36+'Growth analysis Q1'!F36+'Growth analysis Q2'!F36 -> -8 | G36: =+D36-E36-F36 -> -34 | I36: =+'Profit & Margin'!J9 -> 24 | J36: =+'Growth analysis Q4'!J36+'Growth analysis Q3'!J36+'Growth analysis Q2'!J36+'Growth analysis Q1'!J36 -> 30 | K36: =+'Growth analysis Q4'!K36+'Growth analysis Q3'!K36+'Growth analysis Q2'!K36+'Growth analysis Q1'!K36 -> -15 | L36: =+I36-J36-K36 -> 9 | N36: =+IFERROR(IF(D36*I36<0,"n.m.",IF(D36/I36-1>100%,">100%",D36/I36-1)),"n.m.") -> n.m. | O36: =+IFERROR(IF(G36*L36<0,"n.m.",IF(G36/L36-1>100%,">100%",G36/L36-1)),"n.m.") -> n.m.
C37: The Netherlands | D37: =+'Profit & Margin'!D10 -> 2367 | E37: ='Growth analysis Q4'!E37+'Growth analysis Q3'!E37+'Growth analysis Q1'!E37+'Growth analysis Q2'!E37 -> -5 | F37: =+'Growth analysis Q4'!F37+'Growth analysis Q3'!F37+'Growth analysis Q1'!F37+'Growth analysis Q2'!F37 -> -75 | G37: =+D37-E37-F37 -> 2447 | I37: =+'Profit & Margin'!J10 -> 2450 | J37: =+'Growth analysis Q4'!J37+'Growth analysis Q3'!J37+'Growth analysis Q2'!J37+'Growth analysis Q1'!J37 -> 57 | K37: =+'Growth analysis Q4'!K37+'Growth analysis Q3'!K37+'Growth analysis Q2'!K37+'Growth analysis Q1'!K37 -> -54 | L37: =+I37-J37-K37 -> 2447 | N37: =+IFERROR(IF(D37*I37<0,"n.m.",IF(D37/I37-1>100%,">100%",D37/I37-1)),"n.m.") -> -0.033877551 | O37: =+IFERROR(IF(G37*L37<0,"n.m.",IF(G37/L37-1>100%,">100%",G37/L37-1)),"n.m.") -> 0
C39: iBasis | D39: =+'Profit & Margin'!D12 -> 23 | E39: ='Growth analysis Q4'!E39+'Growth analysis Q3'!E39+'Growth analysis Q1'!E39+'Growth analysis Q2'!E39 -> 0 | F39: =+'Growth analysis Q4'!F39+'Growth analysis Q3'!F39+'Growth analysis Q1'!F39+'Growth analysis Q2'!F39 -> 0 | G39: =+D39-E39-F39 -> 23 | I39: =+'Profit & Margin'!J12 -> 23 | J39: =+'Growth analysis Q4'!J39+'Growth analysis Q3'!J39+'Growth analysis Q2'!J39+'Growth analysis Q1'!J39 -> 0 | K39: =+'Growth analysis Q4'!K39+'Growth analysis Q3'!K39+'Growth analysis Q2'!K39+'Growth analysis Q1'!K39 -> 0 | L39: =+I39-J39-K39 -> 23 | N39: =+IFERROR(IF(D39*I39<0,"n.m.",IF(D39/I39-1>100%,">100%",D39/I39-1)),"n.m.") -> 0 | O39: =+IFERROR(IF(G39*L39<0,"n.m.",IF(G39/L39-1>100%,">100%",G39/L39-1)),"n.m.") -> 0
C41: Belgium (discontinued operations) | D41: =+'Profit & Margin'!D14 -> 262 | E41: ='Growth analysis Q4'!E41+'Growth analysis Q3'!E41+'Growth analysis Q1'!E41+'Growth analysis Q2'!E41 -> 93 | F41: =+'Growth analysis Q4'!F41+'Growth analysis Q3'!F41+'Growth analysis Q1'!F41+'Growth analysis Q2'!F41 -> -1 | G41: =+D41-E41-F41 -> 170 | I41: =+'Profit & Margin'!J14 -> 149 | J41: =+'Growth analysis Q4'!J41+'Growth analysis Q3'!J41+'Growth analysis Q2'!J41+'Growth analysis Q1'!J41 -> -3 | K41: =+'Growth analysis Q4'!K41+'Growth analysis Q3'!K41+'Growth analysis Q2'!K41+'Growth analysis Q1'!K41 -> -4 | L41: =+I41-J41-K41 -> 156 | N41: =+IFERROR(IF(D41*I41<0,"n.m.",IF(D41/I41-1>100%,">100%",D41/I41-1)),"n.m.") -> 0.75838926 | O41: =+IFERROR(IF(G41*L41<0,"n.m.",IF(G41/L41-1>100%,">100%",G41/L41-1)),"n.m.") -> 0.08974359
C43: Other activities | D43: =+'Profit & Margin'!D16 -> -64 | E43: ='Growth analysis Q4'!E43+'Growth analysis Q3'!E43+'Growth analysis Q1'!E43+'Growth analysis Q2'!E43 -> 10 | F43: =+'Growth analysis Q4'!F43+'Growth analysis Q3'!F43+'Growth analysis Q1'!F43+'Growth analysis Q2'!F43 -> -25 | G43: =+D43-E43-F43 -> -49 | I43: =+'Profit & Margin'!J16 -> 393 | J43: =+'Growth analysis Q4'!J43+'Growth analysis Q3'!J43+'Growth analysis Q2'!J43+'Growth analysis Q1'!J43 -> 472 | K43: =+'Growth analysis Q4'!K43+'Growth analysis Q3'!K43+'Growth analysis Q2'!K43+'Growth analysis Q1'!K43 -> -26 | L43: =+I43-J43-K43 -> -53 | N43: =+IFERROR(IF(D43*I43<0,"n.m.",IF(D43/I43-1>100%,">100%",D43/I43-1)),"n.m.") -> n.m. | O43: =+IFERROR(IF(G43*L43<0,"n.m.",IF(G43/L43-1>100%,">100%",G43/L43-1)),"n.m.") -> -0.075471698
C45: Total EBITDA (incl. discontinued operations) | D45: =+'Profit & Margin'!D18 -> 2588 | E45: ='Growth analysis Q4'!E45+'Growth analysis Q3'!E45+'Growth analysis Q1'!E45+'Growth analysis Q2'!E45 -> 98 | F45: =+'Growth analysis Q4'!F45+'Growth analysis Q3'!F45+'Growth analysis Q1'!F45+'Growth analysis Q2'!F45 -> -101 | G45: =+D45-E45-F45 -> 2591 | I45: =+'Profit & Margin'!J18 -> 3015 | J45: =+'Growth analysis Q4'!J45+'Growth analysis Q3'!J45+'Growth analysis Q2'!J45+'Growth analysis Q1'!J45 -> 526 | K45: =+'Growth analysis Q4'!K45+'Growth analysis Q3'!K45+'Growth analysis Q2'!K45+'Growth analysis Q1'!K45 -> -84 | L45: =+I45-J45-K45 -> 2573 | N45: =+IFERROR(IF(D45*I45<0,"n.m.",IF(D45/I45-1>100%,">100%",D45/I45-1)),"n.m.") -> -0.14162521 | O45: =+IFERROR(IF(G45*L45<0,"n.m.",IF(G45/L45-1>100%,">100%",G45/L45-1)),"n.m.") -> 0.0069957248
C47: Of which discontinued operations | D47: =+'Profit & Margin'!D20 -> 264 | E47: ='Growth analysis Q4'!E47+'Growth analysis Q3'!E47+'Growth analysis Q1'!E47+'Growth analysis Q2'!E47 -> 93 | F47: =+'Growth analysis Q4'!F47+'Growth analysis Q3'!F47+'Growth analysis Q1'!F47+'Growth analysis Q2'!F47 -> -1 | G47: =+D47-E47-F47 -> 172 | I47: =+'Profit & Margin'!J20 -> 149 | J47: =+'Growth analysis Q4'!J47+'Growth analysis Q3'!J47+'Growth analysis Q2'!J47+'Growth analysis Q1'!J47 -> -3 | K47: =+'Growth analysis Q4'!K47+'Growth analysis Q3'!K47+'Growth analysis Q2'!K47+'Growth analysis Q1'!K47 -> -4 | L47: =+I47-J47-K47 -> 156 | N47: =+IFERROR(IF(D47*I47<0,"n.m.",IF(D47/I47-1>100%,">100%",D47/I47-1)),"n.m.") -> 0.77181208 | O47: =+IFERROR(IF(G47*L47<0,"n.m.",IF(G47/L47-1>100%,">100%",G47/L47-1)),"n.m.") -> 0.1025641
C49: Total EBITDA from continuing operations | D49: =+'Profit & Margin'!D22 -> 2324 | E49: ='Growth analysis Q4'!E49+'Growth analysis Q3'!E49+'Growth analysis Q1'!E49+'Growth analysis Q2'!E49 -> 5 | F49: =+'Growth analysis Q4'!F49+'Growth analysis Q3'!F49+'Growth analysis Q1'!F49+'Growth analysis Q2'!F49 -> -100 | G49: =+D49-E49-F49 -> 2419 | I49: =+'Profit & Margin'!J22 -> 2866 | J49: =+'Growth analysis Q4'!J49+'Growth analysis Q3'!J49+'Growth analysis Q2'!J49+'Growth analysis Q1'!J49 -> 529 | K49: =+'Growth analysis Q4'!K49+'Growth analysis Q3'!K49+'Growth analysis Q2'!K49+'Growth analysis Q1'!K49 -> -80 | L49: =+I49-J49-K49 -> 2417 | N49: =+IFERROR(IF(D49*I49<0,"n.m.",IF(D49/I49-1>100%,">100%",D49/I49-1)),"n.m.") -> -0.18911375 | O49: =+IFERROR(IF(G49*L49<0,"n.m.",IF(G49/L49-1>100%,">100%",G49/L49-1)),"n.m.") -> 0.00082747207
C54: Consolidated figures | D54: =+D29 -> 2015 | G54: =+G29 -> 2015 | I54: =+I29 -> 2014 | L54: =+L29 -> 2014
C55: Growth analysis - EBITDA margin | D55: Reported | G55: Adjusted | I55: Reported | L55: Adjusted
C57: Consumer Mobile | D57: =D32/D5 -> 0.18617385 | G57: =G32/G5 -> 0.19301848 | I57: =I32/I5 -> 0.13574982 | L57: =L32/L5 -> 0.13646055
C58: Consumer Residential | D58: =D33/D6 -> 0.21413829 | G58: =G33/G6 -> 0.21620227 | I58: =I33/I6 -> 0.21085595 | L58: =L33/L6 -> 0.21503132
C59: Business | D59: =D34/D7 -> 0.16509966 | G59: =G34/G7 -> 0.18321469 | I59: =I34/I7 -> 0.20205479 | L59: =L34/L7 -> 0.20824742
C60: NetCo | D60: =D35/D8 -> 0.58691674 | G60: =G35/G8 -> 0.5905764 | I60: =I35/I8 -> 0.54862953 | L60: =L35/L8 -> 0.54699332
C61: Other (incl. eliminations) | D61: =D36/D9 -> 0.020309478 | G61: =G36/G9 -> 0.016441006 | I61: =I36/I9 -> -0.011707317 | L61: =L36/L9 -> -0.0043269231
C62: The Netherlands | D62: =D37/D10 -> 0.38325777 | G62: =G37/G10 -> 0.39557064 | I62: =I37/I10 -> 0.37955074 | L62: =L37/L10 -> 0.38246327
C64: iBasis | D64: =D39/D12 -> 0.025 | G64: =G39/G12 -> 0.025 | I64: =I39/I12 -> 0.024261603 | L64: =L39/L12 -> 0.024261603
C66: Belgium (discontinued operations) | D66: =D41/D14 -> 0.35026738 | G66: =G41/G14 -> 0.24926686 | I66: =I41/I14 -> 0.20956399 | L66: =L41/L14 -> 0.22002821
C68: Other activities | D68: =D43/D16 -> -1.7297297 | G68: =G43/G16 -> -1.3243243 | I68: =I43/I16 -> 2.1129032 | L68: =L43/L16 -> -0.28494624
C70: Total EBITDA margin (incl. discontinued operations) | D70: =D45/D20 -> 0.33505955 | G70: =G45/G20 -> 0.33789776 | I70: =I45/I20 -> 0.37300507 | L70: =L45/L20 -> 0.32066301
C72: EBITDA margin (reported) from discontinued operations | D72: =D47/D22 -> 0.36871508 | G72: =G47/G22 -> 0.26461538 | I72: =I47/I22 -> 0.22106825 | L72: =L47/L22 -> 0.23214286
C74: Total EBITDA margin from continuing operations | D74: =D49/D24 -> 0.331621 | G74: =G49/G24 -> 0.3446851 | I74: =I49/I24 -> 0.38682683 | L74: =L49/L24 -> 0.32875408

Sheet Growth analysis Q1
C2: Consolidated figures | D2: Q1 2015 | E2: =+J2 -> Incidentals | G2: =+D2 -> Q1 2015 | I2: Q1 2014 | J2: =+'Growth analysis Q3'!E2 -> Incidentals | L2: =+I2 -> Q1 2014 | N2: Δ y-on-y | O2: Δ y-on-y
C3: Growth analysis - Revenues | D3: Reported | G3: Adjusted | I3: Reported | L3: Adjusted | N3: Reported | O3: Adjusted
C5: Consumer Mobile | D5: =+Revenues!H5 -> 344 | E5: 0 | G5: =+D5-E5 -> 344 | I5: =Revenues!N5 -> 347 | J5: 0 | L5: =+I5-J5 -> 347 | N5: =+IFERROR(IF(D5*I5<0,"n.m.",IF(D5/I5-1>100%,">100%",D5/I5-1)),"n.m.") -> -0.0086455331 | O5: =+IFERROR(IF(G5*L5<0,"n.m.",IF(G5/L5-1>100%,">100%",G5/L5-1)),"n.m.") -> -0.0086455331
C6: Consumer Residential | D6: =+Revenues!H6 -> 483 | E6: 0 | G6: =+D6-E6 -> 483 | I6: =Revenues!N6 -> 483 | J6: 0 | L6: =+I6-J6 -> 483 | N6: =+IFERROR(IF(D6*I6<0,"n.m.",IF(D6/I6-1>100%,">100%",D6/I6-1)),"n.m.") -> 0 | O6: =+IFERROR(IF(G6*L6<0,"n.m.",IF(G6/L6-1>100%,">100%",G6/L6-1)),"n.m.") -> 0
C7: Business | D7: =+Revenues!H7 -> 680 | E7: 0 | G7: =+D7-E7 -> 680 | I7: =Revenues!N7 -> 730 | J7: 0 | L7: =+I7-J7 -> 730 | N7: =+IFERROR(IF(D7*I7<0,"n.m.",IF(D7/I7-1>100%,">100%",D7/I7-1)),"n.m.") -> -0.068493151 | O7: =+IFERROR(IF(G7*L7<0,"n.m.",IF(G7/L7-1>100%,">100%",G7/L7-1)),"n.m.") -> -0.068493151
C8: NetCo | D8: =+Revenues!H8 -> 547 | E8: 0 | G8: =+D8-E8 -> 547 | I8: =Revenues!N8 -> 569 | J8: 7 | L8: =+I8-J8 -> 562 | N8: =+IFERROR(IF(D8*I8<0,"n.m.",IF(D8/I8-1>100%,">100%",D8/I8-1)),"n.m.") -> -0.038664323 | O8: =+IFERROR(IF(G8*L8<0,"n.m.",IF(G8/L8-1>100%,">100%",G8/L8-1)),"n.m.") -> -0.026690391
C9: Other (incl. eliminations) | D9: =+Revenues!H9 -> -517 | E9: 0 | G9: =+D9-E9 -> -517 | I9: =Revenues!N9 -> -531 | J9: 0 | L9: =+I9-J9 -> -531 | N9: =+IFERROR(IF(D9*I9<0,"n.m.",IF(D9/I9-1>100%,">100%",D9/I9-1)),"n.m.") -> -0.026365348 | O9: =+IFERROR(IF(G9*L9<0,"n.m.",IF(G9/L9-1>100%,">100%",G9/L9-1)),"n.m.") -> -0.026365348
C10: The Netherlands | D10: =+Revenues!H10 -> 1537 | E10: =E5+E6+E7+E8+E9 -> 0 | G10: =+D10-E10 -> 1537 | I10: 1598 | J10: =J5+J6+J7+J8+J9 -> 7 | L10: =+I10-J10 -> 1591 | N10: =+IFERROR(IF(D10*I10<0,"n.m.",IF(D10/I10-1>100%,">100%",D10/I10-1)),"n.m.") -> -0.038172716 | O10: =+IFERROR(IF(G10*L10<0,"n.m.",IF(G10/L10-1>100%,">100%",G10/L10-1)),"n.m.") -> -0.033940918
C12: iBasis | D12: =+Revenues!H12 -> 227 | E12: 0 | G12: =+D12-E12 -> 227 | I12: =Revenues!N12 -> 226 | J12: 0 | L12: =+I12-J12 -> 226 | N12: =+IFERROR(IF(D12*I12<0,"n.m.",IF(D12/I12-1>100%,">100%",D12/I12-1)),"n.m.") -> 0.0044247788 | O12: =+IFERROR(IF(G12*L12<0,"n.m.",IF(G12/L12-1>100%,">100%",G12/L12-1)),"n.m.") -> 0.0044247788
C14: Belgium (discontinued operations) | D14: =+Revenues!H14 -> 169 | E14: 0 | G14: =+D14-E14 -> 169 | I14: =Revenues!N14 -> 177 | J14: 0 | L14: =+I14-J14 -> 177 | N14: =+IFERROR(IF(D14*I14<0,"n.m.",IF(D14/I14-1>100%,">100%",D14/I14-1)),"n.m.") -> -0.04519774 | O14: =+IFERROR(IF(G14*L14<0,"n.m.",IF(G14/L14-1>100%,">100%",G14/L14-1)),"n.m.") -> -0.04519774
C16: Other activities | D16: =+Revenues!H16 -> 26 | E16: 0 | G16: =+D16-E16 -> 26 | I16: =Revenues!N16 -> 50 | J16: 0 | L16: =+I16-J16 -> 50 | N16: =+IFERROR(IF(D16*I16<0,"n.m.",IF(D16/I16-1>100%,">100%",D16/I16-1)),"n.m.") -> -0.48 | O16: =+IFERROR(IF(G16*L16<0,"n.m.",IF(G16/L16-1>100%,">100%",G16/L16-1)),"n.m.") -> -0.48
C18: Intercompany revenues | D18: =+Revenues!H18 -> -40 | E18: 0 | G18: =+D18-E18 -> -40 | I18: =Revenues!N18 -> -55 | J18: 0 | L18: =+I18-J18 -> -55 | N18: =+IFERROR(IF(D18*I18<0,"n.m.",IF(D18/I18-1>100%,">100%",D18/I18-1)),"n.m.") -> -0.27272727 | O18: =+IFERROR(IF(G18*L18<0,"n.m.",IF(G18/L18-1>100%,">100%",G18/L18-1)),"n.m.") -> -0.27272727
C20: Total revenues (incl. discontinued operations) | D20: =+Revenues!H20 -> 1919 | E20: =+E12+E10+E16+E18+E14 -> 0 | G20: =+D20-E20 -> 1919 | I20: =Revenues!N20 -> 1996 | J20: =+J12+J10+J16+J18+J14 -> 7 | L20: =+I20-J20 -> 1989 | N20: =+IFERROR(IF(D20*I20<0,"n.m.",IF(D20/I20-1>100%,">100%",D20/I20-1)),"n.m.") -> -0.038577154 | O20: =+IFERROR(IF(G20*L20<0,"n.m.",IF(G20/L20-1>100%,">100%",G20/L20-1)),"n.m.") -> -0.035193565
C22: Of which discontinued operations | D22: =+Revenues!H22 -> 161 | E22: 0 | G22: =+D22-E22 -> 161 | I22: =Revenues!N22 -> 166 | J22: 0 | L22: =+I22-J22 -> 166 | N22: =+IFERROR(IF(D22*I22<0,"n.m.",IF(D22/I22-1>100%,">100%",D22/I22-1)),"n.m.") -> -0.030120482 | O22: =+IFERROR(IF(G22*L22<0,"n.m.",IF(G22/L22-1>100%,">100%",G22/L22-1)),"n.m.") -> -0.030120482
